Workbook

Sheet Capa
A1: Contrato de Gestão
A2: nº14.2025
A3: Secretaria de Estado de Justiça e Segurança Pública - SEJUSP e Instituto Jurídico para Efetivação da Cidadania e Saúde - Avante Social
A5: 4º Relatório Gerencial Financeiro
A6: Período Avaliatório
A7: 45931
A8: a
A9: 46022
A12: Relatório Gerencial Financeiro | Belo Horizonte | Versão 4.1 | dezembro | 2024 |
A15: Termo de Parceria
A16: Contrato de Gestão
A17: =IF($A$1=$A$15,C17,B17) -> 1º Relatório Gerencial Financeiro | B17: 1º Relatório Gerencial Financeiro | C17: 1º Relatório Financeiro
A18: =IF($A$1=$A$15,C18,B18) -> 2º Relatório Gerencial Financeiro | B18: 2º Relatório Gerencial Financeiro | C18: 2º Relatório Financeiro
A19: =IF($A$1=$A$15,C19,B19) -> 3º Relatório Gerencial Financeiro | B19: 3º Relatório Gerencial Financeiro | C19: 3º Relatório Financeiro
A20: =IF($A$1=$A$15,C20,B20) -> 4º Relatório Gerencial Financeiro | B20: 4º Relatório Gerencial Financeiro | C20: 4º Relatório Financeiro
A21: =IF($A$1=$A$15,C21,B21) -> 5º Relatório Gerencial Financeiro | B21: 5º Relatório Gerencial Financeiro | C21: 5º Relatório Financeiro
A22: =IF($A$1=$A$15,C22,B22) -> 6º Relatório Gerencial Financeiro | B22: 6º Relatório Gerencial Financeiro | C22: 6º Relatório Financeiro
A23: =IF($A$1=$A$15,C23,B23) -> 7º Relatório Gerencial Financeiro | B23: 7º Relatório Gerencial Financeiro | C23: 7º Relatório Financeiro
A24: =IF($A$1=$A$15,C24,B24) -> 8º Relatório Gerencial Financeiro | B24: 8º Relatório Gerencial Financeiro | C24: 8º Relatório Financeiro
A25: =IF($A$1=$A$15,C25,B25) -> 9º Relatório Gerencial Financeiro | B25: 9º Relatório Gerencial Financeiro | C25: 9º Relatório Financeiro
A26: =IF($A$1=$A$15,C26,B26) -> 10º Relatório Gerencial Financeiro | B26: 10º Relatório Gerencial Financeiro | C26: 10º Relatório Financeiro
A27: =IF($A$1=$A$15,C27,B27) -> 11º Relatório Gerencial Financeiro | B27: 11º Relatório Gerencial Financeiro | C27: 11º Relatório Financeiro
A28: =IF($A$1=$A$15,C28,B28) -> 12º Relatório Gerencial Financeiro | B28: 12º Relatório Gerencial Financeiro | C28: 12º Relatório Financeiro
... A60: =IF($A$1=$A$15,C60,B60) -> 40º Relatório Gerencial Financeiro | B60: 40º Relatório Gerencial Financeiro | C60: 40º Relatório Financeiro
A61: =IF($A$1=$A$15,C61,B61) | B61: ="" | C61: Relatório Financeiro 2018
A62: =IF($A$1=$A$15,C62,B62) | B62: ="" | C62: Relatório Financeiro 2019
A63: =IF($A$1=$A$15,C63,B63) | B63: ="" | C63: Relatório Financeiro 2020
A64: =IF($A$1=$A$15,C64,B64) | B64: ="" | C64: Relatório Financeiro 2021
A65: =IF($A$1=$A$15,C65,B65) | B65: ="" | C65: Relatório Financeiro 2022
A66: =IF($A$1=$A$15,C66,B66) | B66: ="" | C66: Relatório Financeiro 2023
A67: =IF($A$1=$A$15,C67,B67) | B67: ="" | C67: Relatório Financeiro 2024
A70: =A1&" "&A2&" - "&A3 -> Contrato de Gestão nº14.2025 - Secretaria de Estado de Justiça e Segurança Pública - SEJUSP e Instituto Jurídico para Efetivação da Cidadania e Saúde - Avante Social

Sheet Resumo
A1: =Capa!A70 -> Contrato de Gestão nº14.2025 - Secretaria de Estado de Justiça e Segurança Pública - SEJUSP e Instituto Jurídico para Efetivação da Cidadania e Saúde - Avante Social
A2: =Capa!A5 -> 4º Relatório Gerencial Financeiro
A3: Tabela 1 - Resumo das Movimentações Financeiras no Período em Regime de Caixa
C4: =IF(Capa!A7="dd/mm/aaaa",DATEVALUE("01/01/2025"),DATE(YEAR(Capa!A7),1,1)) -> 45658 | D4: =EDATE(C4,1) -> 45689 | E4: =EDATE(D4,1) -> 45717 | F4: =EDATE(E4,1) -> 45748 | G4: =EDATE(F4,1) -> 45778 | H4: =EDATE(G4,1) -> 45809 | I4: =EDATE(H4,1) -> 45839 | J4: =EDATE(I4,1) -> 45870 | K4: =EDATE(J4,1) -> 45901 | ... N4: =EDATE(M4,1) -> 45992
A5: (T) | B5: Transporte de Saldo Financeiro Anterior | C5: 0 | D5: ='Analítico Cx.'!D5 -> 0 | E5: 0 | F5: ='Analítico Cx.'!F5 -> 351003.25 | G5: ='Analítico Cx.'!G5 -> 164831.54 | H5: ='Analítico Cx.'!H5 -> 354154.44 | I5: ='Analítico Cx.'!I5 -> 171480.88 | J5: ='Analítico Cx.'!J5 -> 635835.43 | K5: ='Analítico Cx.'!K5 -> 516097.34 | L5: ='Analítico Cx.'!L5 -> 355580.04 | M5: ='Analítico Cx.'!M5 -> 832176.97 | N5: ='Analítico Cx.'!N5 -> 654598.28
A7: (E) | B7: Total de Entradas de Recursos | C7: ='Analítico Cx.'!C15 -> 0 | D7: ='Analítico Cx.'!D15 -> 0 | E7: ='Analítico Cx.'!E15 -> 635758.8 | F7: ='Analítico Cx.'!F15 -> 247.8 | G7: ='Analítico Cx.'!G15 -> 275630.3 | H7: ='Analítico Cx.'!H15 -> 12228.49 | I7: ='Analítico Cx.'!I15 -> 635653.24 | J7: ='Analítico Cx.'!J15 -> 2609.68 | ... N7: ='Analítico Cx.'!N15 -> 1712062.2
A8: (S) | B8: Total de Saídas de Recursos | C8: ='Analítico Cx.'!C137 -> 0 | D8: ='Analítico Cx.'!D137 -> 0 | E8: ='Analítico Cx.'!E137 -> 284755.55 | F8: ='Analítico Cx.'!F137 -> 186419.51 | G8: ='Analítico Cx.'!G137 -> 86307.4 | H8: ='Analítico Cx.'!H137 -> 194902.05 | I8: ='Analítico Cx.'!I137 -> 171298.69 | J8: ='Analítico Cx.'!J137 -> 122347.77 | ... N8: ='Analítico Cx.'!N137 -> 171193.38
A10: (SF) | B10: Saldo Financeiro Apurado (T+E-S) | C10: =C5+C7-C8 -> 0 | D10: =D5+D7-D8 -> 0 | E10: =E5+E7-E8 -> 351003.25 | F10: =F5+F7-F8 -> 164831.54 | G10: =G5+G7-G8 -> 354154.44 | H10: =H5+H7-H8 -> 171480.88 | I10: =I5+I7-I8 -> 635835.43 | J10: =J5+J7-J8 -> 516097.34 | ... N10: =N5+N7-N8 -> 2195467.1
B13: Distribuição Gerencial dos Recursos | F13: Composição do Saldo Financeiro (SF) | K13: Movimentação da Reserva de Recursos
A14: (PP) | B14: Provisonamentos de Pessoal | D14: ='Prov. Pessoal'!N36 -> 74844.408 | F14: Saldo Extrato C/C | I14: 0 | K14: Transporte de Saldo | N14: 0
A15: (C) | B15: Recursos Comprometidos | D15: =SUM('Comp.'!E5:E464) -> 94047.34 | F15: Saldo Extrato CI 1 | I15: 2195467.1 | K15: Transferência para Reserva | N15: =SUMPRODUCT(-(Reserva!$C$4:$C$1005=Resumo!$K15),-(Reserva!$D$4:$D$1005)) -> 8714.85
A16: (AR) | B16: Adiantamento de Recursos de Repasse Anterior: | F16: Saldo Extrato CI 2 | K16: Rendimentos Fin da Reserva | N16: =SUMPRODUCT(-(Reserva!$C$4:$C$1005=Resumo!$K16),-(Reserva!$D$4:$D$1005)) -> 28.77
A17: (SR) | B17: Saldo Remanescente (SF-PP-C-AR) | D17: =N10-D14-D15-D16 -> 2026575.4 | F17: Saldo Fundo Fixo | K17: Gastos da Reserva | N17: =SUMPRODUCT(-(Reserva!$C$4:$C$1005=Resumo!$K17),-(Reserva!$D$4:$D$1005)) -> 3434.16
A18: (SF) | B18: Saldo Financeiro (Somatório) | D18: =SUM(D14:D17) -> 2195467.1 | E18: (SF) | F18: ( = ) Saldo Financeiro | I18: =SUM(I14:I17) -> 2195467.1 | K18: Saldo | N18: =N14+N15+N16-N17 -> 5309.46
E20: (G) | F20: CONFERENCIA (Saldo Existente - Apurado) | I20: =I18-D18 -> 0

Sheet Comparativo
A1: =Capa!A70 -> Contrato de Gestão nº14.2025 - Secretaria de Estado de Justiça e Segurança Pública - SEJUSP e Instituto Jurídico para Efetivação da Cidadania e Saúde - Avante Social
A2: =Capa!A5 -> 4º Relatório Gerencial Financeiro
A3: Tabela 2 - Comparativo entre Receitas e Gastos Previstos e Realizados no Período em Regime de Competência
C4: =Resumo!C4 -> 45658 | D4: =Resumo!D4 -> 45689 | E4: =Resumo!E4 -> 45717 | F4: =Resumo!F4 -> 45748 | G4: =Resumo!G4 -> 45778 | H4: =Resumo!H4 -> 45809 | I4: =Resumo!I4 -> 45839 | J4: =Resumo!J4 -> 45870 | ... N4: =Resumo!N4 -> 45992 | O4: TOTAL
C5: Previsto
A6: 1 | B6: Entrada de Recursos
A7: 1.1 | B7: Repasses | C7: 0 | D7: 0 | E7: 635610.12 | F7: 0 | G7: 0 | H7: 0 | I7: 624624.33 | J7: 0 | K7: 0 | L7: 624624.33 | M7: 804910.23 | N7: 900000 | O7: =SUM(C7:N7) -> 3589769
A8: 1.2 | B8: Rendimentos Fin. | C8: 0 | D8: 0 | E8: 0 | F8: 0 | G8: 0 | H8: 0 | I8: 0 | J8: 0 | K8: 0 | L8: 0 | M8: 0 | N8: 0 | O8: =SUM(C8:N8) -> 0
A9: 1.3 | B9: Receitas Arrecadadas
A10: 1.3.1 | B10: Receitas Arrecadadas Previstas | C10: 0 | D10: 0 | E10: 0 | F10: 0 | G10: 0 | H10: 0 | I10: 0 | J10: 0 | K10: 0 | L10: 0 | M10: 0 | N10: 0 | O10: =SUM(C10:N10) -> 0
A11: 1.3.2 | B11: Rendimentos Fin. c/ Destinação Específica | C11: 0 | D11: 0 | E11: 0 | F11: 0 | G11: 0 | H11: 0 | I11: 0 | J11: 0 | K11: 0 | L11: 0 | M11: 0 | N11: 0 | O11: =SUM(C11:N11) -> 0
A12: 1.3.3 | B12: Outras Receitas | C12: 0 | D12: 0 | E12: 0 | F12: 0 | G12: 0 | H12: 0 | I12: 0 | J12: 0 | K12: 0 | L12: 0 | M12: 0 | N12: 0 | O12: =SUM(C12:N12) -> 0
A13: Subtotal Receitas: | C13: =SUBTOTAL(9,C9:C12) -> 0 | D13: =SUBTOTAL(9,D9:D12) -> 0 | E13: =SUBTOTAL(9,E9:E12) -> 0 | F13: =SUBTOTAL(9,F9:F12) -> 0 | G13: =SUBTOTAL(9,G9:G12) -> 0 | H13: =SUBTOTAL(9,H9:H12) -> 0 | I13: =SUBTOTAL(9,I9:I12) -> 0 | J13: =SUBTOTAL(9,J9:J12) -> 0 | ... N13: =SUBTOTAL(9,N9:N12) -> 0 | O13: =SUM(C13:N13) -> 0
A14: (E) Total de Entradas: | C14: =SUBTOTAL(9,C7:C13) -> 0 | D14: =SUBTOTAL(9,D7:D13) -> 0 | E14: =SUBTOTAL(9,E7:E13) -> 635610.12 | F14: =SUBTOTAL(9,F7:F13) -> 0 | G14: =SUBTOTAL(9,G7:G13) -> 0 | H14: =SUBTOTAL(9,H7:H13) -> 0 | I14: =SUBTOTAL(9,I7:I13) -> 624624.33 | J14: =SUBTOTAL(9,J7:J13) -> 0 | ... N14: =SUBTOTAL(9,N7:N13) -> 900000 | O14: =SUM(C14:N14) -> 3589769
A16: 2 | B16: Saída de Recursos
A17: 2.1 | B17: Gastos com Pessoal
A18: 2.1.1 | B18: Salários | C18: 0 | D18: 0 | E18: 94625.75 | F18: 94625.75 | G18: 94625.75 | H18: 94625.75 | I18: 94625.74 | J18: 94625.74 | K18: 94625.74 | L18: 94625.74 | M18: 94625.74 | N18: 94625.74 | O18: =SUM(C18:N18) -> 946257.44
A19: 2.1.2 | B19: Estagiários | C19: 0 | D19: 0 | E19: 4250.4 | F19: 4250.4 | G19: 4250.4 | H19: 4250.4 | I19: 3080 | J19: 3080 | K19: 3080 | L19: 3080 | M19: 3080 | N19: 3080 | O19: =SUM(C19:N19) -> 35481.6
A20: 2.1.3 | B20: Encargos | C20: 0 | D20: 0 | E20: 41267.37 | F20: 41267.37 | G20: 41267.37 | H20: 41267.37 | I20: 41267.37 | J20: 41267.37 | K20: 41267.37 | L20: 41267.37 | M20: 41267.37 | N20: 41267.37 | O20: =SUM(C20:N20) -> 412673.7
A21: 2.1.4 | B21: Benefícios | C21: 0 | D21: 0 | E21: 7373.63 | F21: 7373.63 | G21: 7373.63 | H21: 7373 | I21: 8544 | J21: 8544 | K21: 8544 | L21: 8544 | M21: 8544 | N21: 8544 | O21: =SUM(C21:N21) -> 80757.89
A22: Subtotal (Pessoal): | C22: =SUM(C18:C21) -> 0 | D22: =SUM(D18:D21) -> 0 | E22: =SUM(E18:E21) -> 147517.15 | F22: =SUM(F18:F21) -> 147517.15 | G22: =SUM(G18:G21) -> 147517.15 | H22: =SUM(H18:H21) -> 147516.52 | I22: =SUM(I18:I21) -> 147517.11 | J22: =SUM(J18:J21) -> 147517.11 | ... N22: =SUM(N18:N21) -> 147517.11 | O22: =SUM(C22:N22) -> 1475170.6
A23: 2.2 | B23: Gastos Gerais | C23: 0 | D23: 0 | E23: 60690.96 | F23: 60690.96 | G23: 60690.96 | H23: 60690.96 | I23: 60690.96 | J23: 60690.96 | K23: 60690.96 | L23: 60690.96 | M23: 60690.96 | N23: 60690.96 | O23: =SUM(C23:N23) -> 606909.6
A24: 2.3 | B24: Aquisição de Bens Permanentes | C24: 0 | D24: 0 | E24: 219193.9 | F24: 0 | G24: 0 | H24: 0 | I24: 0 | J24: 0 | K24: 0 | L24: 0 | M24: 0 | N24: 0 | O24: =SUM(C24:N24) -> 219193.9
A25: 2.4 | B25: Transferência para Reserva | C25: 0 | D25: 0 | E25: 0 | F25: 0 | G25: 0 | H25: 0 | I25: 0 | J25: 0 | K25: 0 | L25: 0 | M25: 0 | N25: 0 | O25: =SUM(C25:N25) -> 0
A26: (S) Total de Saídas: | C26: =SUM(C22:C25) -> 0 | D26: =SUM(D22:D25) -> 0 | E26: =SUM(E22:E25) -> 427402.01 | F26: =SUM(F22:F25) -> 208208.11 | G26: =SUM(G22:G25) -> 208208.11 | H26: =SUM(H22:H25) -> 208207.48 | I26: =SUM(I22:I25) -> 208208.07 | J26: =SUM(J22:J25) -> 208208.07 | ... N26: =SUM(N22:N25) -> 208208.07 | O26: =SUM(C26:N26) -> 2301274.1
C28: =Resumo!C4 -> 45658 | D28: =Resumo!D4 -> 45689 | E28: =Resumo!E4 -> 45717 | F28: =Resumo!F4 -> 45748 | G28: =Resumo!G4 -> 45778 | H28: =Resumo!H4 -> 45809 | I28: =Resumo!I4 -> 45839 | J28: =Resumo!J4 -> 45870 | ... N28: =Resumo!N4 -> 45992 | O28: TOTAL
C29: Realizado
A30: 1 | B30: Entrada de Recursos | Q30: Realizado (/) Previsto | R30: Previsto (-) Realizado
A31: 1.1 | B31: Repasses | C31: ='Analítico Cp.'!C6 -> 0 | D31: ='Analítico Cp.'!D6 -> 635610.12 | E31: ='Analítico Cp.'!E6 -> 0 | F31: ='Analítico Cp.'!F6 -> 624624.33 | G31: ='Analítico Cp.'!G6 -> 0 | H31: ='Analítico Cp.'!H6 -> 0 | I31: ='Analítico Cp.'!I6 -> 0 | J31: ='Analítico Cp.'!J6 -> 0 | ... N31: ='Analítico Cp.'!N6 -> 1704910.2 | O31: =SUM(C31:N31) -> 3589769 | Q31: =IF(O7=0,"-",O31/O7) -> 1 | R31: =O7-O31 -> -0.0030345018
A32: 1.2 | B32: Rendimentos Fin. | C32: ='Analítico Cp.'!C7 -> 0 | D32: ='Analítico Cp.'!D7 -> 0 | E32: ='Analítico Cp.'!E7 -> 148.68 | F32: ='Analítico Cp.'!F7 -> 247.8 | G32: ='Analítico Cp.'!G7 -> 551.67 | H32: ='Analítico Cp.'!H7 -> 131.23 | I32: ='Analítico Cp.'!I7 -> 458.48 | J32: ='Analítico Cp.'!J7 -> 596.22 | ... N32: ='Analítico Cp.'!N7 -> 3113.87 | O32: =SUM(C32:N32) -> 8642.43 | Q32: =IF(O8=0,"-",O32/O8) -> - | R32: =O8-O32 -> -8642.43
A33: 1.3 | B33: Receitas Arrecadadas
A34: 1.3.1 | B34: Receitas Arrecadadas Previstas | C34: ='Analítico Cp.'!C9 -> 0 | D34: ='Analítico Cp.'!D9 -> 0 | E34: ='Analítico Cp.'!E9 -> 0 | F34: ='Analítico Cp.'!F9 -> 0 | G34: ='Analítico Cp.'!G9 -> 0 | H34: ='Analítico Cp.'!H9 -> 0 | I34: ='Analítico Cp.'!I9 -> 0 | J34: ='Analítico Cp.'!J9 -> 0 | ... N34: ='Analítico Cp.'!N9 -> 0 | O34: =SUM(C34:N34) -> 0 | Q34: =IF(O10=0,"-",O34/O10) -> - | R34: =O10-O34 -> 0
A35: 1.3.2 | B35: Rendimentos Fin. c/ Destinação Específica | C35: ='Analítico Cp.'!C10 -> 0 | D35: ='Analítico Cp.'!D10 -> 0 | E35: ='Analítico Cp.'!E10 -> 0 | F35: ='Analítico Cp.'!F10 -> 0 | G35: ='Analítico Cp.'!G10 -> 0 | H35: ='Analítico Cp.'!H10 -> 0 | I35: ='Analítico Cp.'!I10 -> 0 | J35: ='Analítico Cp.'!J10 -> 0 | ... N35: ='Analítico Cp.'!N10 -> 0 | O35: =SUM(C35:N35) -> 0 | Q35: =IF(O11=0,"-",O35/O11) -> - | R35: =O11-O35 -> 0
A36: 1.3.3 | B36: Outras Receitas | C36: ='Analítico Cp.'!C11 -> 0 | D36: ='Analítico Cp.'!D11 -> 0 | E36: ='Analítico Cp.'!E11 -> 0 | F36: ='Analítico Cp.'!F11 -> 0 | G36: ='Analítico Cp.'!G11 -> 275078.63 | H36: ='Analítico Cp.'!H11 -> 12097.26 | I36: ='Analítico Cp.'!I11 -> 11059.68 | J36: ='Analítico Cp.'!J11 -> 2013.46 | ... N36: ='Analítico Cp.'!N11 -> 4038.13 | O36: =SUM(C36:N36) -> 307423.79 | Q36: =IF(O12=0,"-",O36/O12) -> - | R36: =O12-O36 -> -307423.79
A37: Subtotal Receitas: | C37: =SUBTOTAL(9,C33:C36) -> 0 | D37: =SUBTOTAL(9,D33:D36) -> 0 | E37: =SUBTOTAL(9,E33:E36) -> 0 | F37: =SUBTOTAL(9,F33:F36) -> 0 | G37: =SUBTOTAL(9,G33:G36) -> 275078.63 | H37: =SUBTOTAL(9,H33:H36) -> 12097.26 | I37: =SUBTOTAL(9,I33:I36) -> 11059.68 | J37: =SUBTOTAL(9,J33:J36) -> 2013.46 | ... N37: =SUBTOTAL(9,N33:N36) -> 4038.13 | O37: =SUM(C37:N37) -> 307423.79 | Q37: =IF(O13=0,"-",O37/O13) -> - | R37: =O13-O37 -> -307423.79
A38: (E) Total de Entradas: | C38: =SUBTOTAL(9,C31:C37) -> 0 | D38: =SUBTOTAL(9,D31:D37) -> 635610.12 | E38: =SUBTOTAL(9,E31:E37) -> 148.68 | F38: =SUBTOTAL(9,F31:F37) -> 624872.13 | G38: =SUBTOTAL(9,G31:G37) -> 275630.3 | H38: =SUBTOTAL(9,H31:H37) -> 12228.49 | I38: =SUBTOTAL(9,I31:I37) -> 11518.16 | J38: =SUBTOTAL(9,J31:J37) -> 2609.68 | ... N38: =SUBTOTAL(9,N31:N37) -> 1712062.2 | O38: =SUM(C38:N38) -> 3905835.2 | Q38: =IF(O14=0,"-",O38/O14) -> 1.0880464 | R38: =O14-O38 -> -316066.22
A40: 2 | B40: Saída de Recursos | Q40: =Q30 -> Realizado (/) Previsto | R40: =R30 -> Previsto (-) Realizado
A41: 2.1 | B41: Gastos com Pessoal
A42: 2.1.1 | B42: Salários | C42: ='Analítico Cp.'!C26 -> 0 | D42: ='Analítico Cp.'!D26 -> 0 | E42: ='Analítico Cp.'!E26 -> 5414.91 | F42: ='Analítico Cp.'!F26 -> 53472.23 | G42: ='Analítico Cp.'!G26 -> 76361.6 | H42: ='Analítico Cp.'!H26 -> 78754.8 | I42: ='Analítico Cp.'!I26 -> 75153.24 | J42: ='Analítico Cp.'!J26 -> 85532.34 | ... N42: ='Analítico Cp.'!N26 -> 83294.35 | O42: =SUM(C42:N42) -> 714349.32 | Q42: =IF(O18=0,"-",O42/O18) -> 0.75492069 | R42: =O18-O42 -> 231908.12
A43: 2.1.2 | B43: Estagiários | C43: ='Analítico Cp.'!C30 -> 0 | D43: ='Analítico Cp.'!D30 -> 0 | E43: ='Analítico Cp.'!E30 -> 1527.8 | F43: ='Analítico Cp.'!F30 -> 0 | G43: ='Analítico Cp.'!G30 -> 362.25 | H43: ='Analítico Cp.'!H30 -> 379.5 | I43: ='Analítico Cp.'!I30 -> 0 | J43: ='Analítico Cp.'!J30 -> 0 | ... N43: ='Analítico Cp.'!N30 -> 0 | O43: =SUM(C43:N43) -> 2269.55 | Q43: =IF(O19=0,"-",O43/O19) -> 0.063964139 | R43: =O19-O43 -> 33212.05
A44: 2.1.3 | B44: Encargos | C44: ='Analítico Cp.'!C43 -> 0 | D44: ='Analítico Cp.'!D43 -> 0 | E44: ='Analítico Cp.'!E43 -> 11890.438 | F44: ='Analítico Cp.'!F43 -> 19168.33 | G44: ='Analítico Cp.'!G43 -> 20631.29 | H44: ='Analítico Cp.'!H43 -> 17771.06 | I44: ='Analítico Cp.'!I43 -> 24966.8 | J44: ='Analítico Cp.'!J43 -> 27317.27 | ... N44: ='Analítico Cp.'!N43 -> 75163.46 | O44: =SUM(C44:N44) -> 237935.75 | Q44: =IF(O20=0,"-",O44/O20) -> 0.57657115 | R44: =O20-O44 -> 174737.95
A45: 2.1.4 | B45: Benefícios | C45: ='Analítico Cp.'!C54 -> 0 | D45: ='Analítico Cp.'!D54 -> 0 | E45: ='Analítico Cp.'!E54 -> 0 | F45: ='Analítico Cp.'!F54 -> 7646.64 | G45: ='Analítico Cp.'!G54 -> 3088.63 | H45: ='Analítico Cp.'!H54 -> 6419.51 | I45: ='Analítico Cp.'!I54 -> 6103.54 | J45: ='Analítico Cp.'!J54 -> 5498.22 | ... N45: ='Analítico Cp.'!N54 -> 4468.65 | O45: =SUM(C45:N45) -> 50428.29 | Q45: =IF(O21=0,"-",O45/O21) -> 0.62443793 | R45: =O21-O45 -> 30329.6
A46: Subtotal (Pessoal): | C46: =SUM(C42:C45) -> 0 | D46: =SUM(D42:D45) -> 0 | E46: =SUM(E42:E45) -> 18833.148 | F46: =SUM(F42:F45) -> 80287.2 | G46: =SUM(G42:G45) -> 100443.77 | H46: =SUM(H42:H45) -> 103324.87 | I46: =SUM(I42:I45) -> 106223.58 | J46: =SUM(J42:J45) -> 118347.83 | ... N46: =SUM(N42:N45) -> 162926.46 | O46: =SUM(C46:N46) -> 1004982.9 | Q46: =IF(O22=0,"-",O46/O22) -> 0.68126553 | R46: =O22-O46 -> 470187.72
A47: 2.2 | B47: Gastos Gerais | C47: ='Analítico Cp.'!C117 -> 0 | D47: ='Analítico Cp.'!D117 -> 0 | E47: ='Analítico Cp.'!E117 -> 284680.43 | F47: ='Analítico Cp.'!F117 -> 12575.83 | G47: ='Analítico Cp.'!G117 -> 14384.29 | H47: ='Analítico Cp.'!H117 -> 84405.95 | I47: ='Analítico Cp.'!I117 -> 36433.23 | J47: ='Analítico Cp.'!J117 -> 33404.58 | ... N47: ='Analítico Cp.'!N117 -> 29739.5 | O47: =SUM(C47:N47) -> 651409.76 | Q47: =IF(O23=0,"-",O47/O23) -> 1.0733226 | R47: =O23-O47 -> -44500.16
A48: 2.3 | B48: Aquisição de Bens Permanentes | C48: ='Analítico Cp.'!C133 -> 0 | D48: ='Analítico Cp.'!D133 -> 0 | E48: ='Analítico Cp.'!E133 -> 3742 | F48: ='Analítico Cp.'!F133 -> 157002.9 | G48: ='Analítico Cp.'!G133 -> 0 | H48: ='Analítico Cp.'!H133 -> 18874.5 | I48: ='Analítico Cp.'!I133 -> 20269 | J48: ='Analítico Cp.'!J133 -> 1740 | ... N48: ='Analítico Cp.'!N133 -> 312.9 | O48: =SUM(C48:N48) -> 201941.3 | Q48: =IF(O24=0,"-",O48/O24) -> 0.92129069 | R48: =O24-O48 -> 17252.6
A49: 2.4 | B49: Transferência para Reserva | C49: ='Analítico Cp.'!C134 -> 0 | D49: ='Analítico Cp.'!D134 -> 0 | E49: ='Analítico Cp.'!E134 -> 0 | F49: ='Analítico Cp.'!F134 -> 0 | G49: ='Analítico Cp.'!G134 -> 0 | H49: ='Analítico Cp.'!H134 -> 948.15 | I49: ='Analítico Cp.'!I134 -> 1079.38 | J49: ='Analítico Cp.'!J134 -> 458.48 | ... N49: ='Analítico Cp.'!N134 -> 558.11 | O49: =SUM(C49:N49) -> 5739.17 | Q49: =IF(O25=0,"-",O49/O25) -> - | R49: =O25-O49 -> -5739.17
A50: (S) Total de Saídas: | C50: =SUM(C46:C49) -> 0 | D50: =SUM(D46:D49) -> 0 | E50: =SUM(E46:E49) -> 307255.58 | F50: =SUM(F46:F49) -> 249865.93 | G50: =SUM(G46:G49) -> 114828.06 | H50: =SUM(H46:H49) -> 207553.47 | I50: =SUM(I46:I49) -> 164005.19 | J50: =SUM(J46:J49) -> 153950.89 | ... N50: =SUM(N46:N49) -> 193536.97 | O50: =SUM(C50:N50) -> 1864073.1 | Q50: =IF(O26=0,"-",O50/O26) -> 0.81001786 | R50: =O26-O50 -> 437200.99

Sheet Analítico Cx.
A1: =Capa!A70 -> Contrato de Gestão nº14.2025 - Secretaria de Estado de Justiça e Segurança Pública - SEJUSP e Instituto Jurídico para Efetivação da Cidadania e Saúde - Avante Social
A2: =Capa!A5 -> 4º Relatório Gerencial Financeiro
A3: Tabela 4 - Demonstrativo Analítico das Receitas e Gastos Mensais em Regime de Caixa
C4: =Resumo!C4 -> 45658 | D4: =Resumo!D4 -> 45689 | E4: =Resumo!E4 -> 45717 | F4: =Resumo!F4 -> 45748 | G4: =Resumo!G4 -> 45778 | H4: =Resumo!H4 -> 45809 | I4: =Resumo!I4 -> 45839 | J4: =Resumo!J4 -> 45870 | ... N4: =Resumo!N4 -> 45992 | O4: Total | P4: % do Total
A5: T | B5: Transporte de Saldo Acumulado (SA) | C5: =Resumo!C5 -> 0 | D5: =C5+C15-C137 -> 0 | E5: =D5+D15-D137 -> 0 | F5: =E5+E15-E137 -> 351003.25 | G5: =F5+F15-F137 -> 164831.54 | H5: =G5+G15-G137 -> 354154.44 | I5: =H5+H15-H137 -> 171480.88 | J5: =I5+I15-I137 -> 635835.43 | K5: =J5+J15-J137 -> 516097.34 | ... N5: =M5+M15-M137 -> 654598.28
A7: 1 | B7: Entrada de Recursos
A8: 1.1 | B8: Repasses | C8: =SUMPRODUCT((Diário!$E$4:$E$5010='Analítico Cx.'!$B8)*(Diário!$B$4:$B$5010>=C$4)*(Diário!$B$4:$B$5010<=EOMONTH(C$4,0))*(Diário!$F$4:$F$5010)) -> 0 | D8: =SUMPRODUCT((Diário!$E$4:$E$5010='Analítico Cx.'!$B8)*(Diário!$B$4:$B$5010>=D$4)*(Diário!$B$4:$B$5010<=EOMONTH(D$4,0))*(Diário!$F$4:$F$5010)) -> 0 | E8: =SUMPRODUCT((Diário!$E$4:$E$5010='Analítico Cx.'!$B8)*(Diário!$B$4:$B$5010>=E$4)*(Diário!$B$4:$B$5010<=EOMONTH(E$4,0))*(Diário!$F$4:$F$5010)) -> 635610.12 | F8: =SUMPRODUCT((Diário!$E$4:$E$5010='Analítico Cx.'!$B8)*(Diário!$B$4:$B$5010>=F$4)*(Diário!$B$4:$B$5010<=EOMONTH(F$4,0))*(Diário!$F$4:$F$5010)) -> 0 | G8: =SUMPRODUCT((Diário!$E$4:$E$5010='Analítico Cx.'!$B8)*(Diário!$B$4:$B$5010>=G$4)*(Diário!$B$4:$B$5010<=EOMONTH(G$4,0))*(Diário!$F$4:$F$5010)) -> 0 | H8: =SUMPRODUCT((Diário!$E$4:$E$5010='Analítico Cx.'!$B8)*(Diário!$B$4:$B$5010>=H$4)*(Diário!$B$4:$B$5010<=EOMONTH(H$4,0))*(Diário!$F$4:$F$5010)) -> 0 | I8: =SUMPRODUCT((Diário!$E$4:$E$5010='Analítico Cx.'!$B8)*(Diário!$B$4:$B$5010>=I$4)*(Diário!$B$4:$B$5010<=EOMONTH(I$4,0))*(Diário!$F$4:$F$5010)) -> 624624.33 | J8: =SUMPRODUCT((Diário!$E$4:$E$5010='Analítico Cx.'!$B8)*(Diário!$B$4:$B$5010>=J$4)*(Diário!$B$4:$B$5010<=EOMONTH(J$4,0))*(Diário!$F$4:$F$5010)) -> 0 | ... N8: =SUMPRODUCT((Diário!$E$4:$E$5010='Analítico Cx.'!$B8)*(Diário!$B$4:$B$5010>=N$4)*(Diário!$B$4:$B$5010<=EOMONTH(N$4,0))*(Diário!$F$4:$F$5010)) -> 1704910.2 | O8: =SUM(C8:N8) -> 3589769 | P8: =IF($O$15=0,0,O8/$O$15) -> 0.91907846
A9: 1.2 | B9: Rendimentos Fin. | C9: =SUMPRODUCT((Diário!$E$4:$E$5010='Analítico Cx.'!$B9)*(Diário!$B$4:$B$5010>=C$4)*(Diário!$B$4:$B$5010<=EOMONTH(C$4,0))*(Diário!$F$4:$F$5010)) -> 0 | D9: =SUMPRODUCT((Diário!$E$4:$E$5010='Analítico Cx.'!$B9)*(Diário!$B$4:$B$5010>=D$4)*(Diário!$B$4:$B$5010<=EOMONTH(D$4,0))*(Diário!$F$4:$F$5010)) -> 0 | E9: =SUMPRODUCT((Diário!$E$4:$E$5010='Analítico Cx.'!$B9)*(Diário!$B$4:$B$5010>=E$4)*(Diário!$B$4:$B$5010<=EOMONTH(E$4,0))*(Diário!$F$4:$F$5010)) -> 148.68 | F9: =SUMPRODUCT((Diário!$E$4:$E$5010='Analítico Cx.'!$B9)*(Diário!$B$4:$B$5010>=F$4)*(Diário!$B$4:$B$5010<=EOMONTH(F$4,0))*(Diário!$F$4:$F$5010)) -> 247.8 | G9: =SUMPRODUCT((Diário!$E$4:$E$5010='Analítico Cx.'!$B9)*(Diário!$B$4:$B$5010>=G$4)*(Diário!$B$4:$B$5010<=EOMONTH(G$4,0))*(Diário!$F$4:$F$5010)) -> 551.67 | H9: =SUMPRODUCT((Diário!$E$4:$E$5010='Analítico Cx.'!$B9)*(Diário!$B$4:$B$5010>=H$4)*(Diário!$B$4:$B$5010<=EOMONTH(H$4,0))*(Diário!$F$4:$F$5010)) -> 131.23 | I9: =SUMPRODUCT((Diário!$E$4:$E$5010='Analítico Cx.'!$B9)*(Diário!$B$4:$B$5010>=I$4)*(Diário!$B$4:$B$5010<=EOMONTH(I$4,0))*(Diário!$F$4:$F$5010)) -> 458.48 | J9: =SUMPRODUCT((Diário!$E$4:$E$5010='Analítico Cx.'!$B9)*(Diário!$B$4:$B$5010>=J$4)*(Diário!$B$4:$B$5010<=EOMONTH(J$4,0))*(Diário!$F$4:$F$5010)) -> 596.22 | ... N9: =SUMPRODUCT((Diário!$E$4:$E$5010='Analítico Cx.'!$B9)*(Diário!$B$4:$B$5010>=N$4)*(Diário!$B$4:$B$5010<=EOMONTH(N$4,0))*(Diário!$F$4:$F$5010)) -> 3113.87 | O9: =SUM(C9:N9) -> 8642.43 | P9: =IF($O$15=0,0,O9/$O$15) -> 0.002212697
A10: 1.3 | B10: Receitas Arrecadadas
A11: 1.3.1 | B11: Receitas Arrecadadas Previstas | C11: =SUMPRODUCT((Diário!$E$4:$E$5010='Analítico Cx.'!$B11)*(Diário!$B$4:$B$5010>=C$4)*(Diário!$B$4:$B$5010<=EOMONTH(C$4,0))*(Diário!$F$4:$F$5010)) -> 0 | D11: =SUMPRODUCT((Diário!$E$4:$E$5010='Analítico Cx.'!$B11)*(Diário!$B$4:$B$5010>=D$4)*(Diário!$B$4:$B$5010<=EOMONTH(D$4,0))*(Diário!$F$4:$F$5010)) -> 0 | E11: =SUMPRODUCT((Diário!$E$4:$E$5010='Analítico Cx.'!$B11)*(Diário!$B$4:$B$5010>=E$4)*(Diário!$B$4:$B$5010<=EOMONTH(E$4,0))*(Diário!$F$4:$F$5010)) -> 0 | F11: =SUMPRODUCT((Diário!$E$4:$E$5010='Analítico Cx.'!$B11)*(Diário!$B$4:$B$5010>=F$4)*(Diário!$B$4:$B$5010<=EOMONTH(F$4,0))*(Diário!$F$4:$F$5010)) -> 0 | G11: =SUMPRODUCT((Diário!$E$4:$E$5010='Analítico Cx.'!$B11)*(Diário!$B$4:$B$5010>=G$4)*(Diário!$B$4:$B$5010<=EOMONTH(G$4,0))*(Diário!$F$4:$F$5010)) -> 0 | H11: =SUMPRODUCT((Diário!$E$4:$E$5010='Analítico Cx.'!$B11)*(Diário!$B$4:$B$5010>=H$4)*(Diário!$B$4:$B$5010<=EOMONTH(H$4,0))*(Diário!$F$4:$F$5010)) -> 0 | I11: =SUMPRODUCT((Diário!$E$4:$E$5010='Analítico Cx.'!$B11)*(Diário!$B$4:$B$5010>=I$4)*(Diário!$B$4:$B$5010<=EOMONTH(I$4,0))*(Diário!$F$4:$F$5010)) -> 0 | J11: =SUMPRODUCT((Diário!$E$4:$E$5010='Analítico Cx.'!$B11)*(Diário!$B$4:$B$5010>=J$4)*(Diário!$B$4:$B$5010<=EOMONTH(J$4,0))*(Diário!$F$4:$F$5010)) -> 0 | ... N11: =SUMPRODUCT((Diário!$E$4:$E$5010='Analítico Cx.'!$B11)*(Diário!$B$4:$B$5010>=N$4)*(Diário!$B$4:$B$5010<=EOMONTH(N$4,0))*(Diário!$F$4:$F$5010)) -> 0 | O11: =SUM(C11:N11) -> 0 | P11: =IF($O$15=0,0,O11/$O$15) -> 0
A12: 1.3.2 | B12: Rendimentos Fin. c/ Destinação Específica | C12: =SUMPRODUCT((Diário!$E$4:$E$5010='Analítico Cx.'!$B12)*(Diário!$B$4:$B$5010>=C$4)*(Diário!$B$4:$B$5010<=EOMONTH(C$4,0))*(Diário!$F$4:$F$5010)) -> 0 | D12: =SUMPRODUCT((Diário!$E$4:$E$5010='Analítico Cx.'!$B12)*(Diário!$B$4:$B$5010>=D$4)*(Diário!$B$4:$B$5010<=EOMONTH(D$4,0))*(Diário!$F$4:$F$5010)) -> 0 | E12: =SUMPRODUCT((Diário!$E$4:$E$5010='Analítico Cx.'!$B12)*(Diário!$B$4:$B$5010>=E$4)*(Diário!$B$4:$B$5010<=EOMONTH(E$4,0))*(Diário!$F$4:$F$5010)) -> 0 | F12: =SUMPRODUCT((Diário!$E$4:$E$5010='Analítico Cx.'!$B12)*(Diário!$B$4:$B$5010>=F$4)*(Diário!$B$4:$B$5010<=EOMONTH(F$4,0))*(Diário!$F$4:$F$5010)) -> 0 | G12: =SUMPRODUCT((Diário!$E$4:$E$5010='Analítico Cx.'!$B12)*(Diário!$B$4:$B$5010>=G$4)*(Diário!$B$4:$B$5010<=EOMONTH(G$4,0))*(Diário!$F$4:$F$5010)) -> 0 | H12: =SUMPRODUCT((Diário!$E$4:$E$5010='Analítico Cx.'!$B12)*(Diário!$B$4:$B$5010>=H$4)*(Diário!$B$4:$B$5010<=EOMONTH(H$4,0))*(Diário!$F$4:$F$5010)) -> 0 | I12: =SUMPRODUCT((Diário!$E$4:$E$5010='Analítico Cx.'!$B12)*(Diário!$B$4:$B$5010>=I$4)*(Diário!$B$4:$B$5010<=EOMONTH(I$4,0))*(Diário!$F$4:$F$5010)) -> 0 | J12: =SUMPRODUCT((Diário!$E$4:$E$5010='Analítico Cx.'!$B12)*(Diário!$B$4:$B$5010>=J$4)*(Diário!$B$4:$B$5010<=EOMONTH(J$4,0))*(Diário!$F$4:$F$5010)) -> 0 | ... N12: =SUMPRODUCT((Diário!$E$4:$E$5010='Analítico Cx.'!$B12)*(Diário!$B$4:$B$5010>=N$4)*(Diário!$B$4:$B$5010<=EOMONTH(N$4,0))*(Diário!$F$4:$F$5010)) -> 0 | O12: =SUM(C12:N12) -> 0 | P12: =IF($O$15=0,0,O12/$O$15) -> 0
A13: 1.3.3 | B13: Outras Receitas | C13: =SUMPRODUCT((Diário!$E$4:$E$5010='Analítico Cx.'!$B13)*(Diário!$B$4:$B$5010>=C$4)*(Diário!$B$4:$B$5010<=EOMONTH(C$4,0))*(Diário!$F$4:$F$5010)) -> 0 | D13: =SUMPRODUCT((Diário!$E$4:$E$5010='Analítico Cx.'!$B13)*(Diário!$B$4:$B$5010>=D$4)*(Diário!$B$4:$B$5010<=EOMONTH(D$4,0))*(Diário!$F$4:$F$5010)) -> 0 | E13: =SUMPRODUCT((Diário!$E$4:$E$5010='Analítico Cx.'!$B13)*(Diário!$B$4:$B$5010>=E$4)*(Diário!$B$4:$B$5010<=EOMONTH(E$4,0))*(Diário!$F$4:$F$5010)) -> 0 | F13: =SUMPRODUCT((Diário!$E$4:$E$5010='Analítico Cx.'!$B13)*(Diário!$B$4:$B$5010>=F$4)*(Diário!$B$4:$B$5010<=EOMONTH(F$4,0))*(Diário!$F$4:$F$5010)) -> 0 | G13: =SUMPRODUCT((Diário!$E$4:$E$5010='Analítico Cx.'!$B13)*(Diário!$B$4:$B$5010>=G$4)*(Diário!$B$4:$B$5010<=EOMONTH(G$4,0))*(Diário!$F$4:$F$5010)) -> 275078.63 | H13: =SUMPRODUCT((Diário!$E$4:$E$5010='Analítico Cx.'!$B13)*(Diário!$B$4:$B$5010>=H$4)*(Diário!$B$4:$B$5010<=EOMONTH(H$4,0))*(Diário!$F$4:$F$5010)) -> 12097.26 | I13: =SUMPRODUCT((Diário!$E$4:$E$5010='Analítico Cx.'!$B13)*(Diário!$B$4:$B$5010>=I$4)*(Diário!$B$4:$B$5010<=EOMONTH(I$4,0))*(Diário!$F$4:$F$5010)) -> 10570.43 | J13: =SUMPRODUCT((Diário!$E$4:$E$5010='Analítico Cx.'!$B13)*(Diário!$B$4:$B$5010>=J$4)*(Diário!$B$4:$B$5010<=EOMONTH(J$4,0))*(Diário!$F$4:$F$5010)) -> 2013.46 | ... N13: =SUMPRODUCT((Diário!$E$4:$E$5010='Analítico Cx.'!$B13)*(Diário!$B$4:$B$5010>=N$4)*(Diário!$B$4:$B$5010<=EOMONTH(N$4,0))*(Diário!$F$4:$F$5010)) -> 4038.13 | O13: =SUM(C13:N13) -> 307423.79 | P13: =IF($O$15=0,0,O13/$O$15) -> 0.078708848
B14: Subtotal Receitas: | C14: =SUBTOTAL(109,C11:C13) -> 0 | D14: =SUBTOTAL(109,D11:D13) -> 0 | E14: =SUBTOTAL(109,E11:E13) -> 0 | F14: =SUBTOTAL(109,F11:F13) -> 0 | G14: =SUBTOTAL(109,G11:G13) -> 275078.63 | H14: =SUBTOTAL(109,H11:H13) -> 12097.26 | I14: =SUBTOTAL(109,I11:I13) -> 10570.43 | J14: =SUBTOTAL(109,J11:J13) -> 2013.46 | ... O14: =SUBTOTAL(109,O11:O13) -> 307423.79 | P14: =IF($O$15=0,0,O14/$O$15) -> 0.078708848
A15: (E) Total de Entradas | C15: =SUBTOTAL(109,C8:C13) -> 0 | D15: =SUBTOTAL(109,D8:D13) -> 0 | E15: =SUBTOTAL(109,E8:E13) -> 635758.8 | F15: =SUBTOTAL(109,F8:F13) -> 247.8 | G15: =SUBTOTAL(109,G8:G13) -> 275630.3 | H15: =SUBTOTAL(109,H8:H13) -> 12228.49 | I15: =SUBTOTAL(109,I8:I13) -> 635653.24 | J15: =SUBTOTAL(109,J8:J13) -> 2609.68 | ... O15: =SUBTOTAL(109,O8:O13) -> 3905835.2 | P15: =IF($O$15=0,0,O15/$O$15) -> 1
A17: 2 | B17: Saída de Recursos
A18: 2.1 | B18: Gastos com Pessoal
A19: 2.1.1 | B19: Salários e Remunerações
A20: 2.1.1.1 | B20: Salários | C20: =SUMPRODUCT((Diário!$E$4:$E$5010='Analítico Cx.'!$B20)*(Diário!$B$4:$B$5010>=C$4)*(Diário!$B$4:$B$5010<=EOMONTH(C$4,0))*(Diário!$F$4:$F$5010)) -> 0 | D20: =SUMPRODUCT((Diário!$E$4:$E$5010='Analítico Cx.'!$B20)*(Diário!$B$4:$B$5010>=D$4)*(Diário!$B$4:$B$5010<=EOMONTH(D$4,0))*(Diário!$F$4:$F$5010)) -> 0 | E20: =SUMPRODUCT((Diário!$E$4:$E$5010='Analítico Cx.'!$B20)*(Diário!$B$4:$B$5010>=E$4)*(Diário!$B$4:$B$5010<=EOMONTH(E$4,0))*(Diário!$F$4:$F$5010)) -> 0 | F20: =SUMPRODUCT((Diário!$E$4:$E$5010='Analítico Cx.'!$B20)*(Diário!$B$4:$B$5010>=F$4)*(Diário!$B$4:$B$5010<=EOMONTH(F$4,0))*(Diário!$F$4:$F$5010)) -> 5887.08 | G20: =SUMPRODUCT((Diário!$E$4:$E$5010='Analítico Cx.'!$B20)*(Diário!$B$4:$B$5010>=G$4)*(Diário!$B$4:$B$5010<=EOMONTH(G$4,0))*(Diário!$F$4:$F$5010)) -> 58737.99 | H20: =SUMPRODUCT((Diário!$E$4:$E$5010='Analítico Cx.'!$B20)*(Diário!$B$4:$B$5010>=H$4)*(Diário!$B$4:$B$5010<=EOMONTH(H$4,0))*(Diário!$F$4:$F$5010)) -> 78962.98 | I20: =SUMPRODUCT((Diário!$E$4:$E$5010='Analítico Cx.'!$B20)*(Diário!$B$4:$B$5010>=I$4)*(Diário!$B$4:$B$5010<=EOMONTH(I$4,0))*(Diário!$F$4:$F$5010)) -> 79553.85 | J20: =SUMPRODUCT((Diário!$E$4:$E$5010='Analítico Cx.'!$B20)*(Diário!$B$4:$B$5010>=J$4)*(Diário!$B$4:$B$5010<=EOMONTH(J$4,0))*(Diário!$F$4:$F$5010)) -> 74500.97 | ... N20: =SUMPRODUCT((Diário!$E$4:$E$5010='Analítico Cx.'!$B20)*(Diário!$B$4:$B$5010>=N$4)*(Diário!$B$4:$B$5010<=EOMONTH(N$4,0))*(Diário!$F$4:$F$5010)) -> 86009.11 | O20: =SUM(C20:N20) -> 635855.02 | P20: =IF($O$137=0,0,O20/$O$137) -> 0.37176501
A21: 2.1.1.2 | B21: Adicional Noturno | C21: =SUMPRODUCT((Diário!$E$4:$E$5010='Analítico Cx.'!$B21)*(Diário!$B$4:$B$5010>=C$4)*(Diário!$B$4:$B$5010<=EOMONTH(C$4,0))*(Diário!$F$4:$F$5010)) -> 0 | D21: =SUMPRODUCT((Diário!$E$4:$E$5010='Analítico Cx.'!$B21)*(Diário!$B$4:$B$5010>=D$4)*(Diário!$B$4:$B$5010<=EOMONTH(D$4,0))*(Diário!$F$4:$F$5010)) -> 0 | E21: =SUMPRODUCT((Diário!$E$4:$E$5010='Analítico Cx.'!$B21)*(Diário!$B$4:$B$5010>=E$4)*(Diário!$B$4:$B$5010<=EOMONTH(E$4,0))*(Diário!$F$4:$F$5010)) -> 0 | F21: =SUMPRODUCT((Diário!$E$4:$E$5010='Analítico Cx.'!$B21)*(Diário!$B$4:$B$5010>=F$4)*(Diário!$B$4:$B$5010<=EOMONTH(F$4,0))*(Diário!$F$4:$F$5010)) -> 0 | G21: =SUMPRODUCT((Diário!$E$4:$E$5010='Analítico Cx.'!$B21)*(Diário!$B$4:$B$5010>=G$4)*(Diário!$B$4:$B$5010<=EOMONTH(G$4,0))*(Diário!$F$4:$F$5010)) -> 0 | H21: =SUMPRODUCT((Diário!$E$4:$E$5010='Analítico Cx.'!$B21)*(Diário!$B$4:$B$5010>=H$4)*(Diário!$B$4:$B$5010<=EOMONTH(H$4,0))*(Diário!$F$4:$F$5010)) -> 0 | I21: =SUMPRODUCT((Diário!$E$4:$E$5010='Analítico Cx.'!$B21)*(Diário!$B$4:$B$5010>=I$4)*(Diário!$B$4:$B$5010<=EOMONTH(I$4,0))*(Diário!$F$4:$F$5010)) -> 0 | J21: =SUMPRODUCT((Diário!$E$4:$E$5010='Analítico Cx.'!$B21)*(Diário!$B$4:$B$5010>=J$4)*(Diário!$B$4:$B$5010<=EOMONTH(J$4,0))*(Diário!$F$4:$F$5010)) -> 0 | ... N21: =SUMPRODUCT((Diário!$E$4:$E$5010='Analítico Cx.'!$B21)*(Diário!$B$4:$B$5010>=N$4)*(Diário!$B$4:$B$5010<=EOMONTH(N$4,0))*(Diário!$F$4:$F$5010)) -> 0 | O21: =SUM(C21:N21) -> 0 | P21: =IF($O$137=0,0,O21/$O$137) -> 0
A22: 2.1.1.3 | B22: DSR Adicional Noturno | C22: =SUMPRODUCT((Diário!$E$4:$E$5010='Analítico Cx.'!$B22)*(Diário!$B$4:$B$5010>=C$4)*(Diário!$B$4:$B$5010<=EOMONTH(C$4,0))*(Diário!$F$4:$F$5010)) -> 0 | D22: =SUMPRODUCT((Diário!$E$4:$E$5010='Analítico Cx.'!$B22)*(Diário!$B$4:$B$5010>=D$4)*(Diário!$B$4:$B$5010<=EOMONTH(D$4,0))*(Diário!$F$4:$F$5010)) -> 0 | E22: =SUMPRODUCT((Diário!$E$4:$E$5010='Analítico Cx.'!$B22)*(Diário!$B$4:$B$5010>=E$4)*(Diário!$B$4:$B$5010<=EOMONTH(E$4,0))*(Diário!$F$4:$F$5010)) -> 0 | F22: =SUMPRODUCT((Diário!$E$4:$E$5010='Analítico Cx.'!$B22)*(Diário!$B$4:$B$5010>=F$4)*(Diário!$B$4:$B$5010<=EOMONTH(F$4,0))*(Diário!$F$4:$F$5010)) -> 0 | G22: =SUMPRODUCT((Diário!$E$4:$E$5010='Analítico Cx.'!$B22)*(Diário!$B$4:$B$5010>=G$4)*(Diário!$B$4:$B$5010<=EOMONTH(G$4,0))*(Diário!$F$4:$F$5010)) -> 0 | H22: =SUMPRODUCT((Diário!$E$4:$E$5010='Analítico Cx.'!$B22)*(Diário!$B$4:$B$5010>=H$4)*(Diário!$B$4:$B$5010<=EOMONTH(H$4,0))*(Diário!$F$4:$F$5010)) -> 0 | I22: =SUMPRODUCT((Diário!$E$4:$E$5010='Analítico Cx.'!$B22)*(Diário!$B$4:$B$5010>=I$4)*(Diário!$B$4:$B$5010<=EOMONTH(I$4,0))*(Diário!$F$4:$F$5010)) -> 0 | J22: =SUMPRODUCT((Diário!$E$4:$E$5010='Analítico Cx.'!$B22)*(Diário!$B$4:$B$5010>=J$4)*(Diário!$B$4:$B$5010<=EOMONTH(J$4,0))*(Diário!$F$4:$F$5010)) -> 0 | ... N22: =SUMPRODUCT((Diário!$E$4:$E$5010='Analítico Cx.'!$B22)*(Diário!$B$4:$B$5010>=N$4)*(Diário!$B$4:$B$5010<=EOMONTH(N$4,0))*(Diário!$F$4:$F$5010)) -> 0 | O22: =SUM(C22:N22) -> 0 | P22: =IF($O$137=0,0,O22/$O$137) -> 0
A23: 2.1.1.4 | B23: Horas Extras | C23: =SUMPRODUCT((Diário!$E$4:$E$5010='Analítico Cx.'!$B23)*(Diário!$B$4:$B$5010>=C$4)*(Diário!$B$4:$B$5010<=EOMONTH(C$4,0))*(Diário!$F$4:$F$5010)) -> 0 | D23: =SUMPRODUCT((Diário!$E$4:$E$5010='Analítico Cx.'!$B23)*(Diário!$B$4:$B$5010>=D$4)*(Diário!$B$4:$B$5010<=EOMONTH(D$4,0))*(Diário!$F$4:$F$5010)) -> 0 | E23: =SUMPRODUCT((Diário!$E$4:$E$5010='Analítico Cx.'!$B23)*(Diário!$B$4:$B$5010>=E$4)*(Diário!$B$4:$B$5010<=EOMONTH(E$4,0))*(Diário!$F$4:$F$5010)) -> 0 | F23: =SUMPRODUCT((Diário!$E$4:$E$5010='Analítico Cx.'!$B23)*(Diário!$B$4:$B$5010>=F$4)*(Diário!$B$4:$B$5010<=EOMONTH(F$4,0))*(Diário!$F$4:$F$5010)) -> 0 | G23: =SUMPRODUCT((Diário!$E$4:$E$5010='Analítico Cx.'!$B23)*(Diário!$B$4:$B$5010>=G$4)*(Diário!$B$4:$B$5010<=EOMONTH(G$4,0))*(Diário!$F$4:$F$5010)) -> 0 | H23: =SUMPRODUCT((Diário!$E$4:$E$5010='Analítico Cx.'!$B23)*(Diário!$B$4:$B$5010>=H$4)*(Diário!$B$4:$B$5010<=EOMONTH(H$4,0))*(Diário!$F$4:$F$5010)) -> 0 | I23: =SUMPRODUCT((Diário!$E$4:$E$5010='Analítico Cx.'!$B23)*(Diário!$B$4:$B$5010>=I$4)*(Diário!$B$4:$B$5010<=EOMONTH(I$4,0))*(Diário!$F$4:$F$5010)) -> 0 | J23: =SUMPRODUCT((Diário!$E$4:$E$5010='Analítico Cx.'!$B23)*(Diário!$B$4:$B$5010>=J$4)*(Diário!$B$4:$B$5010<=EOMONTH(J$4,0))*(Diário!$F$4:$F$5010)) -> 0 | ... N23: =SUMPRODUCT((Diário!$E$4:$E$5010='Analítico Cx.'!$B23)*(Diário!$B$4:$B$5010>=N$4)*(Diário!$B$4:$B$5010<=EOMONTH(N$4,0))*(Diário!$F$4:$F$5010)) -> 0 | O23: =SUM(C23:N23) -> 0 | P23: =IF($O$137=0,0,O23/$O$137) -> 0
A24: 2.1.1.5 | B24: DSR Horas Extras | C24: =SUMPRODUCT((Diário!$E$4:$E$5010='Analítico Cx.'!$B24)*(Diário!$B$4:$B$5010>=C$4)*(Diário!$B$4:$B$5010<=EOMONTH(C$4,0))*(Diário!$F$4:$F$5010)) -> 0 | D24: =SUMPRODUCT((Diário!$E$4:$E$5010='Analítico Cx.'!$B24)*(Diário!$B$4:$B$5010>=D$4)*(Diário!$B$4:$B$5010<=EOMONTH(D$4,0))*(Diário!$F$4:$F$5010)) -> 0 | E24: =SUMPRODUCT((Diário!$E$4:$E$5010='Analítico Cx.'!$B24)*(Diário!$B$4:$B$5010>=E$4)*(Diário!$B$4:$B$5010<=EOMONTH(E$4,0))*(Diário!$F$4:$F$5010)) -> 0 | F24: =SUMPRODUCT((Diário!$E$4:$E$5010='Analítico Cx.'!$B24)*(Diário!$B$4:$B$5010>=F$4)*(Diário!$B$4:$B$5010<=EOMONTH(F$4,0))*(Diário!$F$4:$F$5010)) -> 0 | G24: =SUMPRODUCT((Diário!$E$4:$E$5010='Analítico Cx.'!$B24)*(Diário!$B$4:$B$5010>=G$4)*(Diário!$B$4:$B$5010<=EOMONTH(G$4,0))*(Diário!$F$4:$F$5010)) -> 0 | H24: =SUMPRODUCT((Diário!$E$4:$E$5010='Analítico Cx.'!$B24)*(Diário!$B$4:$B$5010>=H$4)*(Diário!$B$4:$B$5010<=EOMONTH(H$4,0))*(Diário!$F$4:$F$5010)) -> 0 | I24: =SUMPRODUCT((Diário!$E$4:$E$5010='Analítico Cx.'!$B24)*(Diário!$B$4:$B$5010>=I$4)*(Diário!$B$4:$B$5010<=EOMONTH(I$4,0))*(Diário!$F$4:$F$5010)) -> 0 | J24: =SUMPRODUCT((Diário!$E$4:$E$5010='Analítico Cx.'!$B24)*(Diário!$B$4:$B$5010>=J$4)*(Diário!$B$4:$B$5010<=EOMONTH(J$4,0))*(Diário!$F$4:$F$5010)) -> 0 | ... N24: =SUMPRODUCT((Diário!$E$4:$E$5010='Analítico Cx.'!$B24)*(Diário!$B$4:$B$5010>=N$4)*(Diário!$B$4:$B$5010<=EOMONTH(N$4,0))*(Diário!$F$4:$F$5010)) -> 0 | O24: =SUM(C24:N24) -> 0 | P24: =IF($O$137=0,0,O24/$O$137) -> 0
A25: 2.1.1.6 | B25: Adicional Periculosidade | C25: =SUMPRODUCT((Diário!$E$4:$E$5010='Analítico Cx.'!$B25)*(Diário!$B$4:$B$5010>=C$4)*(Diário!$B$4:$B$5010<=EOMONTH(C$4,0))*(Diário!$F$4:$F$5010)) -> 0 | D25: =SUMPRODUCT((Diário!$E$4:$E$5010='Analítico Cx.'!$B25)*(Diário!$B$4:$B$5010>=D$4)*(Diário!$B$4:$B$5010<=EOMONTH(D$4,0))*(Diário!$F$4:$F$5010)) -> 0 | E25: =SUMPRODUCT((Diário!$E$4:$E$5010='Analítico Cx.'!$B25)*(Diário!$B$4:$B$5010>=E$4)*(Diário!$B$4:$B$5010<=EOMONTH(E$4,0))*(Diário!$F$4:$F$5010)) -> 0 | F25: =SUMPRODUCT((Diário!$E$4:$E$5010='Analítico Cx.'!$B25)*(Diário!$B$4:$B$5010>=F$4)*(Diário!$B$4:$B$5010<=EOMONTH(F$4,0))*(Diário!$F$4:$F$5010)) -> 0 | G25: =SUMPRODUCT((Diário!$E$4:$E$5010='Analítico Cx.'!$B25)*(Diário!$B$4:$B$5010>=G$4)*(Diário!$B$4:$B$5010<=EOMONTH(G$4,0))*(Diário!$F$4:$F$5010)) -> 0 | H25: =SUMPRODUCT((Diário!$E$4:$E$5010='Analítico Cx.'!$B25)*(Diário!$B$4:$B$5010>=H$4)*(Diário!$B$4:$B$5010<=EOMONTH(H$4,0))*(Diário!$F$4:$F$5010)) -> 0 | I25: =SUMPRODUCT((Diário!$E$4:$E$5010='Analítico Cx.'!$B25)*(Diário!$B$4:$B$5010>=I$4)*(Diário!$B$4:$B$5010<=EOMONTH(I$4,0))*(Diário!$F$4:$F$5010)) -> 0 | J25: =SUMPRODUCT((Diário!$E$4:$E$5010='Analítico Cx.'!$B25)*(Diário!$B$4:$B$5010>=J$4)*(Diário!$B$4:$B$5010<=EOMONTH(J$4,0))*(Diário!$F$4:$F$5010)) -> 0 | ... N25: =SUMPRODUCT((Diário!$E$4:$E$5010='Analítico Cx.'!$B25)*(Diário!$B$4:$B$5010>=N$4)*(Diário!$B$4:$B$5010<=EOMONTH(N$4,0))*(Diário!$F$4:$F$5010)) -> 0 | O25: =SUM(C25:N25) -> 0 | P25: =IF($O$137=0,0,O25/$O$137) -> 0
A26: 2.1.1.7 | B26: Gratificação de função | C26: =SUMPRODUCT((Diário!$E$4:$E$5010='Analítico Cx.'!$B26)*(Diário!$B$4:$B$5010>=C$4)*(Diário!$B$4:$B$5010<=EOMONTH(C$4,0))*(Diário!$F$4:$F$5010)) -> 0 | D26: =SUMPRODUCT((Diário!$E$4:$E$5010='Analítico Cx.'!$B26)*(Diário!$B$4:$B$5010>=D$4)*(Diário!$B$4:$B$5010<=EOMONTH(D$4,0))*(Diário!$F$4:$F$5010)) -> 0 | E26: =SUMPRODUCT((Diário!$E$4:$E$5010='Analítico Cx.'!$B26)*(Diário!$B$4:$B$5010>=E$4)*(Diário!$B$4:$B$5010<=EOMONTH(E$4,0))*(Diário!$F$4:$F$5010)) -> 0 | F26: =SUMPRODUCT((Diário!$E$4:$E$5010='Analítico Cx.'!$B26)*(Diário!$B$4:$B$5010>=F$4)*(Diário!$B$4:$B$5010<=EOMONTH(F$4,0))*(Diário!$F$4:$F$5010)) -> 0 | G26: =SUMPRODUCT((Diário!$E$4:$E$5010='Analítico Cx.'!$B26)*(Diário!$B$4:$B$5010>=G$4)*(Diário!$B$4:$B$5010<=EOMONTH(G$4,0))*(Diário!$F$4:$F$5010)) -> 0 | H26: =SUMPRODUCT((Diário!$E$4:$E$5010='Analítico Cx.'!$B26)*(Diário!$B$4:$B$5010>=H$4)*(Diário!$B$4:$B$5010<=EOMONTH(H$4,0))*(Diário!$F$4:$F$5010)) -> 0 | I26: =SUMPRODUCT((Diário!$E$4:$E$5010='Analítico Cx.'!$B26)*(Diário!$B$4:$B$5010>=I$4)*(Diário!$B$4:$B$5010<=EOMONTH(I$4,0))*(Diário!$F$4:$F$5010)) -> 0 | J26: =SUMPRODUCT((Diário!$E$4:$E$5010='Analítico Cx.'!$B26)*(Diário!$B$4:$B$5010>=J$4)*(Diário!$B$4:$B$5010<=EOMONTH(J$4,0))*(Diário!$F$4:$F$5010)) -> 0 | ... N26: =SUMPRODUCT((Diário!$E$4:$E$5010='Analítico Cx.'!$B26)*(Diário!$B$4:$B$5010>=N$4)*(Diário!$B$4:$B$5010<=EOMONTH(N$4,0))*(Diário!$F$4:$F$5010)) -> 0 | O26: =SUM(C26:N26) -> 0 | P26: =IF($O$137=0,0,O26/$O$137) -> 0
A27: 2.1.1.8 | B27: Outros Gastos com Pessoal | C27: =SUMPRODUCT((Diário!$E$4:$E$5010='Analítico Cx.'!$B27)*(Diário!$B$4:$B$5010>=C$4)*(Diário!$B$4:$B$5010<=EOMONTH(C$4,0))*(Diário!$F$4:$F$5010)) -> 0 | D27: =SUMPRODUCT((Diário!$E$4:$E$5010='Analítico Cx.'!$B27)*(Diário!$B$4:$B$5010>=D$4)*(Diário!$B$4:$B$5010<=EOMONTH(D$4,0))*(Diário!$F$4:$F$5010)) -> 0 | E27: =SUMPRODUCT((Diário!$E$4:$E$5010='Analítico Cx.'!$B27)*(Diário!$B$4:$B$5010>=E$4)*(Diário!$B$4:$B$5010<=EOMONTH(E$4,0))*(Diário!$F$4:$F$5010)) -> 0 | F27: =SUMPRODUCT((Diário!$E$4:$E$5010='Analítico Cx.'!$B27)*(Diário!$B$4:$B$5010>=F$4)*(Diário!$B$4:$B$5010<=EOMONTH(F$4,0))*(Diário!$F$4:$F$5010)) -> 0 | G27: =SUMPRODUCT((Diário!$E$4:$E$5010='Analítico Cx.'!$B27)*(Diário!$B$4:$B$5010>=G$4)*(Diário!$B$4:$B$5010<=EOMONTH(G$4,0))*(Diário!$F$4:$F$5010)) -> 0 | H27: =SUMPRODUCT((Diário!$E$4:$E$5010='Analítico Cx.'!$B27)*(Diário!$B$4:$B$5010>=H$4)*(Diário!$B$4:$B$5010<=EOMONTH(H$4,0))*(Diário!$F$4:$F$5010)) -> 0 | I27: =SUMPRODUCT((Diário!$E$4:$E$5010='Analítico Cx.'!$B27)*(Diário!$B$4:$B$5010>=I$4)*(Diário!$B$4:$B$5010<=EOMONTH(I$4,0))*(Diário!$F$4:$F$5010)) -> 0 | J27: =SUMPRODUCT((Diário!$E$4:$E$5010='Analítico Cx.'!$B27)*(Diário!$B$4:$B$5010>=J$4)*(Diário!$B$4:$B$5010<=EOMONTH(J$4,0))*(Diário!$F$4:$F$5010)) -> 0 | ... N27: =SUMPRODUCT((Diário!$E$4:$E$5010='Analítico Cx.'!$B27)*(Diário!$B$4:$B$5010>=N$4)*(Diário!$B$4:$B$5010<=EOMONTH(N$4,0))*(Diário!$F$4:$F$5010)) -> 0 | O27: =SUM(C27:N27) -> 0 | P27: =IF($O$137=0,0,O27/$O$137) -> 0
B28: Subtotal Salários : | C28: =SUBTOTAL(109,C20:C27) -> 0 | D28: =SUBTOTAL(109,D20:D27) -> 0 | E28: =SUBTOTAL(109,E20:E27) -> 0 | F28: =SUBTOTAL(109,F20:F27) -> 5887.08 | G28: =SUBTOTAL(109,G20:G27) -> 58737.99 | H28: =SUBTOTAL(109,H20:H27) -> 78962.98 | I28: =SUBTOTAL(109,I20:I27) -> 79553.85 | J28: =SUBTOTAL(109,J20:J27) -> 74500.97 | ... O28: =SUBTOTAL(109,O20:O27) -> 635855.02 | P28: =IF($O$137=0,0,O28/$O$137) -> 0.37176501
A29: 2.1.2 | B29: Estagiários
A30: 2.1.2.1 | B30: Bolsa Estágio | C30: =SUMPRODUCT((Diário!$E$4:$E$5010='Analítico Cx.'!$B30)*(Diário!$B$4:$B$5010>=C$4)*(Diário!$B$4:$B$5010<=EOMONTH(C$4,0))*(Diário!$F$4:$F$5010)) -> 0 | D30: =SUMPRODUCT((Diário!$E$4:$E$5010='Analítico Cx.'!$B30)*(Diário!$B$4:$B$5010>=D$4)*(Diário!$B$4:$B$5010<=EOMONTH(D$4,0))*(Diário!$F$4:$F$5010)) -> 0 | E30: =SUMPRODUCT((Diário!$E$4:$E$5010='Analítico Cx.'!$B30)*(Diário!$B$4:$B$5010>=E$4)*(Diário!$B$4:$B$5010<=EOMONTH(E$4,0))*(Diário!$F$4:$F$5010)) -> 0 | F30: =SUMPRODUCT((Diário!$E$4:$E$5010='Analítico Cx.'!$B30)*(Diário!$B$4:$B$5010>=F$4)*(Diário!$B$4:$B$5010<=EOMONTH(F$4,0))*(Diário!$F$4:$F$5010)) -> 0 | G30: =SUMPRODUCT((Diário!$E$4:$E$5010='Analítico Cx.'!$B30)*(Diário!$B$4:$B$5010>=G$4)*(Diário!$B$4:$B$5010<=EOMONTH(G$4,0))*(Diário!$F$4:$F$5010)) -> 0 | H30: =SUMPRODUCT((Diário!$E$4:$E$5010='Analítico Cx.'!$B30)*(Diário!$B$4:$B$5010>=H$4)*(Diário!$B$4:$B$5010<=EOMONTH(H$4,0))*(Diário!$F$4:$F$5010)) -> 0 | I30: =SUMPRODUCT((Diário!$E$4:$E$5010='Analítico Cx.'!$B30)*(Diário!$B$4:$B$5010>=I$4)*(Diário!$B$4:$B$5010<=EOMONTH(I$4,0))*(Diário!$F$4:$F$5010)) -> 0 | J30: =SUMPRODUCT((Diário!$E$4:$E$5010='Analítico Cx.'!$B30)*(Diário!$B$4:$B$5010>=J$4)*(Diário!$B$4:$B$5010<=EOMONTH(J$4,0))*(Diário!$F$4:$F$5010)) -> 0 | ... N30: =SUMPRODUCT((Diário!$E$4:$E$5010='Analítico Cx.'!$B30)*(Diário!$B$4:$B$5010>=N$4)*(Diário!$B$4:$B$5010<=EOMONTH(N$4,0))*(Diário!$F$4:$F$5010)) -> 0 | O30: =SUM(C30:N30) -> 0 | P30: =IF($O$137=0,0,O30/$O$137) -> 0
A31: 2.1.2.2 | B31: Auxílio Transporte | C31: =SUMPRODUCT((Diário!$E$4:$E$5010='Analítico Cx.'!$B31)*(Diário!$B$4:$B$5010>=C$4)*(Diário!$B$4:$B$5010<=EOMONTH(C$4,0))*(Diário!$F$4:$F$5010)) -> 0 | D31: =SUMPRODUCT((Diário!$E$4:$E$5010='Analítico Cx.'!$B31)*(Diário!$B$4:$B$5010>=D$4)*(Diário!$B$4:$B$5010<=EOMONTH(D$4,0))*(Diário!$F$4:$F$5010)) -> 0 | E31: =SUMPRODUCT((Diário!$E$4:$E$5010='Analítico Cx.'!$B31)*(Diário!$B$4:$B$5010>=E$4)*(Diário!$B$4:$B$5010<=EOMONTH(E$4,0))*(Diário!$F$4:$F$5010)) -> 1527.8 | F31: =SUMPRODUCT((Diário!$E$4:$E$5010='Analítico Cx.'!$B31)*(Diário!$B$4:$B$5010>=F$4)*(Diário!$B$4:$B$5010<=EOMONTH(F$4,0))*(Diário!$F$4:$F$5010)) -> 0 | G31: =SUMPRODUCT((Diário!$E$4:$E$5010='Analítico Cx.'!$B31)*(Diário!$B$4:$B$5010>=G$4)*(Diário!$B$4:$B$5010<=EOMONTH(G$4,0))*(Diário!$F$4:$F$5010)) -> 362.25 | H31: =SUMPRODUCT((Diário!$E$4:$E$5010='Analítico Cx.'!$B31)*(Diário!$B$4:$B$5010>=H$4)*(Diário!$B$4:$B$5010<=EOMONTH(H$4,0))*(Diário!$F$4:$F$5010)) -> 379.5 | I31: =SUMPRODUCT((Diário!$E$4:$E$5010='Analítico Cx.'!$B31)*(Diário!$B$4:$B$5010>=I$4)*(Diário!$B$4:$B$5010<=EOMONTH(I$4,0))*(Diário!$F$4:$F$5010)) -> 0 | J31: =SUMPRODUCT((Diário!$E$4:$E$5010='Analítico Cx.'!$B31)*(Diário!$B$4:$B$5010>=J$4)*(Diário!$B$4:$B$5010<=EOMONTH(J$4,0))*(Diário!$F$4:$F$5010)) -> 0 | ... N31: =SUMPRODUCT((Diário!$E$4:$E$5010='Analítico Cx.'!$B31)*(Diário!$B$4:$B$5010>=N$4)*(Diário!$B$4:$B$5010<=EOMONTH(N$4,0))*(Diário!$F$4:$F$5010)) -> 0 | O31: =SUM(C31:N31) -> 2269.55 | P31: =IF($O$137=0,0,O31/$O$137) -> 0.0013269366
B32: Subtotal Estagiários: | C32: =SUBTOTAL(109,C30:C31) -> 0 | D32: =SUBTOTAL(109,D30:D31) -> 0 | E32: =SUBTOTAL(109,E30:E31) -> 1527.8 | F32: =SUBTOTAL(109,F30:F31) -> 0 | G32: =SUBTOTAL(109,G30:G31) -> 362.25 | H32: =SUBTOTAL(109,H30:H31) -> 379.5 | I32: =SUBTOTAL(109,I30:I31) -> 0 | J32: =SUBTOTAL(109,J30:J31) -> 0 | ... O32: =SUBTOTAL(109,O30:O31) -> 2269.55 | P32: =IF($O$137=0,0,O32/$O$137) -> 0.0013269366
A33: 2.1.3 | B33: Encargos
A34: 2.1.3.1 | B34: INSS Patronal | C34: =SUMPRODUCT((Diário!$E$4:$E$5010='Analítico Cx.'!$B34)*(Diário!$B$4:$B$5010>=C$4)*(Diário!$B$4:$B$5010<=EOMONTH(C$4,0))*(Diário!$F$4:$F$5010)) -> 0 | D34: =SUMPRODUCT((Diário!$E$4:$E$5010='Analítico Cx.'!$B34)*(Diário!$B$4:$B$5010>=D$4)*(Diário!$B$4:$B$5010<=EOMONTH(D$4,0))*(Diário!$F$4:$F$5010)) -> 0 | E34: =SUMPRODUCT((Diário!$E$4:$E$5010='Analítico Cx.'!$B34)*(Diário!$B$4:$B$5010>=E$4)*(Diário!$B$4:$B$5010<=EOMONTH(E$4,0))*(Diário!$F$4:$F$5010)) -> 0 | F34: =SUMPRODUCT((Diário!$E$4:$E$5010='Analítico Cx.'!$B34)*(Diário!$B$4:$B$5010>=F$4)*(Diário!$B$4:$B$5010<=EOMONTH(F$4,0))*(Diário!$F$4:$F$5010)) -> 0 | G34: =SUMPRODUCT((Diário!$E$4:$E$5010='Analítico Cx.'!$B34)*(Diário!$B$4:$B$5010>=G$4)*(Diário!$B$4:$B$5010<=EOMONTH(G$4,0))*(Diário!$F$4:$F$5010)) -> 0 | H34: =SUMPRODUCT((Diário!$E$4:$E$5010='Analítico Cx.'!$B34)*(Diário!$B$4:$B$5010>=H$4)*(Diário!$B$4:$B$5010<=EOMONTH(H$4,0))*(Diário!$F$4:$F$5010)) -> 0 | I34: =SUMPRODUCT((Diário!$E$4:$E$5010='Analítico Cx.'!$B34)*(Diário!$B$4:$B$5010>=I$4)*(Diário!$B$4:$B$5010<=EOMONTH(I$4,0))*(Diário!$F$4:$F$5010)) -> 0 | J34: =SUMPRODUCT((Diário!$E$4:$E$5010='Analítico Cx.'!$B34)*(Diário!$B$4:$B$5010>=J$4)*(Diário!$B$4:$B$5010<=EOMONTH(J$4,0))*(Diário!$F$4:$F$5010)) -> 0 | ... N34: =SUMPRODUCT((Diário!$E$4:$E$5010='Analítico Cx.'!$B34)*(Diário!$B$4:$B$5010>=N$4)*(Diário!$B$4:$B$5010<=EOMONTH(N$4,0))*(Diário!$F$4:$F$5010)) -> 0 | O34: =SUM(C34:N34) -> 0 | P34: =IF($O$137=0,0,O34/$O$137) -> 0
A35: 2.1.3.2 | B35: PIS | C35: =SUMPRODUCT((Diário!$E$4:$E$5010='Analítico Cx.'!$B35)*(Diário!$B$4:$B$5010>=C$4)*(Diário!$B$4:$B$5010<=EOMONTH(C$4,0))*(Diário!$F$4:$F$5010)) -> 0 | D35: =SUMPRODUCT((Diário!$E$4:$E$5010='Analítico Cx.'!$B35)*(Diário!$B$4:$B$5010>=D$4)*(Diário!$B$4:$B$5010<=EOMONTH(D$4,0))*(Diário!$F$4:$F$5010)) -> 0 | E35: =SUMPRODUCT((Diário!$E$4:$E$5010='Analítico Cx.'!$B35)*(Diário!$B$4:$B$5010>=E$4)*(Diário!$B$4:$B$5010<=EOMONTH(E$4,0))*(Diário!$F$4:$F$5010)) -> 0 | F35: =SUMPRODUCT((Diário!$E$4:$E$5010='Analítico Cx.'!$B35)*(Diário!$B$4:$B$5010>=F$4)*(Diário!$B$4:$B$5010<=EOMONTH(F$4,0))*(Diário!$F$4:$F$5010)) -> 0 | G35: =SUMPRODUCT((Diário!$E$4:$E$5010='Analítico Cx.'!$B35)*(Diário!$B$4:$B$5010>=G$4)*(Diário!$B$4:$B$5010<=EOMONTH(G$4,0))*(Diário!$F$4:$F$5010)) -> 0 | H35: =SUMPRODUCT((Diário!$E$4:$E$5010='Analítico Cx.'!$B35)*(Diário!$B$4:$B$5010>=H$4)*(Diário!$B$4:$B$5010<=EOMONTH(H$4,0))*(Diário!$F$4:$F$5010)) -> 0 | I35: =SUMPRODUCT((Diário!$E$4:$E$5010='Analítico Cx.'!$B35)*(Diário!$B$4:$B$5010>=I$4)*(Diário!$B$4:$B$5010<=EOMONTH(I$4,0))*(Diário!$F$4:$F$5010)) -> 0 | J35: =SUMPRODUCT((Diário!$E$4:$E$5010='Analítico Cx.'!$B35)*(Diário!$B$4:$B$5010>=J$4)*(Diário!$B$4:$B$5010<=EOMONTH(J$4,0))*(Diário!$F$4:$F$5010)) -> 0 | ... N35: =SUMPRODUCT((Diário!$E$4:$E$5010='Analítico Cx.'!$B35)*(Diário!$B$4:$B$5010>=N$4)*(Diário!$B$4:$B$5010<=EOMONTH(N$4,0))*(Diário!$F$4:$F$5010)) -> 0 | O35: =SUM(C35:N35) -> 0 | P35: =IF($O$137=0,0,O35/$O$137) -> 0
A36: 2.1.3.3 | B36: FGTS | C36: =SUMPRODUCT((Diário!$E$4:$E$5010='Analítico Cx.'!$B36)*(Diário!$B$4:$B$5010>=C$4)*(Diário!$B$4:$B$5010<=EOMONTH(C$4,0))*(Diário!$F$4:$F$5010)) -> 0 | D36: =SUMPRODUCT((Diário!$E$4:$E$5010='Analítico Cx.'!$B36)*(Diário!$B$4:$B$5010>=D$4)*(Diário!$B$4:$B$5010<=EOMONTH(D$4,0))*(Diário!$F$4:$F$5010)) -> 0 | E36: =SUMPRODUCT((Diário!$E$4:$E$5010='Analítico Cx.'!$B36)*(Diário!$B$4:$B$5010>=E$4)*(Diário!$B$4:$B$5010<=EOMONTH(E$4,0))*(Diário!$F$4:$F$5010)) -> 0 | F36: =SUMPRODUCT((Diário!$E$4:$E$5010='Analítico Cx.'!$B36)*(Diário!$B$4:$B$5010>=F$4)*(Diário!$B$4:$B$5010<=EOMONTH(F$4,0))*(Diário!$F$4:$F$5010)) -> 426.65 | G36: =SUMPRODUCT((Diário!$E$4:$E$5010='Analítico Cx.'!$B36)*(Diário!$B$4:$B$5010>=G$4)*(Diário!$B$4:$B$5010<=EOMONTH(G$4,0))*(Diário!$F$4:$F$5010)) -> 4954.36 | H36: =SUMPRODUCT((Diário!$E$4:$E$5010='Analítico Cx.'!$B36)*(Diário!$B$4:$B$5010>=H$4)*(Diário!$B$4:$B$5010<=EOMONTH(H$4,0))*(Diário!$F$4:$F$5010)) -> 6381.97 | I36: =SUMPRODUCT((Diário!$E$4:$E$5010='Analítico Cx.'!$B36)*(Diário!$B$4:$B$5010>=I$4)*(Diário!$B$4:$B$5010<=EOMONTH(I$4,0))*(Diário!$F$4:$F$5010)) -> 6579.51 | J36: =SUMPRODUCT((Diário!$E$4:$E$5010='Analítico Cx.'!$B36)*(Diário!$B$4:$B$5010>=J$4)*(Diário!$B$4:$B$5010<=EOMONTH(J$4,0))*(Diário!$F$4:$F$5010)) -> 6074.48 | ... N36: =SUMPRODUCT((Diário!$E$4:$E$5010='Analítico Cx.'!$B36)*(Diário!$B$4:$B$5010>=N$4)*(Diário!$B$4:$B$5010<=EOMONTH(N$4,0))*(Diário!$F$4:$F$5010)) -> 6542.96 | O36: =SUM(C36:N36) -> 51601.01 | P36: =IF($O$137=0,0,O36/$O$137) -> 0.030169535
A37: 2.1.3.4 | B37: FGTS Multa Rescisória | C37: =SUMPRODUCT((Diário!$E$4:$E$5010='Analítico Cx.'!$B37)*(Diário!$B$4:$B$5010>=C$4)*(Diário!$B$4:$B$5010<=EOMONTH(C$4,0))*(Diário!$F$4:$F$5010)) -> 0 | D37: =SUMPRODUCT((Diário!$E$4:$E$5010='Analítico Cx.'!$B37)*(Diário!$B$4:$B$5010>=D$4)*(Diário!$B$4:$B$5010<=EOMONTH(D$4,0))*(Diário!$F$4:$F$5010)) -> 0 | E37: =SUMPRODUCT((Diário!$E$4:$E$5010='Analítico Cx.'!$B37)*(Diário!$B$4:$B$5010>=E$4)*(Diário!$B$4:$B$5010<=EOMONTH(E$4,0))*(Diário!$F$4:$F$5010)) -> 0 | F37: =SUMPRODUCT((Diário!$E$4:$E$5010='Analítico Cx.'!$B37)*(Diário!$B$4:$B$5010>=F$4)*(Diário!$B$4:$B$5010<=EOMONTH(F$4,0))*(Diário!$F$4:$F$5010)) -> 0 | G37: =SUMPRODUCT((Diário!$E$4:$E$5010='Analítico Cx.'!$B37)*(Diário!$B$4:$B$5010>=G$4)*(Diário!$B$4:$B$5010<=EOMONTH(G$4,0))*(Diário!$F$4:$F$5010)) -> 0 | H37: =SUMPRODUCT((Diário!$E$4:$E$5010='Analítico Cx.'!$B37)*(Diário!$B$4:$B$5010>=H$4)*(Diário!$B$4:$B$5010<=EOMONTH(H$4,0))*(Diário!$F$4:$F$5010)) -> 0 | I37: =SUMPRODUCT((Diário!$E$4:$E$5010='Analítico Cx.'!$B37)*(Diário!$B$4:$B$5010>=I$4)*(Diário!$B$4:$B$5010<=EOMONTH(I$4,0))*(Diário!$F$4:$F$5010)) -> 1683.18 | J37: =SUMPRODUCT((Diário!$E$4:$E$5010='Analítico Cx.'!$B37)*(Diário!$B$4:$B$5010>=J$4)*(Diário!$B$4:$B$5010<=EOMONTH(J$4,0))*(Diário!$F$4:$F$5010)) -> 0 | ... N37: =SUMPRODUCT((Diário!$E$4:$E$5010='Analítico Cx.'!$B37)*(Diário!$B$4:$B$5010>=N$4)*(Diário!$B$4:$B$5010<=EOMONTH(N$4,0))*(Diário!$F$4:$F$5010)) -> 1733.39 | O37: =SUM(C37:N37) -> 5253.98 | P37: =IF($O$137=0,0,O37/$O$137) -> 0.0030718417
A38: 2.1.3.5 | B38: 13º Salário | C38: =SUMPRODUCT((Diário!$E$4:$E$5010='Analítico Cx.'!$B38)*(Diário!$B$4:$B$5010>=C$4)*(Diário!$B$4:$B$5010<=EOMONTH(C$4,0))*(Diário!$F$4:$F$5010)) -> 0 | D38: =SUMPRODUCT((Diário!$E$4:$E$5010='Analítico Cx.'!$B38)*(Diário!$B$4:$B$5010>=D$4)*(Diário!$B$4:$B$5010<=EOMONTH(D$4,0))*(Diário!$F$4:$F$5010)) -> 0 | E38: =SUMPRODUCT((Diário!$E$4:$E$5010='Analítico Cx.'!$B38)*(Diário!$B$4:$B$5010>=E$4)*(Diário!$B$4:$B$5010<=EOMONTH(E$4,0))*(Diário!$F$4:$F$5010)) -> 0 | F38: =SUMPRODUCT((Diário!$E$4:$E$5010='Analítico Cx.'!$B38)*(Diário!$B$4:$B$5010>=F$4)*(Diário!$B$4:$B$5010<=EOMONTH(F$4,0))*(Diário!$F$4:$F$5010)) -> 0 | G38: =SUMPRODUCT((Diário!$E$4:$E$5010='Analítico Cx.'!$B38)*(Diário!$B$4:$B$5010>=G$4)*(Diário!$B$4:$B$5010<=EOMONTH(G$4,0))*(Diário!$F$4:$F$5010)) -> 0 | H38: =SUMPRODUCT((Diário!$E$4:$E$5010='Analítico Cx.'!$B38)*(Diário!$B$4:$B$5010>=H$4)*(Diário!$B$4:$B$5010<=EOMONTH(H$4,0))*(Diário!$F$4:$F$5010)) -> 0 | I38: =SUMPRODUCT((Diário!$E$4:$E$5010='Analítico Cx.'!$B38)*(Diário!$B$4:$B$5010>=I$4)*(Diário!$B$4:$B$5010<=EOMONTH(I$4,0))*(Diário!$F$4:$F$5010)) -> 0 | J38: =SUMPRODUCT((Diário!$E$4:$E$5010='Analítico Cx.'!$B38)*(Diário!$B$4:$B$5010>=J$4)*(Diário!$B$4:$B$5010<=EOMONTH(J$4,0))*(Diário!$F$4:$F$5010)) -> 0 | ... N38: =SUMPRODUCT((Diário!$E$4:$E$5010='Analítico Cx.'!$B38)*(Diário!$B$4:$B$5010>=N$4)*(Diário!$B$4:$B$5010<=EOMONTH(N$4,0))*(Diário!$F$4:$F$5010)) -> 21963.26 | O38: =SUM(C38:N38) -> 49035.91 | P38: =IF($O$137=0,0,O38/$O$137) -> 0.028669799
A39: 2.1.3.6 | B39: Férias | C39: =SUMPRODUCT((Diário!$E$4:$E$5010='Analítico Cx.'!$B39)*(Diário!$B$4:$B$5010>=C$4)*(Diário!$B$4:$B$5010<=EOMONTH(C$4,0))*(Diário!$F$4:$F$5010)) -> 0 | D39: =SUMPRODUCT((Diário!$E$4:$E$5010='Analítico Cx.'!$B39)*(Diário!$B$4:$B$5010>=D$4)*(Diário!$B$4:$B$5010<=EOMONTH(D$4,0))*(Diário!$F$4:$F$5010)) -> 0 | E39: =SUMPRODUCT((Diário!$E$4:$E$5010='Analítico Cx.'!$B39)*(Diário!$B$4:$B$5010>=E$4)*(Diário!$B$4:$B$5010<=EOMONTH(E$4,0))*(Diário!$F$4:$F$5010)) -> 0 | F39: =SUMPRODUCT((Diário!$E$4:$E$5010='Analítico Cx.'!$B39)*(Diário!$B$4:$B$5010>=F$4)*(Diário!$B$4:$B$5010<=EOMONTH(F$4,0))*(Diário!$F$4:$F$5010)) -> 0 | G39: =SUMPRODUCT((Diário!$E$4:$E$5010='Analítico Cx.'!$B39)*(Diário!$B$4:$B$5010>=G$4)*(Diário!$B$4:$B$5010<=EOMONTH(G$4,0))*(Diário!$F$4:$F$5010)) -> 0 | H39: =SUMPRODUCT((Diário!$E$4:$E$5010='Analítico Cx.'!$B39)*(Diário!$B$4:$B$5010>=H$4)*(Diário!$B$4:$B$5010<=EOMONTH(H$4,0))*(Diário!$F$4:$F$5010)) -> 0 | I39: =SUMPRODUCT((Diário!$E$4:$E$5010='Analítico Cx.'!$B39)*(Diário!$B$4:$B$5010>=I$4)*(Diário!$B$4:$B$5010<=EOMONTH(I$4,0))*(Diário!$F$4:$F$5010)) -> 0 | J39: =SUMPRODUCT((Diário!$E$4:$E$5010='Analítico Cx.'!$B39)*(Diário!$B$4:$B$5010>=J$4)*(Diário!$B$4:$B$5010<=EOMONTH(J$4,0))*(Diário!$F$4:$F$5010)) -> 0 | ... N39: =SUMPRODUCT((Diário!$E$4:$E$5010='Analítico Cx.'!$B39)*(Diário!$B$4:$B$5010>=N$4)*(Diário!$B$4:$B$5010<=EOMONTH(N$4,0))*(Diário!$F$4:$F$5010)) -> 0 | O39: =SUM(C39:N39) -> 0 | P39: =IF($O$137=0,0,O39/$O$137) -> 0
A40: 2.1.3.7 | B40: 1/3 de Férias | C40: =SUMPRODUCT((Diário!$E$4:$E$5010='Analítico Cx.'!$B40)*(Diário!$B$4:$B$5010>=C$4)*(Diário!$B$4:$B$5010<=EOMONTH(C$4,0))*(Diário!$F$4:$F$5010)) -> 0 | D40: =SUMPRODUCT((Diário!$E$4:$E$5010='Analítico Cx.'!$B40)*(Diário!$B$4:$B$5010>=D$4)*(Diário!$B$4:$B$5010<=EOMONTH(D$4,0))*(Diário!$F$4:$F$5010)) -> 0 | E40: =SUMPRODUCT((Diário!$E$4:$E$5010='Analítico Cx.'!$B40)*(Diário!$B$4:$B$5010>=E$4)*(Diário!$B$4:$B$5010<=EOMONTH(E$4,0))*(Diário!$F$4:$F$5010)) -> 0 | F40: =SUMPRODUCT((Diário!$E$4:$E$5010='Analítico Cx.'!$B40)*(Diário!$B$4:$B$5010>=F$4)*(Diário!$B$4:$B$5010<=EOMONTH(F$4,0))*(Diário!$F$4:$F$5010)) -> 0 | G40: =SUMPRODUCT((Diário!$E$4:$E$5010='Analítico Cx.'!$B40)*(Diário!$B$4:$B$5010>=G$4)*(Diário!$B$4:$B$5010<=EOMONTH(G$4,0))*(Diário!$F$4:$F$5010)) -> 0 | H40: =SUMPRODUCT((Diário!$E$4:$E$5010='Analítico Cx.'!$B40)*(Diário!$B$4:$B$5010>=H$4)*(Diário!$B$4:$B$5010<=EOMONTH(H$4,0))*(Diário!$F$4:$F$5010)) -> 0 | I40: =SUMPRODUCT((Diário!$E$4:$E$5010='Analítico Cx.'!$B40)*(Diário!$B$4:$B$5010>=I$4)*(Diário!$B$4:$B$5010<=EOMONTH(I$4,0))*(Diário!$F$4:$F$5010)) -> 0 | J40: =SUMPRODUCT((Diário!$E$4:$E$5010='Analítico Cx.'!$B40)*(Diário!$B$4:$B$5010>=J$4)*(Diário!$B$4:$B$5010<=EOMONTH(J$4,0))*(Diário!$F$4:$F$5010)) -> 0 | ... N40: =SUMPRODUCT((Diário!$E$4:$E$5010='Analítico Cx.'!$B40)*(Diário!$B$4:$B$5010>=N$4)*(Diário!$B$4:$B$5010<=EOMONTH(N$4,0))*(Diário!$F$4:$F$5010)) -> 0 | O40: =SUM(C40:N40) -> 0 | P40: =IF($O$137=0,0,O40/$O$137) -> 0
A41: 2.1.3.8 | B41: Rescisão de Trabalho | C41: =SUMPRODUCT((Diário!$E$4:$E$5010='Analítico Cx.'!$B41)*(Diário!$B$4:$B$5010>=C$4)*(Diário!$B$4:$B$5010<=EOMONTH(C$4,0))*(Diário!$F$4:$F$5010)) -> 0 | D41: =SUMPRODUCT((Diário!$E$4:$E$5010='Analítico Cx.'!$B41)*(Diário!$B$4:$B$5010>=D$4)*(Diário!$B$4:$B$5010<=EOMONTH(D$4,0))*(Diário!$F$4:$F$5010)) -> 0 | E41: =SUMPRODUCT((Diário!$E$4:$E$5010='Analítico Cx.'!$B41)*(Diário!$B$4:$B$5010>=E$4)*(Diário!$B$4:$B$5010<=EOMONTH(E$4,0))*(Diário!$F$4:$F$5010)) -> 0 | F41: =SUMPRODUCT((Diário!$E$4:$E$5010='Analítico Cx.'!$B41)*(Diário!$B$4:$B$5010>=F$4)*(Diário!$B$4:$B$5010<=EOMONTH(F$4,0))*(Diário!$F$4:$F$5010)) -> 136.03 | G41: =SUMPRODUCT((Diário!$E$4:$E$5010='Analítico Cx.'!$B41)*(Diário!$B$4:$B$5010>=G$4)*(Diário!$B$4:$B$5010<=EOMONTH(G$4,0))*(Diário!$F$4:$F$5010)) -> 1596.46 | H41: =SUMPRODUCT((Diário!$E$4:$E$5010='Analítico Cx.'!$B41)*(Diário!$B$4:$B$5010>=H$4)*(Diário!$B$4:$B$5010<=EOMONTH(H$4,0))*(Diário!$F$4:$F$5010)) -> 1040.69 | I41: =SUMPRODUCT((Diário!$E$4:$E$5010='Analítico Cx.'!$B41)*(Diário!$B$4:$B$5010>=I$4)*(Diário!$B$4:$B$5010<=EOMONTH(I$4,0))*(Diário!$F$4:$F$5010)) -> 19654.09 | J41: =SUMPRODUCT((Diário!$E$4:$E$5010='Analítico Cx.'!$B41)*(Diário!$B$4:$B$5010>=J$4)*(Diário!$B$4:$B$5010<=EOMONTH(J$4,0))*(Diário!$F$4:$F$5010)) -> 0 | ... N41: =SUMPRODUCT((Diário!$E$4:$E$5010='Analítico Cx.'!$B41)*(Diário!$B$4:$B$5010>=N$4)*(Diário!$B$4:$B$5010<=EOMONTH(N$4,0))*(Diário!$F$4:$F$5010)) -> 7317 | O41: =SUM(C41:N41) -> 50416.3 | P41: =IF($O$137=0,0,O41/$O$137) -> 0.029476871
A42: 2.1.3.9 | B42: Medicina e Segurança do Trabalho | C42: =SUMPRODUCT((Diário!$E$4:$E$5010='Analítico Cx.'!$B42)*(Diário!$B$4:$B$5010>=C$4)*(Diário!$B$4:$B$5010<=EOMONTH(C$4,0))*(Diário!$F$4:$F$5010)) -> 0 | D42: =SUMPRODUCT((Diário!$E$4:$E$5010='Analítico Cx.'!$B42)*(Diário!$B$4:$B$5010>=D$4)*(Diário!$B$4:$B$5010<=EOMONTH(D$4,0))*(Diário!$F$4:$F$5010)) -> 0 | E42: =SUMPRODUCT((Diário!$E$4:$E$5010='Analítico Cx.'!$B42)*(Diário!$B$4:$B$5010>=E$4)*(Diário!$B$4:$B$5010<=EOMONTH(E$4,0))*(Diário!$F$4:$F$5010)) -> 0 | F42: =SUMPRODUCT((Diário!$E$4:$E$5010='Analítico Cx.'!$B42)*(Diário!$B$4:$B$5010>=F$4)*(Diário!$B$4:$B$5010<=EOMONTH(F$4,0))*(Diário!$F$4:$F$5010)) -> 616.7 | G42: =SUMPRODUCT((Diário!$E$4:$E$5010='Analítico Cx.'!$B42)*(Diário!$B$4:$B$5010>=G$4)*(Diário!$B$4:$B$5010<=EOMONTH(G$4,0))*(Diário!$F$4:$F$5010)) -> 1022.18 | H42: =SUMPRODUCT((Diário!$E$4:$E$5010='Analítico Cx.'!$B42)*(Diário!$B$4:$B$5010>=H$4)*(Diário!$B$4:$B$5010<=EOMONTH(H$4,0))*(Diário!$F$4:$F$5010)) -> 541.81 | I42: =SUMPRODUCT((Diário!$E$4:$E$5010='Analítico Cx.'!$B42)*(Diário!$B$4:$B$5010>=I$4)*(Diário!$B$4:$B$5010<=EOMONTH(I$4,0))*(Diário!$F$4:$F$5010)) -> 320.76 | J42: =SUMPRODUCT((Diário!$E$4:$E$5010='Analítico Cx.'!$B42)*(Diário!$B$4:$B$5010>=J$4)*(Diário!$B$4:$B$5010<=EOMONTH(J$4,0))*(Diário!$F$4:$F$5010)) -> 483.02 | ... N42: =SUMPRODUCT((Diário!$E$4:$E$5010='Analítico Cx.'!$B42)*(Diário!$B$4:$B$5010>=N$4)*(Diário!$B$4:$B$5010<=EOMONTH(N$4,0))*(Diário!$F$4:$F$5010)) -> 491.29 | O42: =SUM(C42:N42) -> 4756.25 | P42: =IF($O$137=0,0,O42/$O$137) -> 0.0027808341
A43: 2.1.3.10 | B43: Despesas Sindicais | C43: =SUMPRODUCT((Diário!$E$4:$E$5010='Analítico Cx.'!$B43)*(Diário!$B$4:$B$5010>=C$4)*(Diário!$B$4:$B$5010<=EOMONTH(C$4,0))*(Diário!$F$4:$F$5010)) -> 0 | D43: =SUMPRODUCT((Diário!$E$4:$E$5010='Analítico Cx.'!$B43)*(Diário!$B$4:$B$5010>=D$4)*(Diário!$B$4:$B$5010<=EOMONTH(D$4,0))*(Diário!$F$4:$F$5010)) -> 0 | E43: =SUMPRODUCT((Diário!$E$4:$E$5010='Analítico Cx.'!$B43)*(Diário!$B$4:$B$5010>=E$4)*(Diário!$B$4:$B$5010<=EOMONTH(E$4,0))*(Diário!$F$4:$F$5010)) -> 0 | F43: =SUMPRODUCT((Diário!$E$4:$E$5010='Analítico Cx.'!$B43)*(Diário!$B$4:$B$5010>=F$4)*(Diário!$B$4:$B$5010<=EOMONTH(F$4,0))*(Diário!$F$4:$F$5010)) -> 0 | G43: =SUMPRODUCT((Diário!$E$4:$E$5010='Analítico Cx.'!$B43)*(Diário!$B$4:$B$5010>=G$4)*(Diário!$B$4:$B$5010<=EOMONTH(G$4,0))*(Diário!$F$4:$F$5010)) -> 0 | H43: =SUMPRODUCT((Diário!$E$4:$E$5010='Analítico Cx.'!$B43)*(Diário!$B$4:$B$5010>=H$4)*(Diário!$B$4:$B$5010<=EOMONTH(H$4,0))*(Diário!$F$4:$F$5010)) -> 0 | I43: =SUMPRODUCT((Diário!$E$4:$E$5010='Analítico Cx.'!$B43)*(Diário!$B$4:$B$5010>=I$4)*(Diário!$B$4:$B$5010<=EOMONTH(I$4,0))*(Diário!$F$4:$F$5010)) -> 0 | J43: =SUMPRODUCT((Diário!$E$4:$E$5010='Analítico Cx.'!$B43)*(Diário!$B$4:$B$5010>=J$4)*(Diário!$B$4:$B$5010<=EOMONTH(J$4,0))*(Diário!$F$4:$F$5010)) -> 0 | ... N43: =SUMPRODUCT((Diário!$E$4:$E$5010='Analítico Cx.'!$B43)*(Diário!$B$4:$B$5010>=N$4)*(Diário!$B$4:$B$5010<=EOMONTH(N$4,0))*(Diário!$F$4:$F$5010)) -> 0 | O43: =SUM(C43:N43) -> 0 | P43: =IF($O$137=0,0,O43/$O$137) -> 0
A44: 2.1.3.11 | B44: Outros Encargos Trabalhistas | C44: =SUMPRODUCT((Diário!$E$4:$E$5010='Analítico Cx.'!$B44)*(Diário!$B$4:$B$5010>=C$4)*(Diário!$B$4:$B$5010<=EOMONTH(C$4,0))*(Diário!$F$4:$F$5010)) -> 0 | D44: =SUMPRODUCT((Diário!$E$4:$E$5010='Analítico Cx.'!$B44)*(Diário!$B$4:$B$5010>=D$4)*(Diário!$B$4:$B$5010<=EOMONTH(D$4,0))*(Diário!$F$4:$F$5010)) -> 0 | E44: =SUMPRODUCT((Diário!$E$4:$E$5010='Analítico Cx.'!$B44)*(Diário!$B$4:$B$5010>=E$4)*(Diário!$B$4:$B$5010<=EOMONTH(E$4,0))*(Diário!$F$4:$F$5010)) -> 0 | F44: =SUMPRODUCT((Diário!$E$4:$E$5010='Analítico Cx.'!$B44)*(Diário!$B$4:$B$5010>=F$4)*(Diário!$B$4:$B$5010<=EOMONTH(F$4,0))*(Diário!$F$4:$F$5010)) -> 0 | G44: =SUMPRODUCT((Diário!$E$4:$E$5010='Analítico Cx.'!$B44)*(Diário!$B$4:$B$5010>=G$4)*(Diário!$B$4:$B$5010<=EOMONTH(G$4,0))*(Diário!$F$4:$F$5010)) -> 0 | H44: =SUMPRODUCT((Diário!$E$4:$E$5010='Analítico Cx.'!$B44)*(Diário!$B$4:$B$5010>=H$4)*(Diário!$B$4:$B$5010<=EOMONTH(H$4,0))*(Diário!$F$4:$F$5010)) -> 0 | I44: =SUMPRODUCT((Diário!$E$4:$E$5010='Analítico Cx.'!$B44)*(Diário!$B$4:$B$5010>=I$4)*(Diário!$B$4:$B$5010<=EOMONTH(I$4,0))*(Diário!$F$4:$F$5010)) -> 0 | J44: =SUMPRODUCT((Diário!$E$4:$E$5010='Analítico Cx.'!$B44)*(Diário!$B$4:$B$5010>=J$4)*(Diário!$B$4:$B$5010<=EOMONTH(J$4,0))*(Diário!$F$4:$F$5010)) -> 0 | ... N44: =SUMPRODUCT((Diário!$E$4:$E$5010='Analítico Cx.'!$B44)*(Diário!$B$4:$B$5010>=N$4)*(Diário!$B$4:$B$5010<=EOMONTH(N$4,0))*(Diário!$F$4:$F$5010)) -> 0 | O44: =SUM(C44:N44) -> 0 | P44: =IF($O$137=0,0,O44/$O$137) -> 0
B45: Subtotal Encargos Trabalhistas: | C45: =SUBTOTAL(109,C34:C44) -> 0 | D45: =SUBTOTAL(109,D34:D44) -> 0 | E45: =SUBTOTAL(109,E34:E44) -> 0 | F45: =SUBTOTAL(109,F34:F44) -> 1179.38 | G45: =SUBTOTAL(109,G34:G44) -> 7573 | H45: =SUBTOTAL(109,H34:H44) -> 7964.47 | I45: =SUBTOTAL(109,I34:I44) -> 28237.54 | J45: =SUBTOTAL(109,J34:J44) -> 6557.5 | ... O45: =SUBTOTAL(109,O34:O44) -> 161063.45 | P45: =IF($O$137=0,0,O45/$O$137) -> 0.094168881
A46: 2.1.4 | B46: Benefícios | P46: =IF($O$137=0,0,O46/$O$137) -> 0
A47: 2.1.4.1 | B47: Vale Transporte | C47: =SUMPRODUCT((Diário!$E$4:$E$5010='Analítico Cx.'!$B47)*(Diário!$B$4:$B$5010>=C$4)*(Diário!$B$4:$B$5010<=EOMONTH(C$4,0))*(Diário!$F$4:$F$5010)) -> 0 | D47: =SUMPRODUCT((Diário!$E$4:$E$5010='Analítico Cx.'!$B47)*(Diário!$B$4:$B$5010>=D$4)*(Diário!$B$4:$B$5010<=EOMONTH(D$4,0))*(Diário!$F$4:$F$5010)) -> 0 | E47: =SUMPRODUCT((Diário!$E$4:$E$5010='Analítico Cx.'!$B47)*(Diário!$B$4:$B$5010>=E$4)*(Diário!$B$4:$B$5010<=EOMONTH(E$4,0))*(Diário!$F$4:$F$5010)) -> 0 | F47: =SUMPRODUCT((Diário!$E$4:$E$5010='Analítico Cx.'!$B47)*(Diário!$B$4:$B$5010>=F$4)*(Diário!$B$4:$B$5010<=EOMONTH(F$4,0))*(Diário!$F$4:$F$5010)) -> 7548.13 | G47: =SUMPRODUCT((Diário!$E$4:$E$5010='Analítico Cx.'!$B47)*(Diário!$B$4:$B$5010>=G$4)*(Diário!$B$4:$B$5010<=EOMONTH(G$4,0))*(Diário!$F$4:$F$5010)) -> 3682.19 | H47: =SUMPRODUCT((Diário!$E$4:$E$5010='Analítico Cx.'!$B47)*(Diário!$B$4:$B$5010>=H$4)*(Diário!$B$4:$B$5010<=EOMONTH(H$4,0))*(Diário!$F$4:$F$5010)) -> 3211.11 | I47: =SUMPRODUCT((Diário!$E$4:$E$5010='Analítico Cx.'!$B47)*(Diário!$B$4:$B$5010>=I$4)*(Diário!$B$4:$B$5010<=EOMONTH(I$4,0))*(Diário!$F$4:$F$5010)) -> 2196.78 | J47: =SUMPRODUCT((Diário!$E$4:$E$5010='Analítico Cx.'!$B47)*(Diário!$B$4:$B$5010>=J$4)*(Diário!$B$4:$B$5010<=EOMONTH(J$4,0))*(Diário!$F$4:$F$5010)) -> 2318.38 | ... N47: =SUMPRODUCT((Diário!$E$4:$E$5010='Analítico Cx.'!$B47)*(Diário!$B$4:$B$5010>=N$4)*(Diário!$B$4:$B$5010<=EOMONTH(N$4,0))*(Diário!$F$4:$F$5010)) -> 1661.56 | O47: =SUM(C47:N47) -> 26848.44 | P47: =IF($O$137=0,0,O47/$O$137) -> 0.015697463
A48: 2.1.4.2 | B48: Vale Alimentação | C48: =SUMPRODUCT((Diário!$E$4:$E$5010='Analítico Cx.'!$B48)*(Diário!$B$4:$B$5010>=C$4)*(Diário!$B$4:$B$5010<=EOMONTH(C$4,0))*(Diário!$F$4:$F$5010)) -> 0 | D48: =SUMPRODUCT((Diário!$E$4:$E$5010='Analítico Cx.'!$B48)*(Diário!$B$4:$B$5010>=D$4)*(Diário!$B$4:$B$5010<=EOMONTH(D$4,0))*(Diário!$F$4:$F$5010)) -> 0 | E48: =SUMPRODUCT((Diário!$E$4:$E$5010='Analítico Cx.'!$B48)*(Diário!$B$4:$B$5010>=E$4)*(Diário!$B$4:$B$5010<=EOMONTH(E$4,0))*(Diário!$F$4:$F$5010)) -> 0 | F48: =SUMPRODUCT((Diário!$E$4:$E$5010='Analítico Cx.'!$B48)*(Diário!$B$4:$B$5010>=F$4)*(Diário!$B$4:$B$5010<=EOMONTH(F$4,0))*(Diário!$F$4:$F$5010)) -> 0 | G48: =SUMPRODUCT((Diário!$E$4:$E$5010='Analítico Cx.'!$B48)*(Diário!$B$4:$B$5010>=G$4)*(Diário!$B$4:$B$5010<=EOMONTH(G$4,0))*(Diário!$F$4:$F$5010)) -> 0 | H48: =SUMPRODUCT((Diário!$E$4:$E$5010='Analítico Cx.'!$B48)*(Diário!$B$4:$B$5010>=H$4)*(Diário!$B$4:$B$5010<=EOMONTH(H$4,0))*(Diário!$F$4:$F$5010)) -> 0 | I48: =SUMPRODUCT((Diário!$E$4:$E$5010='Analítico Cx.'!$B48)*(Diário!$B$4:$B$5010>=I$4)*(Diário!$B$4:$B$5010<=EOMONTH(I$4,0))*(Diário!$F$4:$F$5010)) -> 0 | J48: =SUMPRODUCT((Diário!$E$4:$E$5010='Analítico Cx.'!$B48)*(Diário!$B$4:$B$5010>=J$4)*(Diário!$B$4:$B$5010<=EOMONTH(J$4,0))*(Diário!$F$4:$F$5010)) -> 920 | ... N48: =SUMPRODUCT((Diário!$E$4:$E$5010='Analítico Cx.'!$B48)*(Diário!$B$4:$B$5010>=N$4)*(Diário!$B$4:$B$5010<=EOMONTH(N$4,0))*(Diário!$F$4:$F$5010)) -> 0 | O48: =SUM(C48:N48) -> 1840 | P48: =IF($O$137=0,0,O48/$O$137) -> 0.0010757918
A49: 2.1.4.3 | B49: Plano de Saúde | C49: =SUMPRODUCT((Diário!$E$4:$E$5010='Analítico Cx.'!$B49)*(Diário!$B$4:$B$5010>=C$4)*(Diário!$B$4:$B$5010<=EOMONTH(C$4,0))*(Diário!$F$4:$F$5010)) -> 0 | D49: =SUMPRODUCT((Diário!$E$4:$E$5010='Analítico Cx.'!$B49)*(Diário!$B$4:$B$5010>=D$4)*(Diário!$B$4:$B$5010<=EOMONTH(D$4,0))*(Diário!$F$4:$F$5010)) -> 0 | E49: =SUMPRODUCT((Diário!$E$4:$E$5010='Analítico Cx.'!$B49)*(Diário!$B$4:$B$5010>=E$4)*(Diário!$B$4:$B$5010<=EOMONTH(E$4,0))*(Diário!$F$4:$F$5010)) -> 0 | F49: =SUMPRODUCT((Diário!$E$4:$E$5010='Analítico Cx.'!$B49)*(Diário!$B$4:$B$5010>=F$4)*(Diário!$B$4:$B$5010<=EOMONTH(F$4,0))*(Diário!$F$4:$F$5010)) -> 79.95 | G49: =SUMPRODUCT((Diário!$E$4:$E$5010='Analítico Cx.'!$B49)*(Diário!$B$4:$B$5010>=G$4)*(Diário!$B$4:$B$5010<=EOMONTH(G$4,0))*(Diário!$F$4:$F$5010)) -> 1158.23 | H49: =SUMPRODUCT((Diário!$E$4:$E$5010='Analítico Cx.'!$B49)*(Diário!$B$4:$B$5010>=H$4)*(Diário!$B$4:$B$5010<=EOMONTH(H$4,0))*(Diário!$F$4:$F$5010)) -> 1446.32 | I49: =SUMPRODUCT((Diário!$E$4:$E$5010='Analítico Cx.'!$B49)*(Diário!$B$4:$B$5010>=I$4)*(Diário!$B$4:$B$5010<=EOMONTH(I$4,0))*(Diário!$F$4:$F$5010)) -> 1558.54 | J49: =SUMPRODUCT((Diário!$E$4:$E$5010='Analítico Cx.'!$B49)*(Diário!$B$4:$B$5010>=J$4)*(Diário!$B$4:$B$5010<=EOMONTH(J$4,0))*(Diário!$F$4:$F$5010)) -> 1417 | ... N49: =SUMPRODUCT((Diário!$E$4:$E$5010='Analítico Cx.'!$B49)*(Diário!$B$4:$B$5010>=N$4)*(Diário!$B$4:$B$5010<=EOMONTH(N$4,0))*(Diário!$F$4:$F$5010)) -> 1417 | O49: =SUM(C49:N49) -> 11465.88 | P49: =IF($O$137=0,0,O49/$O$137) -> 0.0067037499
A50: 2.1.4.4 | B50: Seguro de Vida | C50: =SUMPRODUCT((Diário!$E$4:$E$5010='Analítico Cx.'!$B50)*(Diário!$B$4:$B$5010>=C$4)*(Diário!$B$4:$B$5010<=EOMONTH(C$4,0))*(Diário!$F$4:$F$5010)) -> 0 | D50: =SUMPRODUCT((Diário!$E$4:$E$5010='Analítico Cx.'!$B50)*(Diário!$B$4:$B$5010>=D$4)*(Diário!$B$4:$B$5010<=EOMONTH(D$4,0))*(Diário!$F$4:$F$5010)) -> 0 | E50: =SUMPRODUCT((Diário!$E$4:$E$5010='Analítico Cx.'!$B50)*(Diário!$B$4:$B$5010>=E$4)*(Diário!$B$4:$B$5010<=EOMONTH(E$4,0))*(Diário!$F$4:$F$5010)) -> 0 | F50: =SUMPRODUCT((Diário!$E$4:$E$5010='Analítico Cx.'!$B50)*(Diário!$B$4:$B$5010>=F$4)*(Diário!$B$4:$B$5010<=EOMONTH(F$4,0))*(Diário!$F$4:$F$5010)) -> 0 | G50: =SUMPRODUCT((Diário!$E$4:$E$5010='Analítico Cx.'!$B50)*(Diário!$B$4:$B$5010>=G$4)*(Diário!$B$4:$B$5010<=EOMONTH(G$4,0))*(Diário!$F$4:$F$5010)) -> 0 | H50: =SUMPRODUCT((Diário!$E$4:$E$5010='Analítico Cx.'!$B50)*(Diário!$B$4:$B$5010>=H$4)*(Diário!$B$4:$B$5010<=EOMONTH(H$4,0))*(Diário!$F$4:$F$5010)) -> 278.72 | I50: =SUMPRODUCT((Diário!$E$4:$E$5010='Analítico Cx.'!$B50)*(Diário!$B$4:$B$5010>=I$4)*(Diário!$B$4:$B$5010<=EOMONTH(I$4,0))*(Diário!$F$4:$F$5010)) -> 289.44 | J50: =SUMPRODUCT((Diário!$E$4:$E$5010='Analítico Cx.'!$B50)*(Diário!$B$4:$B$5010>=J$4)*(Diário!$B$4:$B$5010<=EOMONTH(J$4,0))*(Diário!$F$4:$F$5010)) -> 289.44 | ... N50: =SUMPRODUCT((Diário!$E$4:$E$5010='Analítico Cx.'!$B50)*(Diário!$B$4:$B$5010>=N$4)*(Diário!$B$4:$B$5010<=EOMONTH(N$4,0))*(Diário!$F$4:$F$5010)) -> 0 | O50: =SUM(C50:N50) -> 1679.72 | P50: =IF($O$137=0,0,O50/$O$137) -> 0.00098208099
A51: 2.1.4.5 | B51: Plano Odontológico | C51: =SUMPRODUCT((Diário!$E$4:$E$5010='Analítico Cx.'!$B51)*(Diário!$B$4:$B$5010>=C$4)*(Diário!$B$4:$B$5010<=EOMONTH(C$4,0))*(Diário!$F$4:$F$5010)) -> 0 | D51: =SUMPRODUCT((Diário!$E$4:$E$5010='Analítico Cx.'!$B51)*(Diário!$B$4:$B$5010>=D$4)*(Diário!$B$4:$B$5010<=EOMONTH(D$4,0))*(Diário!$F$4:$F$5010)) -> 0 | E51: =SUMPRODUCT((Diário!$E$4:$E$5010='Analítico Cx.'!$B51)*(Diário!$B$4:$B$5010>=E$4)*(Diário!$B$4:$B$5010<=EOMONTH(E$4,0))*(Diário!$F$4:$F$5010)) -> 0 | F51: =SUMPRODUCT((Diário!$E$4:$E$5010='Analítico Cx.'!$B51)*(Diário!$B$4:$B$5010>=F$4)*(Diário!$B$4:$B$5010<=EOMONTH(F$4,0))*(Diário!$F$4:$F$5010)) -> 0 | G51: =SUMPRODUCT((Diário!$E$4:$E$5010='Analítico Cx.'!$B51)*(Diário!$B$4:$B$5010>=G$4)*(Diário!$B$4:$B$5010<=EOMONTH(G$4,0))*(Diário!$F$4:$F$5010)) -> 0 | H51: =SUMPRODUCT((Diário!$E$4:$E$5010='Analítico Cx.'!$B51)*(Diário!$B$4:$B$5010>=H$4)*(Diário!$B$4:$B$5010<=EOMONTH(H$4,0))*(Diário!$F$4:$F$5010)) -> 474.69 | I51: =SUMPRODUCT((Diário!$E$4:$E$5010='Analítico Cx.'!$B51)*(Diário!$B$4:$B$5010>=I$4)*(Diário!$B$4:$B$5010<=EOMONTH(I$4,0))*(Diário!$F$4:$F$5010)) -> 0 | J51: =SUMPRODUCT((Diário!$E$4:$E$5010='Analítico Cx.'!$B51)*(Diário!$B$4:$B$5010>=J$4)*(Diário!$B$4:$B$5010<=EOMONTH(J$4,0))*(Diário!$F$4:$F$5010)) -> 0 | ... N51: =SUMPRODUCT((Diário!$E$4:$E$5010='Analítico Cx.'!$B51)*(Diário!$B$4:$B$5010>=N$4)*(Diário!$B$4:$B$5010<=EOMONTH(N$4,0))*(Diário!$F$4:$F$5010)) -> 600 | O51: =SUM(C51:N51) -> 1682.19 | P51: =IF($O$137=0,0,O51/$O$137) -> 0.00098352513
A52: 2.1.4.6 | B52: Cesta Básica | C52: =SUMPRODUCT((Diário!$E$4:$E$5010='Analítico Cx.'!$B52)*(Diário!$B$4:$B$5010>=C$4)*(Diário!$B$4:$B$5010<=EOMONTH(C$4,0))*(Diário!$F$4:$F$5010)) -> 0 | D52: =SUMPRODUCT((Diário!$E$4:$E$5010='Analítico Cx.'!$B52)*(Diário!$B$4:$B$5010>=D$4)*(Diário!$B$4:$B$5010<=EOMONTH(D$4,0))*(Diário!$F$4:$F$5010)) -> 0 | E52: =SUMPRODUCT((Diário!$E$4:$E$5010='Analítico Cx.'!$B52)*(Diário!$B$4:$B$5010>=E$4)*(Diário!$B$4:$B$5010<=EOMONTH(E$4,0))*(Diário!$F$4:$F$5010)) -> 0 | F52: =SUMPRODUCT((Diário!$E$4:$E$5010='Analítico Cx.'!$B52)*(Diário!$B$4:$B$5010>=F$4)*(Diário!$B$4:$B$5010<=EOMONTH(F$4,0))*(Diário!$F$4:$F$5010)) -> 0 | G52: =SUMPRODUCT((Diário!$E$4:$E$5010='Analítico Cx.'!$B52)*(Diário!$B$4:$B$5010>=G$4)*(Diário!$B$4:$B$5010<=EOMONTH(G$4,0))*(Diário!$F$4:$F$5010)) -> 0 | H52: =SUMPRODUCT((Diário!$E$4:$E$5010='Analítico Cx.'!$B52)*(Diário!$B$4:$B$5010>=H$4)*(Diário!$B$4:$B$5010<=EOMONTH(H$4,0))*(Diário!$F$4:$F$5010)) -> 0 | I52: =SUMPRODUCT((Diário!$E$4:$E$5010='Analítico Cx.'!$B52)*(Diário!$B$4:$B$5010>=I$4)*(Diário!$B$4:$B$5010<=EOMONTH(I$4,0))*(Diário!$F$4:$F$5010)) -> 0 | J52: =SUMPRODUCT((Diário!$E$4:$E$5010='Analítico Cx.'!$B52)*(Diário!$B$4:$B$5010>=J$4)*(Diário!$B$4:$B$5010<=EOMONTH(J$4,0))*(Diário!$F$4:$F$5010)) -> 0 | ... N52: =SUMPRODUCT((Diário!$E$4:$E$5010='Analítico Cx.'!$B52)*(Diário!$B$4:$B$5010>=N$4)*(Diário!$B$4:$B$5010<=EOMONTH(N$4,0))*(Diário!$F$4:$F$5010)) -> 0 | O52: =SUM(C52:N52) -> 0 | P52: =IF($O$137=0,0,O52/$O$137) -> 0
A53: 2.1.4.7 | B53: Bem Estar Social | C53: =SUMPRODUCT((Diário!$E$4:$E$5010='Analítico Cx.'!$B53)*(Diário!$B$4:$B$5010>=C$4)*(Diário!$B$4:$B$5010<=EOMONTH(C$4,0))*(Diário!$F$4:$F$5010)) -> 0 | D53: =SUMPRODUCT((Diário!$E$4:$E$5010='Analítico Cx.'!$B53)*(Diário!$B$4:$B$5010>=D$4)*(Diário!$B$4:$B$5010<=EOMONTH(D$4,0))*(Diário!$F$4:$F$5010)) -> 0 | E53: =SUMPRODUCT((Diário!$E$4:$E$5010='Analítico Cx.'!$B53)*(Diário!$B$4:$B$5010>=E$4)*(Diário!$B$4:$B$5010<=EOMONTH(E$4,0))*(Diário!$F$4:$F$5010)) -> 0 | F53: =SUMPRODUCT((Diário!$E$4:$E$5010='Analítico Cx.'!$B53)*(Diário!$B$4:$B$5010>=F$4)*(Diário!$B$4:$B$5010<=EOMONTH(F$4,0))*(Diário!$F$4:$F$5010)) -> 0 | G53: =SUMPRODUCT((Diário!$E$4:$E$5010='Analítico Cx.'!$B53)*(Diário!$B$4:$B$5010>=G$4)*(Diário!$B$4:$B$5010<=EOMONTH(G$4,0))*(Diário!$F$4:$F$5010)) -> 483 | H53: =SUMPRODUCT((Diário!$E$4:$E$5010='Analítico Cx.'!$B53)*(Diário!$B$4:$B$5010>=H$4)*(Diário!$B$4:$B$5010<=EOMONTH(H$4,0))*(Diário!$F$4:$F$5010)) -> 610.34 | I53: =SUMPRODUCT((Diário!$E$4:$E$5010='Analítico Cx.'!$B53)*(Diário!$B$4:$B$5010>=I$4)*(Diário!$B$4:$B$5010<=EOMONTH(I$4,0))*(Diário!$F$4:$F$5010)) -> 657.72 | J53: =SUMPRODUCT((Diário!$E$4:$E$5010='Analítico Cx.'!$B53)*(Diário!$B$4:$B$5010>=J$4)*(Diário!$B$4:$B$5010<=EOMONTH(J$4,0))*(Diário!$F$4:$F$5010)) -> 598 | ... N53: =SUMPRODUCT((Diário!$E$4:$E$5010='Analítico Cx.'!$B53)*(Diário!$B$4:$B$5010>=N$4)*(Diário!$B$4:$B$5010<=EOMONTH(N$4,0))*(Diário!$F$4:$F$5010)) -> 598 | O53: =SUM(C53:N53) -> 4799.2 | P53: =IF($O$137=0,0,O53/$O$137) -> 0.0028059457
A54: 2.1.4.8 | B54: Cessão de Imagem | C54: =SUMPRODUCT((Diário!$E$4:$E$5010='Analítico Cx.'!$B54)*(Diário!$B$4:$B$5010>=C$4)*(Diário!$B$4:$B$5010<=EOMONTH(C$4,0))*(Diário!$F$4:$F$5010)) -> 0 | D54: =SUMPRODUCT((Diário!$E$4:$E$5010='Analítico Cx.'!$B54)*(Diário!$B$4:$B$5010>=D$4)*(Diário!$B$4:$B$5010<=EOMONTH(D$4,0))*(Diário!$F$4:$F$5010)) -> 0 | E54: =SUMPRODUCT((Diário!$E$4:$E$5010='Analítico Cx.'!$B54)*(Diário!$B$4:$B$5010>=E$4)*(Diário!$B$4:$B$5010<=EOMONTH(E$4,0))*(Diário!$F$4:$F$5010)) -> 0 | F54: =SUMPRODUCT((Diário!$E$4:$E$5010='Analítico Cx.'!$B54)*(Diário!$B$4:$B$5010>=F$4)*(Diário!$B$4:$B$5010<=EOMONTH(F$4,0))*(Diário!$F$4:$F$5010)) -> 0 | G54: =SUMPRODUCT((Diário!$E$4:$E$5010='Analítico Cx.'!$B54)*(Diário!$B$4:$B$5010>=G$4)*(Diário!$B$4:$B$5010<=EOMONTH(G$4,0))*(Diário!$F$4:$F$5010)) -> 0 | H54: =SUMPRODUCT((Diário!$E$4:$E$5010='Analítico Cx.'!$B54)*(Diário!$B$4:$B$5010>=H$4)*(Diário!$B$4:$B$5010<=EOMONTH(H$4,0))*(Diário!$F$4:$F$5010)) -> 0 | I54: =SUMPRODUCT((Diário!$E$4:$E$5010='Analítico Cx.'!$B54)*(Diário!$B$4:$B$5010>=I$4)*(Diário!$B$4:$B$5010<=EOMONTH(I$4,0))*(Diário!$F$4:$F$5010)) -> 0 | J54: =SUMPRODUCT((Diário!$E$4:$E$5010='Analítico Cx.'!$B54)*(Diário!$B$4:$B$5010>=J$4)*(Diário!$B$4:$B$5010<=EOMONTH(J$4,0))*(Diário!$F$4:$F$5010)) -> 0 | ... N54: =SUMPRODUCT((Diário!$E$4:$E$5010='Analítico Cx.'!$B54)*(Diário!$B$4:$B$5010>=N$4)*(Diário!$B$4:$B$5010<=EOMONTH(N$4,0))*(Diário!$F$4:$F$5010)) -> 0 | O54: =SUM(C54:N54) -> 0 | P54: =IF($O$137=0,0,O54/$O$137) -> 0
A55: 2.1.4.9 | B55: Outros Benefícios | C55: =SUMPRODUCT((Diário!$E$4:$E$5010='Analítico Cx.'!$B55)*(Diário!$B$4:$B$5010>=C$4)*(Diário!$B$4:$B$5010<=EOMONTH(C$4,0))*(Diário!$F$4:$F$5010)) -> 0 | D55: =SUMPRODUCT((Diário!$E$4:$E$5010='Analítico Cx.'!$B55)*(Diário!$B$4:$B$5010>=D$4)*(Diário!$B$4:$B$5010<=EOMONTH(D$4,0))*(Diário!$F$4:$F$5010)) -> 0 | E55: =SUMPRODUCT((Diário!$E$4:$E$5010='Analítico Cx.'!$B55)*(Diário!$B$4:$B$5010>=E$4)*(Diário!$B$4:$B$5010<=EOMONTH(E$4,0))*(Diário!$F$4:$F$5010)) -> 0 | F55: =SUMPRODUCT((Diário!$E$4:$E$5010='Analítico Cx.'!$B55)*(Diário!$B$4:$B$5010>=F$4)*(Diário!$B$4:$B$5010<=EOMONTH(F$4,0))*(Diário!$F$4:$F$5010)) -> 18.56 | G55: =SUMPRODUCT((Diário!$E$4:$E$5010='Analítico Cx.'!$B55)*(Diário!$B$4:$B$5010>=G$4)*(Diário!$B$4:$B$5010<=EOMONTH(G$4,0))*(Diário!$F$4:$F$5010)) -> 378 | H55: =SUMPRODUCT((Diário!$E$4:$E$5010='Analítico Cx.'!$B55)*(Diário!$B$4:$B$5010>=H$4)*(Diário!$B$4:$B$5010<=EOMONTH(H$4,0))*(Diário!$F$4:$F$5010)) -> 477.65 | I55: =SUMPRODUCT((Diário!$E$4:$E$5010='Analítico Cx.'!$B55)*(Diário!$B$4:$B$5010>=I$4)*(Diário!$B$4:$B$5010<=EOMONTH(I$4,0))*(Diário!$F$4:$F$5010)) -> 514.73 | J55: =SUMPRODUCT((Diário!$E$4:$E$5010='Analítico Cx.'!$B55)*(Diário!$B$4:$B$5010>=J$4)*(Diário!$B$4:$B$5010<=EOMONTH(J$4,0))*(Diário!$F$4:$F$5010)) -> 468 | ... N55: =SUMPRODUCT((Diário!$E$4:$E$5010='Analítico Cx.'!$B55)*(Diário!$B$4:$B$5010>=N$4)*(Diário!$B$4:$B$5010<=EOMONTH(N$4,0))*(Diário!$F$4:$F$5010)) -> 468 | O55: =SUM(C55:N55) -> 3774.42 | P55: =IF($O$137=0,0,O55/$O$137) -> 0.0022067881
B56: Subtotal Benefícios: | C56: =SUBTOTAL(109,C47:C55) -> 0 | D56: =SUBTOTAL(109,D47:D55) -> 0 | E56: =SUBTOTAL(109,E47:E55) -> 0 | F56: =SUBTOTAL(109,F47:F55) -> 7646.64 | G56: =SUBTOTAL(109,G47:G55) -> 5701.42 | H56: =SUBTOTAL(109,H47:H55) -> 6498.83 | I56: =SUBTOTAL(109,I47:I55) -> 5217.21 | J56: =SUBTOTAL(109,J47:J55) -> 6010.82 | ... O56: =SUBTOTAL(109,O47:O55) -> 52089.85 | P56: =IF($O$137=0,0,O56/$O$137) -> 0.030455345
B57: Subtotal Pessoal: | C57: =SUBTOTAL(109,C20:C56) -> 0 | D57: =SUBTOTAL(109,D20:D56) -> 0 | E57: =SUBTOTAL(109,E20:E56) -> 1527.8 | F57: =SUBTOTAL(109,F20:F56) -> 14713.1 | G57: =SUBTOTAL(109,G20:G56) -> 72374.66 | H57: =SUBTOTAL(109,H20:H56) -> 93805.78 | I57: =SUBTOTAL(109,I20:I56) -> 113008.6 | J57: =SUBTOTAL(109,J20:J56) -> 87069.29 | ... O57: =SUBTOTAL(109,O20:O56) -> 851277.87 | P57: =IF($O$137=0,0,O57/$O$137) -> 0.49771618
A58: 2.2 | B58: Gastos Gerais
A59: 2.2.1 | B59: Aluguel | C59: =SUMPRODUCT((Diário!$E$4:$E$5010='Analítico Cx.'!$B59)*(Diário!$B$4:$B$5010>=C$4)*(Diário!$B$4:$B$5010<=EOMONTH(C$4,0))*(Diário!$F$4:$F$5010)) -> 0 | D59: =SUMPRODUCT((Diário!$E$4:$E$5010='Analítico Cx.'!$B59)*(Diário!$B$4:$B$5010>=D$4)*(Diário!$B$4:$B$5010<=EOMONTH(D$4,0))*(Diário!$F$4:$F$5010)) -> 0 | E59: =SUMPRODUCT((Diário!$E$4:$E$5010='Analítico Cx.'!$B59)*(Diário!$B$4:$B$5010>=E$4)*(Diário!$B$4:$B$5010<=EOMONTH(E$4,0))*(Diário!$F$4:$F$5010)) -> 8162 | F59: =SUMPRODUCT((Diário!$E$4:$E$5010='Analítico Cx.'!$B59)*(Diário!$B$4:$B$5010>=F$4)*(Diário!$B$4:$B$5010<=EOMONTH(F$4,0))*(Diário!$F$4:$F$5010)) -> 292.2 | G59: =SUMPRODUCT((Diário!$E$4:$E$5010='Analítico Cx.'!$B59)*(Diário!$B$4:$B$5010>=G$4)*(Diário!$B$4:$B$5010<=EOMONTH(G$4,0))*(Diário!$F$4:$F$5010)) -> 2060.63 | H59: =SUMPRODUCT((Diário!$E$4:$E$5010='Analítico Cx.'!$B59)*(Diário!$B$4:$B$5010>=H$4)*(Diário!$B$4:$B$5010<=EOMONTH(H$4,0))*(Diário!$F$4:$F$5010)) -> 22716.64 | I59: =SUMPRODUCT((Diário!$E$4:$E$5010='Analítico Cx.'!$B59)*(Diário!$B$4:$B$5010>=I$4)*(Diário!$B$4:$B$5010<=EOMONTH(I$4,0))*(Diário!$F$4:$F$5010)) -> 3885.28 | J59: =SUMPRODUCT((Diário!$E$4:$E$5010='Analítico Cx.'!$B59)*(Diário!$B$4:$B$5010>=J$4)*(Diário!$B$4:$B$5010<=EOMONTH(J$4,0))*(Diário!$F$4:$F$5010)) -> 3740.28 | ... N59: =SUMPRODUCT((Diário!$E$4:$E$5010='Analítico Cx.'!$B59)*(Diário!$B$4:$B$5010>=N$4)*(Diário!$B$4:$B$5010<=EOMONTH(N$4,0))*(Diário!$F$4:$F$5010)) -> 3740.28 | O59: =SUM(C59:N59) -> 55818.15 | P59: =IF($O$137=0,0,O59/$O$137) -> 0.032635168
A60: 2.2.2 | B60: Condomínio | C60: =SUMPRODUCT((Diário!$E$4:$E$5010='Analítico Cx.'!$B60)*(Diário!$B$4:$B$5010>=C$4)*(Diário!$B$4:$B$5010<=EOMONTH(C$4,0))*(Diário!$F$4:$F$5010)) -> 0 | D60: =SUMPRODUCT((Diário!$E$4:$E$5010='Analítico Cx.'!$B60)*(Diário!$B$4:$B$5010>=D$4)*(Diário!$B$4:$B$5010<=EOMONTH(D$4,0))*(Diário!$F$4:$F$5010)) -> 0 | E60: =SUMPRODUCT((Diário!$E$4:$E$5010='Analítico Cx.'!$B60)*(Diário!$B$4:$B$5010>=E$4)*(Diário!$B$4:$B$5010<=EOMONTH(E$4,0))*(Diário!$F$4:$F$5010)) -> 0 | F60: =SUMPRODUCT((Diário!$E$4:$E$5010='Analítico Cx.'!$B60)*(Diário!$B$4:$B$5010>=F$4)*(Diário!$B$4:$B$5010<=EOMONTH(F$4,0))*(Diário!$F$4:$F$5010)) -> 0 | G60: =SUMPRODUCT((Diário!$E$4:$E$5010='Analítico Cx.'!$B60)*(Diário!$B$4:$B$5010>=G$4)*(Diário!$B$4:$B$5010<=EOMONTH(G$4,0))*(Diário!$F$4:$F$5010)) -> 799.38 | H60: =SUMPRODUCT((Diário!$E$4:$E$5010='Analítico Cx.'!$B60)*(Diário!$B$4:$B$5010>=H$4)*(Diário!$B$4:$B$5010<=EOMONTH(H$4,0))*(Diário!$F$4:$F$5010)) -> 0 | I60: =SUMPRODUCT((Diário!$E$4:$E$5010='Analítico Cx.'!$B60)*(Diário!$B$4:$B$5010>=I$4)*(Diário!$B$4:$B$5010<=EOMONTH(I$4,0))*(Diário!$F$4:$F$5010)) -> 2059.46 | J60: =SUMPRODUCT((Diário!$E$4:$E$5010='Analítico Cx.'!$B60)*(Diário!$B$4:$B$5010>=J$4)*(Diário!$B$4:$B$5010<=EOMONTH(J$4,0))*(Diário!$F$4:$F$5010)) -> 1197.73 | ... N60: =SUMPRODUCT((Diário!$E$4:$E$5010='Analítico Cx.'!$B60)*(Diário!$B$4:$B$5010>=N$4)*(Diário!$B$4:$B$5010<=EOMONTH(N$4,0))*(Diário!$F$4:$F$5010)) -> 799.38 | O60: =SUM(C60:N60) -> 12338.43 | P60: =IF($O$137=0,0,O60/$O$137) -> 0.0072139033
A61: 2.2.3 | B61: IPTU | C61: =SUMPRODUCT((Diário!$E$4:$E$5010='Analítico Cx.'!$B61)*(Diário!$B$4:$B$5010>=C$4)*(Diário!$B$4:$B$5010<=EOMONTH(C$4,0))*(Diário!$F$4:$F$5010)) -> 0 | D61: =SUMPRODUCT((Diário!$E$4:$E$5010='Analítico Cx.'!$B61)*(Diário!$B$4:$B$5010>=D$4)*(Diário!$B$4:$B$5010<=EOMONTH(D$4,0))*(Diário!$F$4:$F$5010)) -> 0 | E61: =SUMPRODUCT((Diário!$E$4:$E$5010='Analítico Cx.'!$B61)*(Diário!$B$4:$B$5010>=E$4)*(Diário!$B$4:$B$5010<=EOMONTH(E$4,0))*(Diário!$F$4:$F$5010)) -> 0 | F61: =SUMPRODUCT((Diário!$E$4:$E$5010='Analítico Cx.'!$B61)*(Diário!$B$4:$B$5010>=F$4)*(Diário!$B$4:$B$5010<=EOMONTH(F$4,0))*(Diário!$F$4:$F$5010)) -> 0 | G61: =SUMPRODUCT((Diário!$E$4:$E$5010='Analítico Cx.'!$B61)*(Diário!$B$4:$B$5010>=G$4)*(Diário!$B$4:$B$5010<=EOMONTH(G$4,0))*(Diário!$F$4:$F$5010)) -> 0 | H61: =SUMPRODUCT((Diário!$E$4:$E$5010='Analítico Cx.'!$B61)*(Diário!$B$4:$B$5010>=H$4)*(Diário!$B$4:$B$5010<=EOMONTH(H$4,0))*(Diário!$F$4:$F$5010)) -> 0 | I61: =SUMPRODUCT((Diário!$E$4:$E$5010='Analítico Cx.'!$B61)*(Diário!$B$4:$B$5010>=I$4)*(Diário!$B$4:$B$5010<=EOMONTH(I$4,0))*(Diário!$F$4:$F$5010)) -> 0 | J61: =SUMPRODUCT((Diário!$E$4:$E$5010='Analítico Cx.'!$B61)*(Diário!$B$4:$B$5010>=J$4)*(Diário!$B$4:$B$5010<=EOMONTH(J$4,0))*(Diário!$F$4:$F$5010)) -> 159.9 | ... N61: =SUMPRODUCT((Diário!$E$4:$E$5010='Analítico Cx.'!$B61)*(Diário!$B$4:$B$5010>=N$4)*(Diário!$B$4:$B$5010<=EOMONTH(N$4,0))*(Diário!$F$4:$F$5010)) -> 158.32 | O61: =SUM(C61:N61) -> 793.18 | P61: =IF($O$137=0,0,O61/$O$137) -> 0.00046374813
A62: 2.2.4 | B62: Seguros de Imóveis | C62: =SUMPRODUCT((Diário!$E$4:$E$5010='Analítico Cx.'!$B62)*(Diário!$B$4:$B$5010>=C$4)*(Diário!$B$4:$B$5010<=EOMONTH(C$4,0))*(Diário!$F$4:$F$5010)) -> 0 | D62: =SUMPRODUCT((Diário!$E$4:$E$5010='Analítico Cx.'!$B62)*(Diário!$B$4:$B$5010>=D$4)*(Diário!$B$4:$B$5010<=EOMONTH(D$4,0))*(Diário!$F$4:$F$5010)) -> 0 | E62: =SUMPRODUCT((Diário!$E$4:$E$5010='Analítico Cx.'!$B62)*(Diário!$B$4:$B$5010>=E$4)*(Diário!$B$4:$B$5010<=EOMONTH(E$4,0))*(Diário!$F$4:$F$5010)) -> 0 | F62: =SUMPRODUCT((Diário!$E$4:$E$5010='Analítico Cx.'!$B62)*(Diário!$B$4:$B$5010>=F$4)*(Diário!$B$4:$B$5010<=EOMONTH(F$4,0))*(Diário!$F$4:$F$5010)) -> 0 | G62: =SUMPRODUCT((Diário!$E$4:$E$5010='Analítico Cx.'!$B62)*(Diário!$B$4:$B$5010>=G$4)*(Diário!$B$4:$B$5010<=EOMONTH(G$4,0))*(Diário!$F$4:$F$5010)) -> 0 | H62: =SUMPRODUCT((Diário!$E$4:$E$5010='Analítico Cx.'!$B62)*(Diário!$B$4:$B$5010>=H$4)*(Diário!$B$4:$B$5010<=EOMONTH(H$4,0))*(Diário!$F$4:$F$5010)) -> 0 | I62: =SUMPRODUCT((Diário!$E$4:$E$5010='Analítico Cx.'!$B62)*(Diário!$B$4:$B$5010>=I$4)*(Diário!$B$4:$B$5010<=EOMONTH(I$4,0))*(Diário!$F$4:$F$5010)) -> 285.45 | J62: =SUMPRODUCT((Diário!$E$4:$E$5010='Analítico Cx.'!$B62)*(Diário!$B$4:$B$5010>=J$4)*(Diário!$B$4:$B$5010<=EOMONTH(J$4,0))*(Diário!$F$4:$F$5010)) -> 0 | ... N62: =SUMPRODUCT((Diário!$E$4:$E$5010='Analítico Cx.'!$B62)*(Diário!$B$4:$B$5010>=N$4)*(Diário!$B$4:$B$5010<=EOMONTH(N$4,0))*(Diário!$F$4:$F$5010)) -> 0 | O62: =SUM(C62:N62) -> 285.45 | P62: =IF($O$137=0,0,O62/$O$137) -> 0.0001668939
A63: 2.2.5 | B63: Energia Elétrica | C63: =SUMPRODUCT((Diário!$E$4:$E$5010='Analítico Cx.'!$B63)*(Diário!$B$4:$B$5010>=C$4)*(Diário!$B$4:$B$5010<=EOMONTH(C$4,0))*(Diário!$F$4:$F$5010)) -> 0 | D63: =SUMPRODUCT((Diário!$E$4:$E$5010='Analítico Cx.'!$B63)*(Diário!$B$4:$B$5010>=D$4)*(Diário!$B$4:$B$5010<=EOMONTH(D$4,0))*(Diário!$F$4:$F$5010)) -> 0 | E63: =SUMPRODUCT((Diário!$E$4:$E$5010='Analítico Cx.'!$B63)*(Diário!$B$4:$B$5010>=E$4)*(Diário!$B$4:$B$5010<=EOMONTH(E$4,0))*(Diário!$F$4:$F$5010)) -> 0 | F63: =SUMPRODUCT((Diário!$E$4:$E$5010='Analítico Cx.'!$B63)*(Diário!$B$4:$B$5010>=F$4)*(Diário!$B$4:$B$5010<=EOMONTH(F$4,0))*(Diário!$F$4:$F$5010)) -> 0 | G63: =SUMPRODUCT((Diário!$E$4:$E$5010='Analítico Cx.'!$B63)*(Diário!$B$4:$B$5010>=G$4)*(Diário!$B$4:$B$5010<=EOMONTH(G$4,0))*(Diário!$F$4:$F$5010)) -> 140.36 | H63: =SUMPRODUCT((Diário!$E$4:$E$5010='Analítico Cx.'!$B63)*(Diário!$B$4:$B$5010>=H$4)*(Diário!$B$4:$B$5010<=EOMONTH(H$4,0))*(Diário!$F$4:$F$5010)) -> 239.52 | I63: =SUMPRODUCT((Diário!$E$4:$E$5010='Analítico Cx.'!$B63)*(Diário!$B$4:$B$5010>=I$4)*(Diário!$B$4:$B$5010<=EOMONTH(I$4,0))*(Diário!$F$4:$F$5010)) -> 229.95 | J63: =SUMPRODUCT((Diário!$E$4:$E$5010='Analítico Cx.'!$B63)*(Diário!$B$4:$B$5010>=J$4)*(Diário!$B$4:$B$5010<=EOMONTH(J$4,0))*(Diário!$F$4:$F$5010)) -> 367.93 | ... N63: =SUMPRODUCT((Diário!$E$4:$E$5010='Analítico Cx.'!$B63)*(Diário!$B$4:$B$5010>=N$4)*(Diário!$B$4:$B$5010<=EOMONTH(N$4,0))*(Diário!$F$4:$F$5010)) -> 508.51 | O63: =SUM(C63:N63) -> 2798.26 | P63: =IF($O$137=0,0,O63/$O$137) -> 0.0016360572
A64: 2.2.6 | B64: Água e Esgoto | C64: =SUMPRODUCT((Diário!$E$4:$E$5010='Analítico Cx.'!$B64)*(Diário!$B$4:$B$5010>=C$4)*(Diário!$B$4:$B$5010<=EOMONTH(C$4,0))*(Diário!$F$4:$F$5010)) -> 0 | D64: =SUMPRODUCT((Diário!$E$4:$E$5010='Analítico Cx.'!$B64)*(Diário!$B$4:$B$5010>=D$4)*(Diário!$B$4:$B$5010<=EOMONTH(D$4,0))*(Diário!$F$4:$F$5010)) -> 0 | E64: =SUMPRODUCT((Diário!$E$4:$E$5010='Analítico Cx.'!$B64)*(Diário!$B$4:$B$5010>=E$4)*(Diário!$B$4:$B$5010<=EOMONTH(E$4,0))*(Diário!$F$4:$F$5010)) -> 0 | F64: =SUMPRODUCT((Diário!$E$4:$E$5010='Analítico Cx.'!$B64)*(Diário!$B$4:$B$5010>=F$4)*(Diário!$B$4:$B$5010<=EOMONTH(F$4,0))*(Diário!$F$4:$F$5010)) -> 0 | G64: =SUMPRODUCT((Diário!$E$4:$E$5010='Analítico Cx.'!$B64)*(Diário!$B$4:$B$5010>=G$4)*(Diário!$B$4:$B$5010<=EOMONTH(G$4,0))*(Diário!$F$4:$F$5010)) -> 0 | H64: =SUMPRODUCT((Diário!$E$4:$E$5010='Analítico Cx.'!$B64)*(Diário!$B$4:$B$5010>=H$4)*(Diário!$B$4:$B$5010<=EOMONTH(H$4,0))*(Diário!$F$4:$F$5010)) -> 0 | I64: =SUMPRODUCT((Diário!$E$4:$E$5010='Analítico Cx.'!$B64)*(Diário!$B$4:$B$5010>=I$4)*(Diário!$B$4:$B$5010<=EOMONTH(I$4,0))*(Diário!$F$4:$F$5010)) -> 71.61 | J64: =SUMPRODUCT((Diário!$E$4:$E$5010='Analítico Cx.'!$B64)*(Diário!$B$4:$B$5010>=J$4)*(Diário!$B$4:$B$5010<=EOMONTH(J$4,0))*(Diário!$F$4:$F$5010)) -> 10.05 | ... N64: =SUMPRODUCT((Diário!$E$4:$E$5010='Analítico Cx.'!$B64)*(Diário!$B$4:$B$5010>=N$4)*(Diário!$B$4:$B$5010<=EOMONTH(N$4,0))*(Diário!$F$4:$F$5010)) -> 222.08 | O64: =SUM(C64:N64) -> 949.71 | P64: =IF($O$137=0,0,O64/$O$137) -> 0.00055526644
A65: 2.2.7 | B65: Telefone Fixo | C65: =SUMPRODUCT((Diário!$E$4:$E$5010='Analítico Cx.'!$B65)*(Diário!$B$4:$B$5010>=C$4)*(Diário!$B$4:$B$5010<=EOMONTH(C$4,0))*(Diário!$F$4:$F$5010)) -> 0 | D65: =SUMPRODUCT((Diário!$E$4:$E$5010='Analítico Cx.'!$B65)*(Diário!$B$4:$B$5010>=D$4)*(Diário!$B$4:$B$5010<=EOMONTH(D$4,0))*(Diário!$F$4:$F$5010)) -> 0 | E65: =SUMPRODUCT((Diário!$E$4:$E$5010='Analítico Cx.'!$B65)*(Diário!$B$4:$B$5010>=E$4)*(Diário!$B$4:$B$5010<=EOMONTH(E$4,0))*(Diário!$F$4:$F$5010)) -> 0 | F65: =SUMPRODUCT((Diário!$E$4:$E$5010='Analítico Cx.'!$B65)*(Diário!$B$4:$B$5010>=F$4)*(Diário!$B$4:$B$5010<=EOMONTH(F$4,0))*(Diário!$F$4:$F$5010)) -> 0 | G65: =SUMPRODUCT((Diário!$E$4:$E$5010='Analítico Cx.'!$B65)*(Diário!$B$4:$B$5010>=G$4)*(Diário!$B$4:$B$5010<=EOMONTH(G$4,0))*(Diário!$F$4:$F$5010)) -> 54.41 | H65: =SUMPRODUCT((Diário!$E$4:$E$5010='Analítico Cx.'!$B65)*(Diário!$B$4:$B$5010>=H$4)*(Diário!$B$4:$B$5010<=EOMONTH(H$4,0))*(Diário!$F$4:$F$5010)) -> 134.89 | I65: =SUMPRODUCT((Diário!$E$4:$E$5010='Analítico Cx.'!$B65)*(Diário!$B$4:$B$5010>=I$4)*(Diário!$B$4:$B$5010<=EOMONTH(I$4,0))*(Diário!$F$4:$F$5010)) -> 0 | J65: =SUMPRODUCT((Diário!$E$4:$E$5010='Analítico Cx.'!$B65)*(Diário!$B$4:$B$5010>=J$4)*(Diário!$B$4:$B$5010<=EOMONTH(J$4,0))*(Diário!$F$4:$F$5010)) -> 0 | ... N65: =SUMPRODUCT((Diário!$E$4:$E$5010='Analítico Cx.'!$B65)*(Diário!$B$4:$B$5010>=N$4)*(Diário!$B$4:$B$5010<=EOMONTH(N$4,0))*(Diário!$F$4:$F$5010)) -> 0 | O65: =SUM(C65:N65) -> 189.3 | P65: =IF($O$137=0,0,O65/$O$137) -> 0.00011067793
A66: 2.2.8 | B66: Telefone Móvel | C66: =SUMPRODUCT((Diário!$E$4:$E$5010='Analítico Cx.'!$B66)*(Diário!$B$4:$B$5010>=C$4)*(Diário!$B$4:$B$5010<=EOMONTH(C$4,0))*(Diário!$F$4:$F$5010)) -> 0 | D66: =SUMPRODUCT((Diário!$E$4:$E$5010='Analítico Cx.'!$B66)*(Diário!$B$4:$B$5010>=D$4)*(Diário!$B$4:$B$5010<=EOMONTH(D$4,0))*(Diário!$F$4:$F$5010)) -> 0 | E66: =SUMPRODUCT((Diário!$E$4:$E$5010='Analítico Cx.'!$B66)*(Diário!$B$4:$B$5010>=E$4)*(Diário!$B$4:$B$5010<=EOMONTH(E$4,0))*(Diário!$F$4:$F$5010)) -> 0 | F66: =SUMPRODUCT((Diário!$E$4:$E$5010='Analítico Cx.'!$B66)*(Diário!$B$4:$B$5010>=F$4)*(Diário!$B$4:$B$5010<=EOMONTH(F$4,0))*(Diário!$F$4:$F$5010)) -> 0 | G66: =SUMPRODUCT((Diário!$E$4:$E$5010='Analítico Cx.'!$B66)*(Diário!$B$4:$B$5010>=G$4)*(Diário!$B$4:$B$5010<=EOMONTH(G$4,0))*(Diário!$F$4:$F$5010)) -> 0 | H66: =SUMPRODUCT((Diário!$E$4:$E$5010='Analítico Cx.'!$B66)*(Diário!$B$4:$B$5010>=H$4)*(Diário!$B$4:$B$5010<=EOMONTH(H$4,0))*(Diário!$F$4:$F$5010)) -> 0 | I66: =SUMPRODUCT((Diário!$E$4:$E$5010='Analítico Cx.'!$B66)*(Diário!$B$4:$B$5010>=I$4)*(Diário!$B$4:$B$5010<=EOMONTH(I$4,0))*(Diário!$F$4:$F$5010)) -> 0 | J66: =SUMPRODUCT((Diário!$E$4:$E$5010='Analítico Cx.'!$B66)*(Diário!$B$4:$B$5010>=J$4)*(Diário!$B$4:$B$5010<=EOMONTH(J$4,0))*(Diário!$F$4:$F$5010)) -> 0 | ... N66: =SUMPRODUCT((Diário!$E$4:$E$5010='Analítico Cx.'!$B66)*(Diário!$B$4:$B$5010>=N$4)*(Diário!$B$4:$B$5010<=EOMONTH(N$4,0))*(Diário!$F$4:$F$5010)) -> 0 | O66: =SUM(C66:N66) -> 0 | P66: =IF($O$137=0,0,O66/$O$137) -> 0
A67: 2.2.9 | B67: Internet | C67: =SUMPRODUCT((Diário!$E$4:$E$5010='Analítico Cx.'!$B67)*(Diário!$B$4:$B$5010>=C$4)*(Diário!$B$4:$B$5010<=EOMONTH(C$4,0))*(Diário!$F$4:$F$5010)) -> 0 | D67: =SUMPRODUCT((Diário!$E$4:$E$5010='Analítico Cx.'!$B67)*(Diário!$B$4:$B$5010>=D$4)*(Diário!$B$4:$B$5010<=EOMONTH(D$4,0))*(Diário!$F$4:$F$5010)) -> 0 | E67: =SUMPRODUCT((Diário!$E$4:$E$5010='Analítico Cx.'!$B67)*(Diário!$B$4:$B$5010>=E$4)*(Diário!$B$4:$B$5010<=EOMONTH(E$4,0))*(Diário!$F$4:$F$5010)) -> 0 | F67: =SUMPRODUCT((Diário!$E$4:$E$5010='Analítico Cx.'!$B67)*(Diário!$B$4:$B$5010>=F$4)*(Diário!$B$4:$B$5010<=EOMONTH(F$4,0))*(Diário!$F$4:$F$5010)) -> 0 | G67: =SUMPRODUCT((Diário!$E$4:$E$5010='Analítico Cx.'!$B67)*(Diário!$B$4:$B$5010>=G$4)*(Diário!$B$4:$B$5010<=EOMONTH(G$4,0))*(Diário!$F$4:$F$5010)) -> 0 | H67: =SUMPRODUCT((Diário!$E$4:$E$5010='Analítico Cx.'!$B67)*(Diário!$B$4:$B$5010>=H$4)*(Diário!$B$4:$B$5010<=EOMONTH(H$4,0))*(Diário!$F$4:$F$5010)) -> 0 | I67: =SUMPRODUCT((Diário!$E$4:$E$5010='Analítico Cx.'!$B67)*(Diário!$B$4:$B$5010>=I$4)*(Diário!$B$4:$B$5010<=EOMONTH(I$4,0))*(Diário!$F$4:$F$5010)) -> 130 | J67: =SUMPRODUCT((Diário!$E$4:$E$5010='Analítico Cx.'!$B67)*(Diário!$B$4:$B$5010>=J$4)*(Diário!$B$4:$B$5010<=EOMONTH(J$4,0))*(Diário!$F$4:$F$5010)) -> 130 | ... N67: =SUMPRODUCT((Diário!$E$4:$E$5010='Analítico Cx.'!$B67)*(Diário!$B$4:$B$5010>=N$4)*(Diário!$B$4:$B$5010<=EOMONTH(N$4,0))*(Diário!$F$4:$F$5010)) -> 573.33 | O67: =SUM(C67:N67) -> 3205.81 | P67: =IF($O$137=0,0,O67/$O$137) -> 0.0018743392
A68: 2.2.10 | B68: Serviços de Internet (Web Design, Hospedagem de Site, outros) | C68: =SUMPRODUCT((Diário!$E$4:$E$5010='Analítico Cx.'!$B68)*(Diário!$B$4:$B$5010>=C$4)*(Diário!$B$4:$B$5010<=EOMONTH(C$4,0))*(Diário!$F$4:$F$5010)) -> 0 | D68: =SUMPRODUCT((Diário!$E$4:$E$5010='Analítico Cx.'!$B68)*(Diário!$B$4:$B$5010>=D$4)*(Diário!$B$4:$B$5010<=EOMONTH(D$4,0))*(Diário!$F$4:$F$5010)) -> 0 | E68: =SUMPRODUCT((Diário!$E$4:$E$5010='Analítico Cx.'!$B68)*(Diário!$B$4:$B$5010>=E$4)*(Diário!$B$4:$B$5010<=EOMONTH(E$4,0))*(Diário!$F$4:$F$5010)) -> 0 | F68: =SUMPRODUCT((Diário!$E$4:$E$5010='Analítico Cx.'!$B68)*(Diário!$B$4:$B$5010>=F$4)*(Diário!$B$4:$B$5010<=EOMONTH(F$4,0))*(Diário!$F$4:$F$5010)) -> 0 | G68: =SUMPRODUCT((Diário!$E$4:$E$5010='Analítico Cx.'!$B68)*(Diário!$B$4:$B$5010>=G$4)*(Diário!$B$4:$B$5010<=EOMONTH(G$4,0))*(Diário!$F$4:$F$5010)) -> 0 | H68: =SUMPRODUCT((Diário!$E$4:$E$5010='Analítico Cx.'!$B68)*(Diário!$B$4:$B$5010>=H$4)*(Diário!$B$4:$B$5010<=EOMONTH(H$4,0))*(Diário!$F$4:$F$5010)) -> 0 | I68: =SUMPRODUCT((Diário!$E$4:$E$5010='Analítico Cx.'!$B68)*(Diário!$B$4:$B$5010>=I$4)*(Diário!$B$4:$B$5010<=EOMONTH(I$4,0))*(Diário!$F$4:$F$5010)) -> 0 | J68: =SUMPRODUCT((Diário!$E$4:$E$5010='Analítico Cx.'!$B68)*(Diário!$B$4:$B$5010>=J$4)*(Diário!$B$4:$B$5010<=EOMONTH(J$4,0))*(Diário!$F$4:$F$5010)) -> 0 | ... N68: =SUMPRODUCT((Diário!$E$4:$E$5010='Analítico Cx.'!$B68)*(Diário!$B$4:$B$5010>=N$4)*(Diário!$B$4:$B$5010<=EOMONTH(N$4,0))*(Diário!$F$4:$F$5010)) -> 0 | O68: =SUM(C68:N68) -> 0 | P68: =IF($O$137=0,0,O68/$O$137) -> 0
A69: 2.2.11 | B69: Assessoria Contábil | C69: =SUMPRODUCT((Diário!$E$4:$E$5010='Analítico Cx.'!$B69)*(Diário!$B$4:$B$5010>=C$4)*(Diário!$B$4:$B$5010<=EOMONTH(C$4,0))*(Diário!$F$4:$F$5010)) -> 0 | D69: =SUMPRODUCT((Diário!$E$4:$E$5010='Analítico Cx.'!$B69)*(Diário!$B$4:$B$5010>=D$4)*(Diário!$B$4:$B$5010<=EOMONTH(D$4,0))*(Diário!$F$4:$F$5010)) -> 0 | E69: =SUMPRODUCT((Diário!$E$4:$E$5010='Analítico Cx.'!$B69)*(Diário!$B$4:$B$5010>=E$4)*(Diário!$B$4:$B$5010<=EOMONTH(E$4,0))*(Diário!$F$4:$F$5010)) -> 0 | F69: =SUMPRODUCT((Diário!$E$4:$E$5010='Analítico Cx.'!$B69)*(Diário!$B$4:$B$5010>=F$4)*(Diário!$B$4:$B$5010<=EOMONTH(F$4,0))*(Diário!$F$4:$F$5010)) -> 0 | G69: =SUMPRODUCT((Diário!$E$4:$E$5010='Analítico Cx.'!$B69)*(Diário!$B$4:$B$5010>=G$4)*(Diário!$B$4:$B$5010<=EOMONTH(G$4,0))*(Diário!$F$4:$F$5010)) -> 0 | H69: =SUMPRODUCT((Diário!$E$4:$E$5010='Analítico Cx.'!$B69)*(Diário!$B$4:$B$5010>=H$4)*(Diário!$B$4:$B$5010<=EOMONTH(H$4,0))*(Diário!$F$4:$F$5010)) -> 0 | I69: =SUMPRODUCT((Diário!$E$4:$E$5010='Analítico Cx.'!$B69)*(Diário!$B$4:$B$5010>=I$4)*(Diário!$B$4:$B$5010<=EOMONTH(I$4,0))*(Diário!$F$4:$F$5010)) -> 1632.05 | J69: =SUMPRODUCT((Diário!$E$4:$E$5010='Analítico Cx.'!$B69)*(Diário!$B$4:$B$5010>=J$4)*(Diário!$B$4:$B$5010<=EOMONTH(J$4,0))*(Diário!$F$4:$F$5010)) -> 2310.59 | ... N69: =SUMPRODUCT((Diário!$E$4:$E$5010='Analítico Cx.'!$B69)*(Diário!$B$4:$B$5010>=N$4)*(Diário!$B$4:$B$5010<=EOMONTH(N$4,0))*(Diário!$F$4:$F$5010)) -> 2956.28 | O69: =SUM(C69:N69) -> 17301.24 | P69: =IF($O$137=0,0,O69/$O$137) -> 0.010115507
A70: 2.2.12 | B70: Assessoria Jurídica | C70: =SUMPRODUCT((Diário!$E$4:$E$5010='Analítico Cx.'!$B70)*(Diário!$B$4:$B$5010>=C$4)*(Diário!$B$4:$B$5010<=EOMONTH(C$4,0))*(Diário!$F$4:$F$5010)) -> 0 | D70: =SUMPRODUCT((Diário!$E$4:$E$5010='Analítico Cx.'!$B70)*(Diário!$B$4:$B$5010>=D$4)*(Diário!$B$4:$B$5010<=EOMONTH(D$4,0))*(Diário!$F$4:$F$5010)) -> 0 | E70: =SUMPRODUCT((Diário!$E$4:$E$5010='Analítico Cx.'!$B70)*(Diário!$B$4:$B$5010>=E$4)*(Diário!$B$4:$B$5010<=EOMONTH(E$4,0))*(Diário!$F$4:$F$5010)) -> 0 | F70: =SUMPRODUCT((Diário!$E$4:$E$5010='Analítico Cx.'!$B70)*(Diário!$B$4:$B$5010>=F$4)*(Diário!$B$4:$B$5010<=EOMONTH(F$4,0))*(Diário!$F$4:$F$5010)) -> 0 | G70: =SUMPRODUCT((Diário!$E$4:$E$5010='Analítico Cx.'!$B70)*(Diário!$B$4:$B$5010>=G$4)*(Diário!$B$4:$B$5010<=EOMONTH(G$4,0))*(Diário!$F$4:$F$5010)) -> 2000 | H70: =SUMPRODUCT((Diário!$E$4:$E$5010='Analítico Cx.'!$B70)*(Diário!$B$4:$B$5010>=H$4)*(Diário!$B$4:$B$5010<=EOMONTH(H$4,0))*(Diário!$F$4:$F$5010)) -> 2000 | I70: =SUMPRODUCT((Diário!$E$4:$E$5010='Analítico Cx.'!$B70)*(Diário!$B$4:$B$5010>=I$4)*(Diário!$B$4:$B$5010<=EOMONTH(I$4,0))*(Diário!$F$4:$F$5010)) -> 2000 | J70: =SUMPRODUCT((Diário!$E$4:$E$5010='Analítico Cx.'!$B70)*(Diário!$B$4:$B$5010>=J$4)*(Diário!$B$4:$B$5010<=EOMONTH(J$4,0))*(Diário!$F$4:$F$5010)) -> 2000 | ... N70: =SUMPRODUCT((Diário!$E$4:$E$5010='Analítico Cx.'!$B70)*(Diário!$B$4:$B$5010>=N$4)*(Diário!$B$4:$B$5010<=EOMONTH(N$4,0))*(Diário!$F$4:$F$5010)) -> 2000 | O70: =SUM(C70:N70) -> 16000 | P70: =IF($O$137=0,0,O70/$O$137) -> 0.0093547114
... A118: 2.2.60 | B118: Outros Gastos Gerais | C118: =SUMPRODUCT((Diário!$E$4:$E$5010='Analítico Cx.'!$B118)*(Diário!$B$4:$B$5010>=C$4)*(Diário!$B$4:$B$5010<=EOMONTH(C$4,0))*(Diário!$F$4:$F$5010)) -> 0 | D118: =SUMPRODUCT((Diário!$E$4:$E$5010='Analítico Cx.'!$B118)*(Diário!$B$4:$B$5010>=D$4)*(Diário!$B$4:$B$5010<=EOMONTH(D$4,0))*(Diário!$F$4:$F$5010)) -> 0 | E118: =SUMPRODUCT((Diário!$E$4:$E$5010='Analítico Cx.'!$B118)*(Diário!$B$4:$B$5010>=E$4)*(Diário!$B$4:$B$5010<=EOMONTH(E$4,0))*(Diário!$F$4:$F$5010)) -> 275042.13 | F118: =SUMPRODUCT((Diário!$E$4:$E$5010='Analítico Cx.'!$B118)*(Diário!$B$4:$B$5010>=F$4)*(Diário!$B$4:$B$5010<=EOMONTH(F$4,0))*(Diário!$F$4:$F$5010)) -> 637.55 | G118: =SUMPRODUCT((Diário!$E$4:$E$5010='Analítico Cx.'!$B118)*(Diário!$B$4:$B$5010>=G$4)*(Diário!$B$4:$B$5010<=EOMONTH(G$4,0))*(Diário!$F$4:$F$5010)) -> 965 | H118: =SUMPRODUCT((Diário!$E$4:$E$5010='Analítico Cx.'!$B118)*(Diário!$B$4:$B$5010>=H$4)*(Diário!$B$4:$B$5010<=EOMONTH(H$4,0))*(Diário!$F$4:$F$5010)) -> 27399.1 | I118: =SUMPRODUCT((Diário!$E$4:$E$5010='Analítico Cx.'!$B118)*(Diário!$B$4:$B$5010>=I$4)*(Diário!$B$4:$B$5010<=EOMONTH(I$4,0))*(Diário!$F$4:$F$5010)) -> 1952.88 | J118: =SUMPRODUCT((Diário!$E$4:$E$5010='Analítico Cx.'!$B118)*(Diário!$B$4:$B$5010>=J$4)*(Diário!$B$4:$B$5010<=EOMONTH(J$4,0))*(Diário!$F$4:$F$5010)) -> 2613.5 | ... N118: =SUMPRODUCT((Diário!$E$4:$E$5010='Analítico Cx.'!$B118)*(Diário!$B$4:$B$5010>=N$4)*(Diário!$B$4:$B$5010<=EOMONTH(N$4,0))*(Diário!$F$4:$F$5010)) -> 5421.57 | O118: =SUM(C118:N118) -> 324079.82 | P118: =IF($O$137=0,0,O118/$O$137) -> 0.18947957
B119: Subtotal: Gastos Gerais | C119: =SUBTOTAL(109,C59:C118) -> 0 | D119: =SUBTOTAL(109,D59:D118) -> 0 | E119: =SUBTOTAL(109,E59:E118) -> 283227.75 | F119: =SUBTOTAL(109,F59:F118) -> 10961.51 | G119: =SUBTOTAL(109,G59:G118) -> 13932.74 | H119: =SUBTOTAL(109,H59:H118) -> 81273.62 | I119: =SUBTOTAL(109,I59:I118) -> 36941.71 | J119: =SUBTOTAL(109,J59:J118) -> 33080 | ... O119: =SUBTOTAL(109,O59:O118) -> 651409.76 | P119: =IF($O$137=0,0,O119/$O$137) -> 0.3808594
A120: 2.3 | B120: Aquisição de Bens Permanentes
A121: 2.3.1 | B121: Máquinas, Aparelhos, Utensílios e Equipamentos de Uso Industrial | C121: =SUMPRODUCT((Diário!$E$4:$E$5010='Analítico Cx.'!$B121)*(Diário!$B$4:$B$5010>=C$4)*(Diário!$B$4:$B$5010<=EOMONTH(C$4,0))*(Diário!$F$4:$F$5010)) -> 0 | D121: =SUMPRODUCT((Diário!$E$4:$E$5010='Analítico Cx.'!$B121)*(Diário!$B$4:$B$5010>=D$4)*(Diário!$B$4:$B$5010<=EOMONTH(D$4,0))*(Diário!$F$4:$F$5010)) -> 0 | E121: =SUMPRODUCT((Diário!$E$4:$E$5010='Analítico Cx.'!$B121)*(Diário!$B$4:$B$5010>=E$4)*(Diário!$B$4:$B$5010<=EOMONTH(E$4,0))*(Diário!$F$4:$F$5010)) -> 0 | F121: =SUMPRODUCT((Diário!$E$4:$E$5010='Analítico Cx.'!$B121)*(Diário!$B$4:$B$5010>=F$4)*(Diário!$B$4:$B$5010<=EOMONTH(F$4,0))*(Diário!$F$4:$F$5010)) -> 0 | G121: =SUMPRODUCT((Diário!$E$4:$E$5010='Analítico Cx.'!$B121)*(Diário!$B$4:$B$5010>=G$4)*(Diário!$B$4:$B$5010<=EOMONTH(G$4,0))*(Diário!$F$4:$F$5010)) -> 0 | H121: =SUMPRODUCT((Diário!$E$4:$E$5010='Analítico Cx.'!$B121)*(Diário!$B$4:$B$5010>=H$4)*(Diário!$B$4:$B$5010<=EOMONTH(H$4,0))*(Diário!$F$4:$F$5010)) -> 0 | I121: =SUMPRODUCT((Diário!$E$4:$E$5010='Analítico Cx.'!$B121)*(Diário!$B$4:$B$5010>=I$4)*(Diário!$B$4:$B$5010<=EOMONTH(I$4,0))*(Diário!$F$4:$F$5010)) -> 0 | J121: =SUMPRODUCT((Diário!$E$4:$E$5010='Analítico Cx.'!$B121)*(Diário!$B$4:$B$5010>=J$4)*(Diário!$B$4:$B$5010<=EOMONTH(J$4,0))*(Diário!$F$4:$F$5010)) -> 0 | ... N121: =SUMPRODUCT((Diário!$E$4:$E$5010='Analítico Cx.'!$B121)*(Diário!$B$4:$B$5010>=N$4)*(Diário!$B$4:$B$5010<=EOMONTH(N$4,0))*(Diário!$F$4:$F$5010)) -> 0 | O121: =SUM(C121:N121) -> 0 | P121: =IF($O$137=0,0,O121/$O$137) -> 0
A122: 2.3.2 | B122: Equipamentos de Comunicação e Telefonia | C122: =SUMPRODUCT((Diário!$E$4:$E$5010='Analítico Cx.'!$B122)*(Diário!$B$4:$B$5010>=C$4)*(Diário!$B$4:$B$5010<=EOMONTH(C$4,0))*(Diário!$F$4:$F$5010)) -> 0 | D122: =SUMPRODUCT((Diário!$E$4:$E$5010='Analítico Cx.'!$B122)*(Diário!$B$4:$B$5010>=D$4)*(Diário!$B$4:$B$5010<=EOMONTH(D$4,0))*(Diário!$F$4:$F$5010)) -> 0 | E122: =SUMPRODUCT((Diário!$E$4:$E$5010='Analítico Cx.'!$B122)*(Diário!$B$4:$B$5010>=E$4)*(Diário!$B$4:$B$5010<=EOMONTH(E$4,0))*(Diário!$F$4:$F$5010)) -> 0 | F122: =SUMPRODUCT((Diário!$E$4:$E$5010='Analítico Cx.'!$B122)*(Diário!$B$4:$B$5010>=F$4)*(Diário!$B$4:$B$5010<=EOMONTH(F$4,0))*(Diário!$F$4:$F$5010)) -> 0 | G122: =SUMPRODUCT((Diário!$E$4:$E$5010='Analítico Cx.'!$B122)*(Diário!$B$4:$B$5010>=G$4)*(Diário!$B$4:$B$5010<=EOMONTH(G$4,0))*(Diário!$F$4:$F$5010)) -> 0 | H122: =SUMPRODUCT((Diário!$E$4:$E$5010='Analítico Cx.'!$B122)*(Diário!$B$4:$B$5010>=H$4)*(Diário!$B$4:$B$5010<=EOMONTH(H$4,0))*(Diário!$F$4:$F$5010)) -> 0 | I122: =SUMPRODUCT((Diário!$E$4:$E$5010='Analítico Cx.'!$B122)*(Diário!$B$4:$B$5010>=I$4)*(Diário!$B$4:$B$5010<=EOMONTH(I$4,0))*(Diário!$F$4:$F$5010)) -> 0 | J122: =SUMPRODUCT((Diário!$E$4:$E$5010='Analítico Cx.'!$B122)*(Diário!$B$4:$B$5010>=J$4)*(Diário!$B$4:$B$5010<=EOMONTH(J$4,0))*(Diário!$F$4:$F$5010)) -> 0 | ... N122: =SUMPRODUCT((Diário!$E$4:$E$5010='Analítico Cx.'!$B122)*(Diário!$B$4:$B$5010>=N$4)*(Diário!$B$4:$B$5010<=EOMONTH(N$4,0))*(Diário!$F$4:$F$5010)) -> 0 | O122: =SUM(C122:N122) -> 0 | P122: =IF($O$137=0,0,O122/$O$137) -> 0
A123: 2.3.3 | B123: Equipamentos de Informática | C123: =SUMPRODUCT((Diário!$E$4:$E$5010='Analítico Cx.'!$B123)*(Diário!$B$4:$B$5010>=C$4)*(Diário!$B$4:$B$5010<=EOMONTH(C$4,0))*(Diário!$F$4:$F$5010)) -> 0 | D123: =SUMPRODUCT((Diário!$E$4:$E$5010='Analítico Cx.'!$B123)*(Diário!$B$4:$B$5010>=D$4)*(Diário!$B$4:$B$5010<=EOMONTH(D$4,0))*(Diário!$F$4:$F$5010)) -> 0 | E123: =SUMPRODUCT((Diário!$E$4:$E$5010='Analítico Cx.'!$B123)*(Diário!$B$4:$B$5010>=E$4)*(Diário!$B$4:$B$5010<=EOMONTH(E$4,0))*(Diário!$F$4:$F$5010)) -> 0 | F123: =SUMPRODUCT((Diário!$E$4:$E$5010='Analítico Cx.'!$B123)*(Diário!$B$4:$B$5010>=F$4)*(Diário!$B$4:$B$5010<=EOMONTH(F$4,0))*(Diário!$F$4:$F$5010)) -> 100849.9 | G123: =SUMPRODUCT((Diário!$E$4:$E$5010='Analítico Cx.'!$B123)*(Diário!$B$4:$B$5010>=G$4)*(Diário!$B$4:$B$5010<=EOMONTH(G$4,0))*(Diário!$F$4:$F$5010)) -> 0 | H123: =SUMPRODUCT((Diário!$E$4:$E$5010='Analítico Cx.'!$B123)*(Diário!$B$4:$B$5010>=H$4)*(Diário!$B$4:$B$5010<=EOMONTH(H$4,0))*(Diário!$F$4:$F$5010)) -> 0 | I123: =SUMPRODUCT((Diário!$E$4:$E$5010='Analítico Cx.'!$B123)*(Diário!$B$4:$B$5010>=I$4)*(Diário!$B$4:$B$5010<=EOMONTH(I$4,0))*(Diário!$F$4:$F$5010)) -> 20269 | J123: =SUMPRODUCT((Diário!$E$4:$E$5010='Analítico Cx.'!$B123)*(Diário!$B$4:$B$5010>=J$4)*(Diário!$B$4:$B$5010<=EOMONTH(J$4,0))*(Diário!$F$4:$F$5010)) -> 0 | ... N123: =SUMPRODUCT((Diário!$E$4:$E$5010='Analítico Cx.'!$B123)*(Diário!$B$4:$B$5010>=N$4)*(Diário!$B$4:$B$5010<=EOMONTH(N$4,0))*(Diário!$F$4:$F$5010)) -> 0 | O123: =SUM(C123:N123) -> 121118.9 | P123: =IF($O$137=0,0,O123/$O$137) -> 0.070814522
A124: 2.3.4 | B124: Equipamentos de Som, Vídeo, Fotográfico e Cinematográfico | C124: =SUMPRODUCT((Diário!$E$4:$E$5010='Analítico Cx.'!$B124)*(Diário!$B$4:$B$5010>=C$4)*(Diário!$B$4:$B$5010<=EOMONTH(C$4,0))*(Diário!$F$4:$F$5010)) -> 0 | D124: =SUMPRODUCT((Diário!$E$4:$E$5010='Analítico Cx.'!$B124)*(Diário!$B$4:$B$5010>=D$4)*(Diário!$B$4:$B$5010<=EOMONTH(D$4,0))*(Diário!$F$4:$F$5010)) -> 0 | E124: =SUMPRODUCT((Diário!$E$4:$E$5010='Analítico Cx.'!$B124)*(Diário!$B$4:$B$5010>=E$4)*(Diário!$B$4:$B$5010<=EOMONTH(E$4,0))*(Diário!$F$4:$F$5010)) -> 0 | F124: =SUMPRODUCT((Diário!$E$4:$E$5010='Analítico Cx.'!$B124)*(Diário!$B$4:$B$5010>=F$4)*(Diário!$B$4:$B$5010<=EOMONTH(F$4,0))*(Diário!$F$4:$F$5010)) -> 3691 | G124: =SUMPRODUCT((Diário!$E$4:$E$5010='Analítico Cx.'!$B124)*(Diário!$B$4:$B$5010>=G$4)*(Diário!$B$4:$B$5010<=EOMONTH(G$4,0))*(Diário!$F$4:$F$5010)) -> 0 | H124: =SUMPRODUCT((Diário!$E$4:$E$5010='Analítico Cx.'!$B124)*(Diário!$B$4:$B$5010>=H$4)*(Diário!$B$4:$B$5010<=EOMONTH(H$4,0))*(Diário!$F$4:$F$5010)) -> 0 | I124: =SUMPRODUCT((Diário!$E$4:$E$5010='Analítico Cx.'!$B124)*(Diário!$B$4:$B$5010>=I$4)*(Diário!$B$4:$B$5010<=EOMONTH(I$4,0))*(Diário!$F$4:$F$5010)) -> 0 | J124: =SUMPRODUCT((Diário!$E$4:$E$5010='Analítico Cx.'!$B124)*(Diário!$B$4:$B$5010>=J$4)*(Diário!$B$4:$B$5010<=EOMONTH(J$4,0))*(Diário!$F$4:$F$5010)) -> 0 | ... N124: =SUMPRODUCT((Diário!$E$4:$E$5010='Analítico Cx.'!$B124)*(Diário!$B$4:$B$5010>=N$4)*(Diário!$B$4:$B$5010<=EOMONTH(N$4,0))*(Diário!$F$4:$F$5010)) -> 0 | O124: =SUM(C124:N124) -> 3691 | P124: =IF($O$137=0,0,O124/$O$137) -> 0.002158015
A125: 2.3.5 | B125: Máquinas, Aparelhos, Utensílios e Equip. de Uso Administrativo | C125: =SUMPRODUCT((Diário!$E$4:$E$5010='Analítico Cx.'!$B125)*(Diário!$B$4:$B$5010>=C$4)*(Diário!$B$4:$B$5010<=EOMONTH(C$4,0))*(Diário!$F$4:$F$5010)) -> 0 | D125: =SUMPRODUCT((Diário!$E$4:$E$5010='Analítico Cx.'!$B125)*(Diário!$B$4:$B$5010>=D$4)*(Diário!$B$4:$B$5010<=EOMONTH(D$4,0))*(Diário!$F$4:$F$5010)) -> 0 | E125: =SUMPRODUCT((Diário!$E$4:$E$5010='Analítico Cx.'!$B125)*(Diário!$B$4:$B$5010>=E$4)*(Diário!$B$4:$B$5010<=EOMONTH(E$4,0))*(Diário!$F$4:$F$5010)) -> 0 | F125: =SUMPRODUCT((Diário!$E$4:$E$5010='Analítico Cx.'!$B125)*(Diário!$B$4:$B$5010>=F$4)*(Diário!$B$4:$B$5010<=EOMONTH(F$4,0))*(Diário!$F$4:$F$5010)) -> 0 | G125: =SUMPRODUCT((Diário!$E$4:$E$5010='Analítico Cx.'!$B125)*(Diário!$B$4:$B$5010>=G$4)*(Diário!$B$4:$B$5010<=EOMONTH(G$4,0))*(Diário!$F$4:$F$5010)) -> 0 | H125: =SUMPRODUCT((Diário!$E$4:$E$5010='Analítico Cx.'!$B125)*(Diário!$B$4:$B$5010>=H$4)*(Diário!$B$4:$B$5010<=EOMONTH(H$4,0))*(Diário!$F$4:$F$5010)) -> 0 | I125: =SUMPRODUCT((Diário!$E$4:$E$5010='Analítico Cx.'!$B125)*(Diário!$B$4:$B$5010>=I$4)*(Diário!$B$4:$B$5010<=EOMONTH(I$4,0))*(Diário!$F$4:$F$5010)) -> 0 | J125: =SUMPRODUCT((Diário!$E$4:$E$5010='Analítico Cx.'!$B125)*(Diário!$B$4:$B$5010>=J$4)*(Diário!$B$4:$B$5010<=EOMONTH(J$4,0))*(Diário!$F$4:$F$5010)) -> 0 | ... N125: =SUMPRODUCT((Diário!$E$4:$E$5010='Analítico Cx.'!$B125)*(Diário!$B$4:$B$5010>=N$4)*(Diário!$B$4:$B$5010<=EOMONTH(N$4,0))*(Diário!$F$4:$F$5010)) -> 0 | O125: =SUM(C125:N125) -> 0 | P125: =IF($O$137=0,0,O125/$O$137) -> 0
A126: 2.3.6 | B126: Material Esportivo e Recreativo | C126: =SUMPRODUCT((Diário!$E$4:$E$5010='Analítico Cx.'!$B126)*(Diário!$B$4:$B$5010>=C$4)*(Diário!$B$4:$B$5010<=EOMONTH(C$4,0))*(Diário!$F$4:$F$5010)) -> 0 | D126: =SUMPRODUCT((Diário!$E$4:$E$5010='Analítico Cx.'!$B126)*(Diário!$B$4:$B$5010>=D$4)*(Diário!$B$4:$B$5010<=EOMONTH(D$4,0))*(Diário!$F$4:$F$5010)) -> 0 | E126: =SUMPRODUCT((Diário!$E$4:$E$5010='Analítico Cx.'!$B126)*(Diário!$B$4:$B$5010>=E$4)*(Diário!$B$4:$B$5010<=EOMONTH(E$4,0))*(Diário!$F$4:$F$5010)) -> 0 | F126: =SUMPRODUCT((Diário!$E$4:$E$5010='Analítico Cx.'!$B126)*(Diário!$B$4:$B$5010>=F$4)*(Diário!$B$4:$B$5010<=EOMONTH(F$4,0))*(Diário!$F$4:$F$5010)) -> 0 | G126: =SUMPRODUCT((Diário!$E$4:$E$5010='Analítico Cx.'!$B126)*(Diário!$B$4:$B$5010>=G$4)*(Diário!$B$4:$B$5010<=EOMONTH(G$4,0))*(Diário!$F$4:$F$5010)) -> 0 | H126: =SUMPRODUCT((Diário!$E$4:$E$5010='Analítico Cx.'!$B126)*(Diário!$B$4:$B$5010>=H$4)*(Diário!$B$4:$B$5010<=EOMONTH(H$4,0))*(Diário!$F$4:$F$5010)) -> 0 | I126: =SUMPRODUCT((Diário!$E$4:$E$5010='Analítico Cx.'!$B126)*(Diário!$B$4:$B$5010>=I$4)*(Diário!$B$4:$B$5010<=EOMONTH(I$4,0))*(Diário!$F$4:$F$5010)) -> 0 | J126: =SUMPRODUCT((Diário!$E$4:$E$5010='Analítico Cx.'!$B126)*(Diário!$B$4:$B$5010>=J$4)*(Diário!$B$4:$B$5010<=EOMONTH(J$4,0))*(Diário!$F$4:$F$5010)) -> 0 | ... N126: =SUMPRODUCT((Diário!$E$4:$E$5010='Analítico Cx.'!$B126)*(Diário!$B$4:$B$5010>=N$4)*(Diário!$B$4:$B$5010<=EOMONTH(N$4,0))*(Diário!$F$4:$F$5010)) -> 0 | O126: =SUM(C126:N126) -> 0 | P126: =IF($O$137=0,0,O126/$O$137) -> 0
A127: 2.3.7 | B127: Mobiliário | C127: =SUMPRODUCT((Diário!$E$4:$E$5010='Analítico Cx.'!$B127)*(Diário!$B$4:$B$5010>=C$4)*(Diário!$B$4:$B$5010<=EOMONTH(C$4,0))*(Diário!$F$4:$F$5010)) -> 0 | D127: =SUMPRODUCT((Diário!$E$4:$E$5010='Analítico Cx.'!$B127)*(Diário!$B$4:$B$5010>=D$4)*(Diário!$B$4:$B$5010<=EOMONTH(D$4,0))*(Diário!$F$4:$F$5010)) -> 0 | E127: =SUMPRODUCT((Diário!$E$4:$E$5010='Analítico Cx.'!$B127)*(Diário!$B$4:$B$5010>=E$4)*(Diário!$B$4:$B$5010<=EOMONTH(E$4,0))*(Diário!$F$4:$F$5010)) -> 0 | F127: =SUMPRODUCT((Diário!$E$4:$E$5010='Analítico Cx.'!$B127)*(Diário!$B$4:$B$5010>=F$4)*(Diário!$B$4:$B$5010<=EOMONTH(F$4,0))*(Diário!$F$4:$F$5010)) -> 56204 | G127: =SUMPRODUCT((Diário!$E$4:$E$5010='Analítico Cx.'!$B127)*(Diário!$B$4:$B$5010>=G$4)*(Diário!$B$4:$B$5010<=EOMONTH(G$4,0))*(Diário!$F$4:$F$5010)) -> 0 | H127: =SUMPRODUCT((Diário!$E$4:$E$5010='Analítico Cx.'!$B127)*(Diário!$B$4:$B$5010>=H$4)*(Diário!$B$4:$B$5010<=EOMONTH(H$4,0))*(Diário!$F$4:$F$5010)) -> 16138 | I127: =SUMPRODUCT((Diário!$E$4:$E$5010='Analítico Cx.'!$B127)*(Diário!$B$4:$B$5010>=I$4)*(Diário!$B$4:$B$5010<=EOMONTH(I$4,0))*(Diário!$F$4:$F$5010)) -> 0 | J127: =SUMPRODUCT((Diário!$E$4:$E$5010='Analítico Cx.'!$B127)*(Diário!$B$4:$B$5010>=J$4)*(Diário!$B$4:$B$5010<=EOMONTH(J$4,0))*(Diário!$F$4:$F$5010)) -> 1740 | ... N127: =SUMPRODUCT((Diário!$E$4:$E$5010='Analítico Cx.'!$B127)*(Diário!$B$4:$B$5010>=N$4)*(Diário!$B$4:$B$5010<=EOMONTH(N$4,0))*(Diário!$F$4:$F$5010)) -> 0 | O127: =SUM(C127:N127) -> 74082 | P127: =IF($O$137=0,0,O127/$O$137) -> 0.043313483
A128: 2.3.8 | B128: Veículos | C128: =SUMPRODUCT((Diário!$E$4:$E$5010='Analítico Cx.'!$B128)*(Diário!$B$4:$B$5010>=C$4)*(Diário!$B$4:$B$5010<=EOMONTH(C$4,0))*(Diário!$F$4:$F$5010)) -> 0 | D128: =SUMPRODUCT((Diário!$E$4:$E$5010='Analítico Cx.'!$B128)*(Diário!$B$4:$B$5010>=D$4)*(Diário!$B$4:$B$5010<=EOMONTH(D$4,0))*(Diário!$F$4:$F$5010)) -> 0 | E128: =SUMPRODUCT((Diário!$E$4:$E$5010='Analítico Cx.'!$B128)*(Diário!$B$4:$B$5010>=E$4)*(Diário!$B$4:$B$5010<=EOMONTH(E$4,0))*(Diário!$F$4:$F$5010)) -> 0 | F128: =SUMPRODUCT((Diário!$E$4:$E$5010='Analítico Cx.'!$B128)*(Diário!$B$4:$B$5010>=F$4)*(Diário!$B$4:$B$5010<=EOMONTH(F$4,0))*(Diário!$F$4:$F$5010)) -> 0 | G128: =SUMPRODUCT((Diário!$E$4:$E$5010='Analítico Cx.'!$B128)*(Diário!$B$4:$B$5010>=G$4)*(Diário!$B$4:$B$5010<=EOMONTH(G$4,0))*(Diário!$F$4:$F$5010)) -> 0 | H128: =SUMPRODUCT((Diário!$E$4:$E$5010='Analítico Cx.'!$B128)*(Diário!$B$4:$B$5010>=H$4)*(Diário!$B$4:$B$5010<=EOMONTH(H$4,0))*(Diário!$F$4:$F$5010)) -> 0 | I128: =SUMPRODUCT((Diário!$E$4:$E$5010='Analítico Cx.'!$B128)*(Diário!$B$4:$B$5010>=I$4)*(Diário!$B$4:$B$5010<=EOMONTH(I$4,0))*(Diário!$F$4:$F$5010)) -> 0 | J128: =SUMPRODUCT((Diário!$E$4:$E$5010='Analítico Cx.'!$B128)*(Diário!$B$4:$B$5010>=J$4)*(Diário!$B$4:$B$5010<=EOMONTH(J$4,0))*(Diário!$F$4:$F$5010)) -> 0 | ... N128: =SUMPRODUCT((Diário!$E$4:$E$5010='Analítico Cx.'!$B128)*(Diário!$B$4:$B$5010>=N$4)*(Diário!$B$4:$B$5010<=EOMONTH(N$4,0))*(Diário!$F$4:$F$5010)) -> 0 | O128: =SUM(C128:N128) -> 0 | P128: =IF($O$137=0,0,O128/$O$137) -> 0
A129: 2.3.9 | B129: Coleção e Materiais Bibliográficos | C129: =SUMPRODUCT((Diário!$E$4:$E$5010='Analítico Cx.'!$B129)*(Diário!$B$4:$B$5010>=C$4)*(Diário!$B$4:$B$5010<=EOMONTH(C$4,0))*(Diário!$F$4:$F$5010)) -> 0 | D129: =SUMPRODUCT((Diário!$E$4:$E$5010='Analítico Cx.'!$B129)*(Diário!$B$4:$B$5010>=D$4)*(Diário!$B$4:$B$5010<=EOMONTH(D$4,0))*(Diário!$F$4:$F$5010)) -> 0 | E129: =SUMPRODUCT((Diário!$E$4:$E$5010='Analítico Cx.'!$B129)*(Diário!$B$4:$B$5010>=E$4)*(Diário!$B$4:$B$5010<=EOMONTH(E$4,0))*(Diário!$F$4:$F$5010)) -> 0 | F129: =SUMPRODUCT((Diário!$E$4:$E$5010='Analítico Cx.'!$B129)*(Diário!$B$4:$B$5010>=F$4)*(Diário!$B$4:$B$5010<=EOMONTH(F$4,0))*(Diário!$F$4:$F$5010)) -> 0 | G129: =SUMPRODUCT((Diário!$E$4:$E$5010='Analítico Cx.'!$B129)*(Diário!$B$4:$B$5010>=G$4)*(Diário!$B$4:$B$5010<=EOMONTH(G$4,0))*(Diário!$F$4:$F$5010)) -> 0 | H129: =SUMPRODUCT((Diário!$E$4:$E$5010='Analítico Cx.'!$B129)*(Diário!$B$4:$B$5010>=H$4)*(Diário!$B$4:$B$5010<=EOMONTH(H$4,0))*(Diário!$F$4:$F$5010)) -> 0 | I129: =SUMPRODUCT((Diário!$E$4:$E$5010='Analítico Cx.'!$B129)*(Diário!$B$4:$B$5010>=I$4)*(Diário!$B$4:$B$5010<=EOMONTH(I$4,0))*(Diário!$F$4:$F$5010)) -> 0 | J129: =SUMPRODUCT((Diário!$E$4:$E$5010='Analítico Cx.'!$B129)*(Diário!$B$4:$B$5010>=J$4)*(Diário!$B$4:$B$5010<=EOMONTH(J$4,0))*(Diário!$F$4:$F$5010)) -> 0 | ... N129: =SUMPRODUCT((Diário!$E$4:$E$5010='Analítico Cx.'!$B129)*(Diário!$B$4:$B$5010>=N$4)*(Diário!$B$4:$B$5010<=EOMONTH(N$4,0))*(Diário!$F$4:$F$5010)) -> 0 | O129: =SUM(C129:N129) -> 0 | P129: =IF($O$137=0,0,O129/$O$137) -> 0
A130: 2.3.10 | B130: Instrumentos Musicais e Artísticos | C130: =SUMPRODUCT((Diário!$E$4:$E$5010='Analítico Cx.'!$B130)*(Diário!$B$4:$B$5010>=C$4)*(Diário!$B$4:$B$5010<=EOMONTH(C$4,0))*(Diário!$F$4:$F$5010)) -> 0 | D130: =SUMPRODUCT((Diário!$E$4:$E$5010='Analítico Cx.'!$B130)*(Diário!$B$4:$B$5010>=D$4)*(Diário!$B$4:$B$5010<=EOMONTH(D$4,0))*(Diário!$F$4:$F$5010)) -> 0 | E130: =SUMPRODUCT((Diário!$E$4:$E$5010='Analítico Cx.'!$B130)*(Diário!$B$4:$B$5010>=E$4)*(Diário!$B$4:$B$5010<=EOMONTH(E$4,0))*(Diário!$F$4:$F$5010)) -> 0 | F130: =SUMPRODUCT((Diário!$E$4:$E$5010='Analítico Cx.'!$B130)*(Diário!$B$4:$B$5010>=F$4)*(Diário!$B$4:$B$5010<=EOMONTH(F$4,0))*(Diário!$F$4:$F$5010)) -> 0 | G130: =SUMPRODUCT((Diário!$E$4:$E$5010='Analítico Cx.'!$B130)*(Diário!$B$4:$B$5010>=G$4)*(Diário!$B$4:$B$5010<=EOMONTH(G$4,0))*(Diário!$F$4:$F$5010)) -> 0 | H130: =SUMPRODUCT((Diário!$E$4:$E$5010='Analítico Cx.'!$B130)*(Diário!$B$4:$B$5010>=H$4)*(Diário!$B$4:$B$5010<=EOMONTH(H$4,0))*(Diário!$F$4:$F$5010)) -> 0 | I130: =SUMPRODUCT((Diário!$E$4:$E$5010='Analítico Cx.'!$B130)*(Diário!$B$4:$B$5010>=I$4)*(Diário!$B$4:$B$5010<=EOMONTH(I$4,0))*(Diário!$F$4:$F$5010)) -> 0 | J130: =SUMPRODUCT((Diário!$E$4:$E$5010='Analítico Cx.'!$B130)*(Diário!$B$4:$B$5010>=J$4)*(Diário!$B$4:$B$5010<=EOMONTH(J$4,0))*(Diário!$F$4:$F$5010)) -> 0 | ... N130: =SUMPRODUCT((Diário!$E$4:$E$5010='Analítico Cx.'!$B130)*(Diário!$B$4:$B$5010>=N$4)*(Diário!$B$4:$B$5010<=EOMONTH(N$4,0))*(Diário!$F$4:$F$5010)) -> 0 | O130: =SUM(C130:N130) -> 0 | P130: =IF($O$137=0,0,O130/$O$137) -> 0
A131: 2.3.11 | B131: Equipamentos de Segurança Eletrônica | C131: =SUMPRODUCT((Diário!$E$4:$E$5010='Analítico Cx.'!$B131)*(Diário!$B$4:$B$5010>=C$4)*(Diário!$B$4:$B$5010<=EOMONTH(C$4,0))*(Diário!$F$4:$F$5010)) -> 0 | D131: =SUMPRODUCT((Diário!$E$4:$E$5010='Analítico Cx.'!$B131)*(Diário!$B$4:$B$5010>=D$4)*(Diário!$B$4:$B$5010<=EOMONTH(D$4,0))*(Diário!$F$4:$F$5010)) -> 0 | E131: =SUMPRODUCT((Diário!$E$4:$E$5010='Analítico Cx.'!$B131)*(Diário!$B$4:$B$5010>=E$4)*(Diário!$B$4:$B$5010<=EOMONTH(E$4,0))*(Diário!$F$4:$F$5010)) -> 0 | F131: =SUMPRODUCT((Diário!$E$4:$E$5010='Analítico Cx.'!$B131)*(Diário!$B$4:$B$5010>=F$4)*(Diário!$B$4:$B$5010<=EOMONTH(F$4,0))*(Diário!$F$4:$F$5010)) -> 0 | G131: =SUMPRODUCT((Diário!$E$4:$E$5010='Analítico Cx.'!$B131)*(Diário!$B$4:$B$5010>=G$4)*(Diário!$B$4:$B$5010<=EOMONTH(G$4,0))*(Diário!$F$4:$F$5010)) -> 0 | H131: =SUMPRODUCT((Diário!$E$4:$E$5010='Analítico Cx.'!$B131)*(Diário!$B$4:$B$5010>=H$4)*(Diário!$B$4:$B$5010<=EOMONTH(H$4,0))*(Diário!$F$4:$F$5010)) -> 59.5 | I131: =SUMPRODUCT((Diário!$E$4:$E$5010='Analítico Cx.'!$B131)*(Diário!$B$4:$B$5010>=I$4)*(Diário!$B$4:$B$5010<=EOMONTH(I$4,0))*(Diário!$F$4:$F$5010)) -> 0 | J131: =SUMPRODUCT((Diário!$E$4:$E$5010='Analítico Cx.'!$B131)*(Diário!$B$4:$B$5010>=J$4)*(Diário!$B$4:$B$5010<=EOMONTH(J$4,0))*(Diário!$F$4:$F$5010)) -> 0 | ... N131: =SUMPRODUCT((Diário!$E$4:$E$5010='Analítico Cx.'!$B131)*(Diário!$B$4:$B$5010>=N$4)*(Diário!$B$4:$B$5010<=EOMONTH(N$4,0))*(Diário!$F$4:$F$5010)) -> 0 | O131: =SUM(C131:N131) -> 59.5 | P131: =IF($O$137=0,0,O131/$O$137) -> 3.4787833e-05
A132: 2.3.12 | B132: Material Didático | C132: =SUMPRODUCT((Diário!$E$4:$E$5010='Analítico Cx.'!$B132)*(Diário!$B$4:$B$5010>=C$4)*(Diário!$B$4:$B$5010<=EOMONTH(C$4,0))*(Diário!$F$4:$F$5010)) -> 0 | D132: =SUMPRODUCT((Diário!$E$4:$E$5010='Analítico Cx.'!$B132)*(Diário!$B$4:$B$5010>=D$4)*(Diário!$B$4:$B$5010<=EOMONTH(D$4,0))*(Diário!$F$4:$F$5010)) -> 0 | E132: =SUMPRODUCT((Diário!$E$4:$E$5010='Analítico Cx.'!$B132)*(Diário!$B$4:$B$5010>=E$4)*(Diário!$B$4:$B$5010<=EOMONTH(E$4,0))*(Diário!$F$4:$F$5010)) -> 0 | F132: =SUMPRODUCT((Diário!$E$4:$E$5010='Analítico Cx.'!$B132)*(Diário!$B$4:$B$5010>=F$4)*(Diário!$B$4:$B$5010<=EOMONTH(F$4,0))*(Diário!$F$4:$F$5010)) -> 0 | G132: =SUMPRODUCT((Diário!$E$4:$E$5010='Analítico Cx.'!$B132)*(Diário!$B$4:$B$5010>=G$4)*(Diário!$B$4:$B$5010<=EOMONTH(G$4,0))*(Diário!$F$4:$F$5010)) -> 0 | H132: =SUMPRODUCT((Diário!$E$4:$E$5010='Analítico Cx.'!$B132)*(Diário!$B$4:$B$5010>=H$4)*(Diário!$B$4:$B$5010<=EOMONTH(H$4,0))*(Diário!$F$4:$F$5010)) -> 0 | I132: =SUMPRODUCT((Diário!$E$4:$E$5010='Analítico Cx.'!$B132)*(Diário!$B$4:$B$5010>=I$4)*(Diário!$B$4:$B$5010<=EOMONTH(I$4,0))*(Diário!$F$4:$F$5010)) -> 0 | J132: =SUMPRODUCT((Diário!$E$4:$E$5010='Analítico Cx.'!$B132)*(Diário!$B$4:$B$5010>=J$4)*(Diário!$B$4:$B$5010<=EOMONTH(J$4,0))*(Diário!$F$4:$F$5010)) -> 0 | ... N132: =SUMPRODUCT((Diário!$E$4:$E$5010='Analítico Cx.'!$B132)*(Diário!$B$4:$B$5010>=N$4)*(Diário!$B$4:$B$5010<=EOMONTH(N$4,0))*(Diário!$F$4:$F$5010)) -> 0 | O132: =SUM(C132:N132) -> 0 | P132: =IF($O$137=0,0,O132/$O$137) -> 0
... A134: 2.3.14 | B134: Outros Materiais Permanentes | C134: =SUMPRODUCT((Diário!$E$4:$E$5010='Analítico Cx.'!$B134)*(Diário!$B$4:$B$5010>=C$4)*(Diário!$B$4:$B$5010<=EOMONTH(C$4,0))*(Diário!$F$4:$F$5010)) -> 0 | D134: =SUMPRODUCT((Diário!$E$4:$E$5010='Analítico Cx.'!$B134)*(Diário!$B$4:$B$5010>=D$4)*(Diário!$B$4:$B$5010<=EOMONTH(D$4,0))*(Diário!$F$4:$F$5010)) -> 0 | E134: =SUMPRODUCT((Diário!$E$4:$E$5010='Analítico Cx.'!$B134)*(Diário!$B$4:$B$5010>=E$4)*(Diário!$B$4:$B$5010<=EOMONTH(E$4,0))*(Diário!$F$4:$F$5010)) -> 0 | F134: =SUMPRODUCT((Diário!$E$4:$E$5010='Analítico Cx.'!$B134)*(Diário!$B$4:$B$5010>=F$4)*(Diário!$B$4:$B$5010<=EOMONTH(F$4,0))*(Diário!$F$4:$F$5010)) -> 0 | G134: =SUMPRODUCT((Diário!$E$4:$E$5010='Analítico Cx.'!$B134)*(Diário!$B$4:$B$5010>=G$4)*(Diário!$B$4:$B$5010<=EOMONTH(G$4,0))*(Diário!$F$4:$F$5010)) -> 0 | H134: =SUMPRODUCT((Diário!$E$4:$E$5010='Analítico Cx.'!$B134)*(Diário!$B$4:$B$5010>=H$4)*(Diário!$B$4:$B$5010<=EOMONTH(H$4,0))*(Diário!$F$4:$F$5010)) -> 2677 | I134: =SUMPRODUCT((Diário!$E$4:$E$5010='Analítico Cx.'!$B134)*(Diário!$B$4:$B$5010>=I$4)*(Diário!$B$4:$B$5010<=EOMONTH(I$4,0))*(Diário!$F$4:$F$5010)) -> 0 | J134: =SUMPRODUCT((Diário!$E$4:$E$5010='Analítico Cx.'!$B134)*(Diário!$B$4:$B$5010>=J$4)*(Diário!$B$4:$B$5010<=EOMONTH(J$4,0))*(Diário!$F$4:$F$5010)) -> 0 | ... N134: =SUMPRODUCT((Diário!$E$4:$E$5010='Analítico Cx.'!$B134)*(Diário!$B$4:$B$5010>=N$4)*(Diário!$B$4:$B$5010<=EOMONTH(N$4,0))*(Diário!$F$4:$F$5010)) -> 312.9 | O134: =SUM(C134:N134) -> 2989.9 | P134: =IF($O$137=0,0,O134/$O$137) -> 0.0017481032
B135: Subtotal Aquisição de Bens: | C135: =SUBTOTAL(109,C121:C134) -> 0 | D135: =SUBTOTAL(109,D121:D134) -> 0 | E135: =SUBTOTAL(109,E121:E134) -> 0 | F135: =SUBTOTAL(109,F121:F134) -> 160744.9 | G135: =SUBTOTAL(109,G121:G134) -> 0 | H135: =SUBTOTAL(109,H121:H134) -> 18874.5 | I135: =SUBTOTAL(109,I121:I134) -> 20269 | J135: =SUBTOTAL(109,J121:J134) -> 1740 | ... O135: =SUBTOTAL(109,O121:O134) -> 201941.3 | P135: =IF($O$137=0,0,O135/$O$137) -> 0.11806891
A136: 2.4 | B136: Transferência para Reserva | C136: =SUMPRODUCT((Diário!$E$4:$E$5010='Analítico Cx.'!$B136)*(Diário!$B$4:$B$5010>=C$4)*(Diário!$B$4:$B$5010<=EOMONTH(C$4,0))*(Diário!$F$4:$F$5010)) -> 0 | D136: =SUMPRODUCT((Diário!$E$4:$E$5010='Analítico Cx.'!$B136)*(Diário!$B$4:$B$5010>=D$4)*(Diário!$B$4:$B$5010<=EOMONTH(D$4,0))*(Diário!$F$4:$F$5010)) -> 0 | E136: =SUMPRODUCT((Diário!$E$4:$E$5010='Analítico Cx.'!$B136)*(Diário!$B$4:$B$5010>=E$4)*(Diário!$B$4:$B$5010<=EOMONTH(E$4,0))*(Diário!$F$4:$F$5010)) -> 0 | F136: =SUMPRODUCT((Diário!$E$4:$E$5010='Analítico Cx.'!$B136)*(Diário!$B$4:$B$5010>=F$4)*(Diário!$B$4:$B$5010<=EOMONTH(F$4,0))*(Diário!$F$4:$F$5010)) -> 0 | G136: =SUMPRODUCT((Diário!$E$4:$E$5010='Analítico Cx.'!$B136)*(Diário!$B$4:$B$5010>=G$4)*(Diário!$B$4:$B$5010<=EOMONTH(G$4,0))*(Diário!$F$4:$F$5010)) -> 0 | H136: =SUMPRODUCT((Diário!$E$4:$E$5010='Analítico Cx.'!$B136)*(Diário!$B$4:$B$5010>=H$4)*(Diário!$B$4:$B$5010<=EOMONTH(H$4,0))*(Diário!$F$4:$F$5010)) -> 948.15 | I136: =SUMPRODUCT((Diário!$E$4:$E$5010='Analítico Cx.'!$B136)*(Diário!$B$4:$B$5010>=I$4)*(Diário!$B$4:$B$5010<=EOMONTH(I$4,0))*(Diário!$F$4:$F$5010)) -> 1079.38 | J136: =SUMPRODUCT((Diário!$E$4:$E$5010='Analítico Cx.'!$B136)*(Diário!$B$4:$B$5010>=J$4)*(Diário!$B$4:$B$5010<=EOMONTH(J$4,0))*(Diário!$F$4:$F$5010)) -> 458.48 | ... N136: =SUMPRODUCT((Diário!$E$4:$E$5010='Analítico Cx.'!$B136)*(Diário!$B$4:$B$5010>=N$4)*(Diário!$B$4:$B$5010<=EOMONTH(N$4,0))*(Diário!$F$4:$F$5010)) -> 558.11 | O136: =SUM(C136:N136) -> 5739.17 | P136: =IF($O$137=0,0,O136/$O$137) -> 0.0033555174
A137: (S) Total de Saídas | C137: =SUBTOTAL(109,C20:C136) -> 0 | D137: =SUBTOTAL(109,D20:D136) -> 0 | E137: =SUBTOTAL(109,E20:E136) -> 284755.55 | F137: =SUBTOTAL(109,F20:F136) -> 186419.51 | G137: =SUBTOTAL(109,G20:G136) -> 86307.4 | H137: =SUBTOTAL(109,H20:H136) -> 194902.05 | I137: =SUBTOTAL(109,I20:I136) -> 171298.69 | J137: =SUBTOTAL(109,J20:J136) -> 122347.77 | ... O137: =SUBTOTAL(109,O20:O136) -> 1710368.1 | P137: =IF($O$137=0,0,O137/$O$137) -> 1

Sheet Gasto das Atividades
A1: =Capa!A70 -> Contrato de Gestão nº14.2025 - Secretaria de Estado de Justiça e Segurança Pública - SEJUSP e Instituto Jurídico para Efetivação da Cidadania e Saúde - Avante Social
A2: =Capa!A5 -> 4º Relatório Gerencial Financeiro
A3: Tabela 3 - Demonstrativo dos Gastos das Atividades
A4: Nº | B4: Atividades | C4: Previsto | D4: Realizado | E4: Realizado (/) Previsto
B5: N/A
A6: 1 | B6: Área Meio | C6: 94550 | D6: =IF(B6="",0, SUMPRODUCT((Diário!$I$4:$I$5010='Gasto das Atividades'!B6)*(Diário!$C$4:$C$5010>=Resumo!$C$4)*(Diário!$C$4:$C$5010<=EOMONTH(Resumo!$N$4,0))*(Diário!$F$4:$F$5010))+ SUMPRODUCT(('Comp.'!$G$5:$G$464='Gasto das Atividades'!B6)*('Comp.'!$B$5:$B$464>=Resumo!$C$4)*('Comp.'!$B$5:$B$464<=EOMONTH(Resumo!$N$4,0))*('Comp.'!$E$5:$E$464))) -> 165050.53 | E6: =IF(OR(D6=0,C6=0),"-",D6/C6) -> 1.7456428
A7: 2 | B7: Núcleo Belo Horizonte | C7: 116872.41 | D7: =IF(B7="",0, SUMPRODUCT((Diário!$I$4:$I$5010='Gasto das Atividades'!B7)*(Diário!$C$4:$C$5010>=Resumo!$C$4)*(Diário!$C$4:$C$5010<=EOMONTH(Resumo!$N$4,0))*(Diário!$F$4:$F$5010))+ SUMPRODUCT(('Comp.'!$G$5:$G$464='Gasto das Atividades'!B7)*('Comp.'!$B$5:$B$464>=Resumo!$C$4)*('Comp.'!$B$5:$B$464<=EOMONTH(Resumo!$N$4,0))*('Comp.'!$E$5:$E$464))) -> 413811.28 | E7: =IF(OR(D7=0,C7=0),"-",D7/C7) -> 3.5407097
A8: 3 | B8: Núcleo Juiz de Fora | C8: 114692.41 | D8: =IF(B8="",0, SUMPRODUCT((Diário!$I$4:$I$5010='Gasto das Atividades'!B8)*(Diário!$C$4:$C$5010>=Resumo!$C$4)*(Diário!$C$4:$C$5010<=EOMONTH(Resumo!$N$4,0))*(Diário!$F$4:$F$5010))+ SUMPRODUCT(('Comp.'!$G$5:$G$464='Gasto das Atividades'!B8)*('Comp.'!$B$5:$B$464>=Resumo!$C$4)*('Comp.'!$B$5:$B$464<=EOMONTH(Resumo!$N$4,0))*('Comp.'!$E$5:$E$464))) -> 270101.31 | E8: =IF(OR(D8=0,C8=0),"-",D8/C8) -> 2.355006
A9: 4 | B9: Núcleo Uberlândia | C9: 114692.41 | D9: =IF(B9="",0, SUMPRODUCT((Diário!$I$4:$I$5010='Gasto das Atividades'!B9)*(Diário!$C$4:$C$5010>=Resumo!$C$4)*(Diário!$C$4:$C$5010<=EOMONTH(Resumo!$N$4,0))*(Diário!$F$4:$F$5010))+ SUMPRODUCT(('Comp.'!$G$5:$G$464='Gasto das Atividades'!B9)*('Comp.'!$B$5:$B$464>=Resumo!$C$4)*('Comp.'!$B$5:$B$464<=EOMONTH(Resumo!$N$4,0))*('Comp.'!$E$5:$E$464))) -> 282292.84 | E9: =IF(OR(D9=0,C9=0),"-",D9/C9) -> 2.4613036
A10: 5 | B10: Núcleo Montes Claros | C10: 113602.41 | D10: =IF(B10="",0, SUMPRODUCT((Diário!$I$4:$I$5010='Gasto das Atividades'!B10)*(Diário!$C$4:$C$5010>=Resumo!$C$4)*(Diário!$C$4:$C$5010<=EOMONTH(Resumo!$N$4,0))*(Diário!$F$4:$F$5010))+ SUMPRODUCT(('Comp.'!$G$5:$G$464='Gasto das Atividades'!B10)*('Comp.'!$B$5:$B$464>=Resumo!$C$4)*('Comp.'!$B$5:$B$464<=EOMONTH(Resumo!$N$4,0))*('Comp.'!$E$5:$E$464))) -> 217744.97 | E10: =IF(OR(D10=0,C10=0),"-",D10/C10) -> 1.9167284
A11: 6 | B11: Núcleo Governador Valadares | C11: 22720.48 | D11: =IF(B11="",0, SUMPRODUCT((Diário!$I$4:$I$5010='Gasto das Atividades'!B11)*(Diário!$C$4:$C$5010>=Resumo!$C$4)*(Diário!$C$4:$C$5010<=EOMONTH(Resumo!$N$4,0))*(Diário!$F$4:$F$5010))+ SUMPRODUCT(('Comp.'!$G$5:$G$464='Gasto das Atividades'!B11)*('Comp.'!$B$5:$B$464>=Resumo!$C$4)*('Comp.'!$B$5:$B$464<=EOMONTH(Resumo!$N$4,0))*('Comp.'!$E$5:$E$464))) -> 7901.7 | E11: =IF(OR(D11=0,C11=0),"-",D11/C11) -> 0.34777874
A12: 7 | B12: Área Fim | C12: 65500 | D12: =IF(B12="",0, SUMPRODUCT((Diário!$I$4:$I$5010='Gasto das Atividades'!B12)*(Diário!$C$4:$C$5010>=Resumo!$C$4)*(Diário!$C$4:$C$5010<=EOMONTH(Resumo!$N$4,0))*(Diário!$F$4:$F$5010))+ SUMPRODUCT(('Comp.'!$G$5:$G$464='Gasto das Atividades'!B12)*('Comp.'!$B$5:$B$464>=Resumo!$C$4)*('Comp.'!$B$5:$B$464<=EOMONTH(Resumo!$N$4,0))*('Comp.'!$E$5:$E$464))) -> 6910 | E12: =IF(OR(D12=0,C12=0),"-",D12/C12) -> 0.10549618
A13: 8 | C13: 0 | D13: =IF(B13="",0, SUMPRODUCT((Diário!$I$4:$I$5010='Gasto das Atividades'!B13)*(Diário!$C$4:$C$5010>=Resumo!$C$4)*(Diário!$C$4:$C$5010<=EOMONTH(Resumo!$N$4,0))*(Diário!$F$4:$F$5010))+ SUMPRODUCT(('Comp.'!$G$5:$G$464='Gasto das Atividades'!B13)*('Comp.'!$B$5:$B$464>=Resumo!$C$4)*('Comp.'!$B$5:$B$464<=EOMONTH(Resumo!$N$4,0))*('Comp.'!$E$5:$E$464))) -> 0 | E13: =IF(OR(D13=0,C13=0),"-",D13/C13) -> -
A14: 9 | C14: 0 | D14: =IF(B14="",0, SUMPRODUCT((Diário!$I$4:$I$5010='Gasto das Atividades'!B14)*(Diário!$C$4:$C$5010>=Resumo!$C$4)*(Diário!$C$4:$C$5010<=EOMONTH(Resumo!$N$4,0))*(Diário!$F$4:$F$5010))+ SUMPRODUCT(('Comp.'!$G$5:$G$464='Gasto das Atividades'!B14)*('Comp.'!$B$5:$B$464>=Resumo!$C$4)*('Comp.'!$B$5:$B$464<=EOMONTH(Resumo!$N$4,0))*('Comp.'!$E$5:$E$464))) -> 0 | E14: =IF(OR(D14=0,C14=0),"-",D14/C14) -> -
A15: 10 | C15: 0 | D15: =IF(B15="",0, SUMPRODUCT((Diário!$I$4:$I$5010='Gasto das Atividades'!B15)*(Diário!$C$4:$C$5010>=Resumo!$C$4)*(Diário!$C$4:$C$5010<=EOMONTH(Resumo!$N$4,0))*(Diário!$F$4:$F$5010))+ SUMPRODUCT(('Comp.'!$G$5:$G$464='Gasto das Atividades'!B15)*('Comp.'!$B$5:$B$464>=Resumo!$C$4)*('Comp.'!$B$5:$B$464<=EOMONTH(Resumo!$N$4,0))*('Comp.'!$E$5:$E$464))) -> 0 | E15: =IF(OR(D15=0,C15=0),"-",D15/C15) -> -
A16: 11 | C16: 0 | D16: =IF(B16="",0, SUMPRODUCT((Diário!$I$4:$I$5010='Gasto das Atividades'!B16)*(Diário!$C$4:$C$5010>=Resumo!$C$4)*(Diário!$C$4:$C$5010<=EOMONTH(Resumo!$N$4,0))*(Diário!$F$4:$F$5010))+ SUMPRODUCT(('Comp.'!$G$5:$G$464='Gasto das Atividades'!B16)*('Comp.'!$B$5:$B$464>=Resumo!$C$4)*('Comp.'!$B$5:$B$464<=EOMONTH(Resumo!$N$4,0))*('Comp.'!$E$5:$E$464))) -> 0 | E16: =IF(OR(D16=0,C16=0),"-",D16/C16) -> -
A17: 12 | C17: 0 | D17: =IF(B17="",0, SUMPRODUCT((Diário!$I$4:$I$5010='Gasto das Atividades'!B17)*(Diário!$C$4:$C$5010>=Resumo!$C$4)*(Diário!$C$4:$C$5010<=EOMONTH(Resumo!$N$4,0))*(Diário!$F$4:$F$5010))+ SUMPRODUCT(('Comp.'!$G$5:$G$464='Gasto das Atividades'!B17)*('Comp.'!$B$5:$B$464>=Resumo!$C$4)*('Comp.'!$B$5:$B$464<=EOMONTH(Resumo!$N$4,0))*('Comp.'!$E$5:$E$464))) -> 0 | E17: =IF(OR(D17=0,C17=0),"-",D17/C17) -> -
A18: 13 | C18: 0 | D18: =IF(B18="",0, SUMPRODUCT((Diário!$I$4:$I$5010='Gasto das Atividades'!B18)*(Diário!$C$4:$C$5010>=Resumo!$C$4)*(Diário!$C$4:$C$5010<=EOMONTH(Resumo!$N$4,0))*(Diário!$F$4:$F$5010))+ SUMPRODUCT(('Comp.'!$G$5:$G$464='Gasto das Atividades'!B18)*('Comp.'!$B$5:$B$464>=Resumo!$C$4)*('Comp.'!$B$5:$B$464<=EOMONTH(Resumo!$N$4,0))*('Comp.'!$E$5:$E$464))) -> 0 | E18: =IF(OR(D18=0,C18=0),"-",D18/C18) -> -
A19: 14 | C19: 0 | D19: =IF(B19="",0, SUMPRODUCT((Diário!$I$4:$I$5010='Gasto das Atividades'!B19)*(Diário!$C$4:$C$5010>=Resumo!$C$4)*(Diário!$C$4:$C$5010<=EOMONTH(Resumo!$N$4,0))*(Diário!$F$4:$F$5010))+ SUMPRODUCT(('Comp.'!$G$5:$G$464='Gasto das Atividades'!B19)*('Comp.'!$B$5:$B$464>=Resumo!$C$4)*('Comp.'!$B$5:$B$464<=EOMONTH(Resumo!$N$4,0))*('Comp.'!$E$5:$E$464))) -> 0 | E19: =IF(OR(D19=0,C19=0),"-",D19/C19) -> -
A20: 15 | C20: 0 | D20: =IF(B20="",0, SUMPRODUCT((Diário!$I$4:$I$5010='Gasto das Atividades'!B20)*(Diário!$C$4:$C$5010>=Resumo!$C$4)*(Diário!$C$4:$C$5010<=EOMONTH(Resumo!$N$4,0))*(Diário!$F$4:$F$5010))+ SUMPRODUCT(('Comp.'!$G$5:$G$464='Gasto das Atividades'!B20)*('Comp.'!$B$5:$B$464>=Resumo!$C$4)*('Comp.'!$B$5:$B$464<=EOMONTH(Resumo!$N$4,0))*('Comp.'!$E$5:$E$464))) -> 0 | E20: =IF(OR(D20=0,C20=0),"-",D20/C20) -> -
A21: 16 | C21: 0 | D21: =IF(B21="",0, SUMPRODUCT((Diário!$I$4:$I$5010='Gasto das Atividades'!B21)*(Diário!$C$4:$C$5010>=Resumo!$C$4)*(Diário!$C$4:$C$5010<=EOMONTH(Resumo!$N$4,0))*(Diário!$F$4:$F$5010))+ SUMPRODUCT(('Comp.'!$G$5:$G$464='Gasto das Atividades'!B21)*('Comp.'!$B$5:$B$464>=Resumo!$C$4)*('Comp.'!$B$5:$B$464<=EOMONTH(Resumo!$N$4,0))*('Comp.'!$E$5:$E$464))) -> 0 | E21: =IF(OR(D21=0,C21=0),"-",D21/C21) -> -
A22: 17 | C22: 0 | D22: =IF(B22="",0, SUMPRODUCT((Diário!$I$4:$I$5010='Gasto das Atividades'!B22)*(Diário!$C$4:$C$5010>=Resumo!$C$4)*(Diário!$C$4:$C$5010<=EOMONTH(Resumo!$N$4,0))*(Diário!$F$4:$F$5010))+ SUMPRODUCT(('Comp.'!$G$5:$G$464='Gasto das Atividades'!B22)*('Comp.'!$B$5:$B$464>=Resumo!$C$4)*('Comp.'!$B$5:$B$464<=EOMONTH(Resumo!$N$4,0))*('Comp.'!$E$5:$E$464))) -> 0 | E22: =IF(OR(D22=0,C22=0),"-",D22/C22) -> -
A23: 18 | C23: 0 | D23: =IF(B23="",0, SUMPRODUCT((Diário!$I$4:$I$5010='Gasto das Atividades'!B23)*(Diário!$C$4:$C$5010>=Resumo!$C$4)*(Diário!$C$4:$C$5010<=EOMONTH(Resumo!$N$4,0))*(Diário!$F$4:$F$5010))+ SUMPRODUCT(('Comp.'!$G$5:$G$464='Gasto das Atividades'!B23)*('Comp.'!$B$5:$B$464>=Resumo!$C$4)*('Comp.'!$B$5:$B$464<=EOMONTH(Resumo!$N$4,0))*('Comp.'!$E$5:$E$464))) -> 0 | E23: =IF(OR(D23=0,C23=0),"-",D23/C23) -> -
A24: 19 | C24: 0 | D24: =IF(B24="",0, SUMPRODUCT((Diário!$I$4:$I$5010='Gasto das Atividades'!B24)*(Diário!$C$4:$C$5010>=Resumo!$C$4)*(Diário!$C$4:$C$5010<=EOMONTH(Resumo!$N$4,0))*(Diário!$F$4:$F$5010))+ SUMPRODUCT(('Comp.'!$G$5:$G$464='Gasto das Atividades'!B24)*('Comp.'!$B$5:$B$464>=Resumo!$C$4)*('Comp.'!$B$5:$B$464<=EOMONTH(Resumo!$N$4,0))*('Comp.'!$E$5:$E$464))) -> 0 | E24: =IF(OR(D24=0,C24=0),"-",D24/C24) -> -
... A35: 30 | C35: 0 | D35: =IF(B35="",0, SUMPRODUCT((Diário!$I$4:$I$5010='Gasto das Atividades'!B35)*(Diário!$C$4:$C$5010>=Resumo!$C$4)*(Diário!$C$4:$C$5010<=EOMONTH(Resumo!$N$4,0))*(Diário!$F$4:$F$5010))+ SUMPRODUCT(('Comp.'!$G$5:$G$464='Gasto das Atividades'!B35)*('Comp.'!$B$5:$B$464>=Resumo!$C$4)*('Comp.'!$B$5:$B$464<=EOMONTH(Resumo!$N$4,0))*('Comp.'!$E$5:$E$464))) -> 0 | E35: =IF(OR(D35=0,C35=0),"-",D35/C35) -> -
B36: Total | C36: =SUM(C6:C35) -> 642630.12 | D36: =SUM(D6:D35) -> 1363812.6 | E36: =IF(OR(D36=0,C36=0),"-",D36/C36) -> 2.1222358
B38: Destinação dos Gastos de Pessoal
B39: Destinação | C39: % | D39: Valor
B40: Área Meio | C40: 0 | D40: =Comparativo!$O$46*C40 -> 0
B41: Área Fim | C41: 0 | D41: =Comparativo!$O$46*C41 -> 0
B43: Destinação dos Gastos Gerais e de Pessoal
B44: Destinação | C44: Valor
B45: Área Meio | C45: =D6+D40 -> 165050.53
B46: Área Fim | C46: =D36-D6+D41 -> 1198762.1

Sheet Analítico Cp.
A1: =Capa!A70 -> Contrato de Gestão nº14.2025 - Secretaria de Estado de Justiça e Segurança Pública - SEJUSP e Instituto Jurídico para Efetivação da Cidadania e Saúde - Avante Social
A2: =Capa!A5 -> 4º Relatório Gerencial Financeiro
A3: Tabela 5 - Demonstrativo Analítico das Receitas e Gastos Mensais em Regime de Competência
C4: =Resumo!C4 -> 45658 | D4: =Resumo!D4 -> 45689 | E4: =Resumo!E4 -> 45717 | F4: =Resumo!F4 -> 45748 | G4: =Resumo!G4 -> 45778 | H4: =Resumo!H4 -> 45809 | I4: =Resumo!I4 -> 45839 | J4: =Resumo!J4 -> 45870 | ... N4: =Resumo!N4 -> 45992 | O4: Total | P4: % do Total
A5: 1 | B5: Entrada de Recursos
A6: 1.1 | B6: Repasses | C6: =SUMPRODUCT((Diário!$E$4:$E$5010='Analítico Cp.'!$B6)*(Diário!$C$4:$C$5010>=C$4)*(Diário!$C$4:$C$5010<=EOMONTH(C$4,0))*(Diário!$F$4:$F$5010)) +SUMPRODUCT(('Comp.'!$D$5:$D$444=$B6)*('Comp.'!$B$5:$B$444>=C$4)*('Comp.'!$B$5:$B$444<=EOMONTH(C$4,0))*('Comp.'!$E$5:$E$444)) -> 0 | D6: =SUMPRODUCT((Diário!$E$4:$E$5010='Analítico Cp.'!$B6)*(Diário!$C$4:$C$5010>=D$4)*(Diário!$C$4:$C$5010<=EOMONTH(D$4,0))*(Diário!$F$4:$F$5010)) +SUMPRODUCT(('Comp.'!$D$5:$D$444=$B6)*('Comp.'!$B$5:$B$444>=D$4)*('Comp.'!$B$5:$B$444<=EOMONTH(D$4,0))*('Comp.'!$E$5:$E$444)) -> 635610.12 | E6: =SUMPRODUCT((Diário!$E$4:$E$5010='Analítico Cp.'!$B6)*(Diário!$C$4:$C$5010>=E$4)*(Diário!$C$4:$C$5010<=EOMONTH(E$4,0))*(Diário!$F$4:$F$5010)) +SUMPRODUCT(('Comp.'!$D$5:$D$444=$B6)*('Comp.'!$B$5:$B$444>=E$4)*('Comp.'!$B$5:$B$444<=EOMONTH(E$4,0))*('Comp.'!$E$5:$E$444)) -> 0 | F6: =SUMPRODUCT((Diário!$E$4:$E$5010='Analítico Cp.'!$B6)*(Diário!$C$4:$C$5010>=F$4)*(Diário!$C$4:$C$5010<=EOMONTH(F$4,0))*(Diário!$F$4:$F$5010)) +SUMPRODUCT(('Comp.'!$D$5:$D$444=$B6)*('Comp.'!$B$5:$B$444>=F$4)*('Comp.'!$B$5:$B$444<=EOMONTH(F$4,0))*('Comp.'!$E$5:$E$444)) -> 624624.33 | G6: =SUMPRODUCT((Diário!$E$4:$E$5010='Analítico Cp.'!$B6)*(Diário!$C$4:$C$5010>=G$4)*(Diário!$C$4:$C$5010<=EOMONTH(G$4,0))*(Diário!$F$4:$F$5010)) +SUMPRODUCT(('Comp.'!$D$5:$D$444=$B6)*('Comp.'!$B$5:$B$444>=G$4)*('Comp.'!$B$5:$B$444<=EOMONTH(G$4,0))*('Comp.'!$E$5:$E$444)) -> 0 | H6: =SUMPRODUCT((Diário!$E$4:$E$5010='Analítico Cp.'!$B6)*(Diário!$C$4:$C$5010>=H$4)*(Diário!$C$4:$C$5010<=EOMONTH(H$4,0))*(Diário!$F$4:$F$5010)) +SUMPRODUCT(('Comp.'!$D$5:$D$444=$B6)*('Comp.'!$B$5:$B$444>=H$4)*('Comp.'!$B$5:$B$444<=EOMONTH(H$4,0))*('Comp.'!$E$5:$E$444)) -> 0 | I6: =SUMPRODUCT((Diário!$E$4:$E$5010='Analítico Cp.'!$B6)*(Diário!$C$4:$C$5010>=I$4)*(Diário!$C$4:$C$5010<=EOMONTH(I$4,0))*(Diário!$F$4:$F$5010)) +SUMPRODUCT(('Comp.'!$D$5:$D$444=$B6)*('Comp.'!$B$5:$B$444>=I$4)*('Comp.'!$B$5:$B$444<=EOMONTH(I$4,0))*('Comp.'!$E$5:$E$444)) -> 0 | J6: =SUMPRODUCT((Diário!$E$4:$E$5010='Analítico Cp.'!$B6)*(Diário!$C$4:$C$5010>=J$4)*(Diário!$C$4:$C$5010<=EOMONTH(J$4,0))*(Diário!$F$4:$F$5010)) +SUMPRODUCT(('Comp.'!$D$5:$D$444=$B6)*('Comp.'!$B$5:$B$444>=J$4)*('Comp.'!$B$5:$B$444<=EOMONTH(J$4,0))*('Comp.'!$E$5:$E$444)) -> 0 | ... N6: =SUMPRODUCT((Diário!$E$4:$E$5010='Analítico Cp.'!$B6)*(Diário!$C$4:$C$5010>=N$4)*(Diário!$C$4:$C$5010<=EOMONTH(N$4,0))*(Diário!$F$4:$F$5010)) +SUMPRODUCT(('Comp.'!$D$5:$D$444=$B6)*('Comp.'!$B$5:$B$444>=N$4)*('Comp.'!$B$5:$B$444<=EOMONTH(N$4,0))*('Comp.'!$E$5:$E$444)) -> 1704910.2 | O6: =SUM(C6:N6) -> 3589769 | P6: =IF($O$13=0,0,O6/$O$13) -> 0.91907846
A7: 1.2 | B7: Rendimentos Fin. | C7: =SUMPRODUCT((Diário!$E$4:$E$5010='Analítico Cp.'!$B7)*(Diário!$C$4:$C$5010>=C$4)*(Diário!$C$4:$C$5010<=EOMONTH(C$4,0))*(Diário!$F$4:$F$5010)) +SUMPRODUCT(('Comp.'!$D$5:$D$444=$B7)*('Comp.'!$B$5:$B$444>=C$4)*('Comp.'!$B$5:$B$444<=EOMONTH(C$4,0))*('Comp.'!$E$5:$E$444)) -> 0 | D7: =SUMPRODUCT((Diário!$E$4:$E$5010='Analítico Cp.'!$B7)*(Diário!$C$4:$C$5010>=D$4)*(Diário!$C$4:$C$5010<=EOMONTH(D$4,0))*(Diário!$F$4:$F$5010)) +SUMPRODUCT(('Comp.'!$D$5:$D$444=$B7)*('Comp.'!$B$5:$B$444>=D$4)*('Comp.'!$B$5:$B$444<=EOMONTH(D$4,0))*('Comp.'!$E$5:$E$444)) -> 0 | E7: =SUMPRODUCT((Diário!$E$4:$E$5010='Analítico Cp.'!$B7)*(Diário!$C$4:$C$5010>=E$4)*(Diário!$C$4:$C$5010<=EOMONTH(E$4,0))*(Diário!$F$4:$F$5010)) +SUMPRODUCT(('Comp.'!$D$5:$D$444=$B7)*('Comp.'!$B$5:$B$444>=E$4)*('Comp.'!$B$5:$B$444<=EOMONTH(E$4,0))*('Comp.'!$E$5:$E$444)) -> 148.68 | F7: =SUMPRODUCT((Diário!$E$4:$E$5010='Analítico Cp.'!$B7)*(Diário!$C$4:$C$5010>=F$4)*(Diário!$C$4:$C$5010<=EOMONTH(F$4,0))*(Diário!$F$4:$F$5010)) +SUMPRODUCT(('Comp.'!$D$5:$D$444=$B7)*('Comp.'!$B$5:$B$444>=F$4)*('Comp.'!$B$5:$B$444<=EOMONTH(F$4,0))*('Comp.'!$E$5:$E$444)) -> 247.8 | G7: =SUMPRODUCT((Diário!$E$4:$E$5010='Analítico Cp.'!$B7)*(Diário!$C$4:$C$5010>=G$4)*(Diário!$C$4:$C$5010<=EOMONTH(G$4,0))*(Diário!$F$4:$F$5010)) +SUMPRODUCT(('Comp.'!$D$5:$D$444=$B7)*('Comp.'!$B$5:$B$444>=G$4)*('Comp.'!$B$5:$B$444<=EOMONTH(G$4,0))*('Comp.'!$E$5:$E$444)) -> 551.67 | H7: =SUMPRODUCT((Diário!$E$4:$E$5010='Analítico Cp.'!$B7)*(Diário!$C$4:$C$5010>=H$4)*(Diário!$C$4:$C$5010<=EOMONTH(H$4,0))*(Diário!$F$4:$F$5010)) +SUMPRODUCT(('Comp.'!$D$5:$D$444=$B7)*('Comp.'!$B$5:$B$444>=H$4)*('Comp.'!$B$5:$B$444<=EOMONTH(H$4,0))*('Comp.'!$E$5:$E$444)) -> 131.23 | I7: =SUMPRODUCT((Diário!$E$4:$E$5010='Analítico Cp.'!$B7)*(Diário!$C$4:$C$5010>=I$4)*(Diário!$C$4:$C$5010<=EOMONTH(I$4,0))*(Diário!$F$4:$F$5010)) +SUMPRODUCT(('Comp.'!$D$5:$D$444=$B7)*('Comp.'!$B$5:$B$444>=I$4)*('Comp.'!$B$5:$B$444<=EOMONTH(I$4,0))*('Comp.'!$E$5:$E$444)) -> 458.48 | J7: =SUMPRODUCT((Diário!$E$4:$E$5010='Analítico Cp.'!$B7)*(Diário!$C$4:$C$5010>=J$4)*(Diário!$C$4:$C$5010<=EOMONTH(J$4,0))*(Diário!$F$4:$F$5010)) +SUMPRODUCT(('Comp.'!$D$5:$D$444=$B7)*('Comp.'!$B$5:$B$444>=J$4)*('Comp.'!$B$5:$B$444<=EOMONTH(J$4,0))*('Comp.'!$E$5:$E$444)) -> 596.22 | ... N7: =SUMPRODUCT((Diário!$E$4:$E$5010='Analítico Cp.'!$B7)*(Diário!$C$4:$C$5010>=N$4)*(Diário!$C$4:$C$5010<=EOMONTH(N$4,0))*(Diário!$F$4:$F$5010)) +SUMPRODUCT(('Comp.'!$D$5:$D$444=$B7)*('Comp.'!$B$5:$B$444>=N$4)*('Comp.'!$B$5:$B$444<=EOMONTH(N$4,0))*('Comp.'!$E$5:$E$444)) -> 3113.87 | O7: =SUM(C7:N7) -> 8642.43 | P7: =IF($O$13=0,0,O7/$O$13) -> 0.002212697
A8: 1.3 | B8: Receitas Arrecadadas
A9: 1.3.1 | B9: Receitas Arrecadadas Previstas | C9: =SUMPRODUCT((Diário!$E$4:$E$5010='Analítico Cp.'!$B9)*(Diário!$C$4:$C$5010>=C$4)*(Diário!$C$4:$C$5010<=EOMONTH(C$4,0))*(Diário!$F$4:$F$5010)) +SUMPRODUCT(('Comp.'!$D$5:$D$444=$B9)*('Comp.'!$B$5:$B$444>=C$4)*('Comp.'!$B$5:$B$444<=EOMONTH(C$4,0))*('Comp.'!$E$5:$E$444)) -> 0 | D9: =SUMPRODUCT((Diário!$E$4:$E$5010='Analítico Cp.'!$B9)*(Diário!$C$4:$C$5010>=D$4)*(Diário!$C$4:$C$5010<=EOMONTH(D$4,0))*(Diário!$F$4:$F$5010)) +SUMPRODUCT(('Comp.'!$D$5:$D$444=$B9)*('Comp.'!$B$5:$B$444>=D$4)*('Comp.'!$B$5:$B$444<=EOMONTH(D$4,0))*('Comp.'!$E$5:$E$444)) -> 0 | E9: =SUMPRODUCT((Diário!$E$4:$E$5010='Analítico Cp.'!$B9)*(Diário!$C$4:$C$5010>=E$4)*(Diário!$C$4:$C$5010<=EOMONTH(E$4,0))*(Diário!$F$4:$F$5010)) +SUMPRODUCT(('Comp.'!$D$5:$D$444=$B9)*('Comp.'!$B$5:$B$444>=E$4)*('Comp.'!$B$5:$B$444<=EOMONTH(E$4,0))*('Comp.'!$E$5:$E$444)) -> 0 | F9: =SUMPRODUCT((Diário!$E$4:$E$5010='Analítico Cp.'!$B9)*(Diário!$C$4:$C$5010>=F$4)*(Diário!$C$4:$C$5010<=EOMONTH(F$4,0))*(Diário!$F$4:$F$5010)) +SUMPRODUCT(('Comp.'!$D$5:$D$444=$B9)*('Comp.'!$B$5:$B$444>=F$4)*('Comp.'!$B$5:$B$444<=EOMONTH(F$4,0))*('Comp.'!$E$5:$E$444)) -> 0 | G9: =SUMPRODUCT((Diário!$E$4:$E$5010='Analítico Cp.'!$B9)*(Diário!$C$4:$C$5010>=G$4)*(Diário!$C$4:$C$5010<=EOMONTH(G$4,0))*(Diário!$F$4:$F$5010)) +SUMPRODUCT(('Comp.'!$D$5:$D$444=$B9)*('Comp.'!$B$5:$B$444>=G$4)*('Comp.'!$B$5:$B$444<=EOMONTH(G$4,0))*('Comp.'!$E$5:$E$444)) -> 0 | H9: =SUMPRODUCT((Diário!$E$4:$E$5010='Analítico Cp.'!$B9)*(Diário!$C$4:$C$5010>=H$4)*(Diário!$C$4:$C$5010<=EOMONTH(H$4,0))*(Diário!$F$4:$F$5010)) +SUMPRODUCT(('Comp.'!$D$5:$D$444=$B9)*('Comp.'!$B$5:$B$444>=H$4)*('Comp.'!$B$5:$B$444<=EOMONTH(H$4,0))*('Comp.'!$E$5:$E$444)) -> 0 | I9: =SUMPRODUCT((Diário!$E$4:$E$5010='Analítico Cp.'!$B9)*(Diário!$C$4:$C$5010>=I$4)*(Diário!$C$4:$C$5010<=EOMONTH(I$4,0))*(Diário!$F$4:$F$5010)) +SUMPRODUCT(('Comp.'!$D$5:$D$444=$B9)*('Comp.'!$B$5:$B$444>=I$4)*('Comp.'!$B$5:$B$444<=EOMONTH(I$4,0))*('Comp.'!$E$5:$E$444)) -> 0 | J9: =SUMPRODUCT((Diário!$E$4:$E$5010='Analítico Cp.'!$B9)*(Diário!$C$4:$C$5010>=J$4)*(Diário!$C$4:$C$5010<=EOMONTH(J$4,0))*(Diário!$F$4:$F$5010)) +SUMPRODUCT(('Comp.'!$D$5:$D$444=$B9)*('Comp.'!$B$5:$B$444>=J$4)*('Comp.'!$B$5:$B$444<=EOMONTH(J$4,0))*('Comp.'!$E$5:$E$444)) -> 0 | ... N9: =SUMPRODUCT((Diário!$E$4:$E$5010='Analítico Cp.'!$B9)*(Diário!$C$4:$C$5010>=N$4)*(Diário!$C$4:$C$5010<=EOMONTH(N$4,0))*(Diário!$F$4:$F$5010)) +SUMPRODUCT(('Comp.'!$D$5:$D$444=$B9)*('Comp.'!$B$5:$B$444>=N$4)*('Comp.'!$B$5:$B$444<=EOMONTH(N$4,0))*('Comp.'!$E$5:$E$444)) -> 0 | O9: =SUM(C9:N9) -> 0 | P9: =IF($O$13=0,0,O9/$O$13) -> 0
A10: 1.3.2 | B10: Rendimentos Fin. c/ Destinação Específica | C10: =SUMPRODUCT((Diário!$E$4:$E$5010='Analítico Cp.'!$B10)*(Diário!$C$4:$C$5010>=C$4)*(Diário!$C$4:$C$5010<=EOMONTH(C$4,0))*(Diário!$F$4:$F$5010)) +SUMPRODUCT(('Comp.'!$D$5:$D$444=$B10)*('Comp.'!$B$5:$B$444>=C$4)*('Comp.'!$B$5:$B$444<=EOMONTH(C$4,0))*('Comp.'!$E$5:$E$444)) -> 0 | D10: =SUMPRODUCT((Diário!$E$4:$E$5010='Analítico Cp.'!$B10)*(Diário!$C$4:$C$5010>=D$4)*(Diário!$C$4:$C$5010<=EOMONTH(D$4,0))*(Diário!$F$4:$F$5010)) +SUMPRODUCT(('Comp.'!$D$5:$D$444=$B10)*('Comp.'!$B$5:$B$444>=D$4)*('Comp.'!$B$5:$B$444<=EOMONTH(D$4,0))*('Comp.'!$E$5:$E$444)) -> 0 | E10: =SUMPRODUCT((Diário!$E$4:$E$5010='Analítico Cp.'!$B10)*(Diário!$C$4:$C$5010>=E$4)*(Diário!$C$4:$C$5010<=EOMONTH(E$4,0))*(Diário!$F$4:$F$5010)) +SUMPRODUCT(('Comp.'!$D$5:$D$444=$B10)*('Comp.'!$B$5:$B$444>=E$4)*('Comp.'!$B$5:$B$444<=EOMONTH(E$4,0))*('Comp.'!$E$5:$E$444)) -> 0 | F10: =SUMPRODUCT((Diário!$E$4:$E$5010='Analítico Cp.'!$B10)*(Diário!$C$4:$C$5010>=F$4)*(Diário!$C$4:$C$5010<=EOMONTH(F$4,0))*(Diário!$F$4:$F$5010)) +SUMPRODUCT(('Comp.'!$D$5:$D$444=$B10)*('Comp.'!$B$5:$B$444>=F$4)*('Comp.'!$B$5:$B$444<=EOMONTH(F$4,0))*('Comp.'!$E$5:$E$444)) -> 0 | G10: =SUMPRODUCT((Diário!$E$4:$E$5010='Analítico Cp.'!$B10)*(Diário!$C$4:$C$5010>=G$4)*(Diário!$C$4:$C$5010<=EOMONTH(G$4,0))*(Diário!$F$4:$F$5010)) +SUMPRODUCT(('Comp.'!$D$5:$D$444=$B10)*('Comp.'!$B$5:$B$444>=G$4)*('Comp.'!$B$5:$B$444<=EOMONTH(G$4,0))*('Comp.'!$E$5:$E$444)) -> 0 | H10: =SUMPRODUCT((Diário!$E$4:$E$5010='Analítico Cp.'!$B10)*(Diário!$C$4:$C$5010>=H$4)*(Diário!$C$4:$C$5010<=EOMONTH(H$4,0))*(Diário!$F$4:$F$5010)) +SUMPRODUCT(('Comp.'!$D$5:$D$444=$B10)*('Comp.'!$B$5:$B$444>=H$4)*('Comp.'!$B$5:$B$444<=EOMONTH(H$4,0))*('Comp.'!$E$5:$E$444)) -> 0 | I10: =SUMPRODUCT((Diário!$E$4:$E$5010='Analítico Cp.'!$B10)*(Diário!$C$4:$C$5010>=I$4)*(Diário!$C$4:$C$5010<=EOMONTH(I$4,0))*(Diário!$F$4:$F$5010)) +SUMPRODUCT(('Comp.'!$D$5:$D$444=$B10)*('Comp.'!$B$5:$B$444>=I$4)*('Comp.'!$B$5:$B$444<=EOMONTH(I$4,0))*('Comp.'!$E$5:$E$444)) -> 0 | J10: =SUMPRODUCT((Diário!$E$4:$E$5010='Analítico Cp.'!$B10)*(Diário!$C$4:$C$5010>=J$4)*(Diário!$C$4:$C$5010<=EOMONTH(J$4,0))*(Diário!$F$4:$F$5010)) +SUMPRODUCT(('Comp.'!$D$5:$D$444=$B10)*('Comp.'!$B$5:$B$444>=J$4)*('Comp.'!$B$5:$B$444<=EOMONTH(J$4,0))*('Comp.'!$E$5:$E$444)) -> 0 | ... N10: =SUMPRODUCT((Diário!$E$4:$E$5010='Analítico Cp.'!$B10)*(Diário!$C$4:$C$5010>=N$4)*(Diário!$C$4:$C$5010<=EOMONTH(N$4,0))*(Diário!$F$4:$F$5010)) +SUMPRODUCT(('Comp.'!$D$5:$D$444=$B10)*('Comp.'!$B$5:$B$444>=N$4)*('Comp.'!$B$5:$B$444<=EOMONTH(N$4,0))*('Comp.'!$E$5:$E$444)) -> 0 | O10: =SUM(C10:N10) -> 0 | P10: =IF($O$13=0,0,O10/$O$13) -> 0
A11: 1.3.3 | B11: Outras Receitas | C11: =SUMPRODUCT((Diário!$E$4:$E$5010='Analítico Cp.'!$B11)*(Diário!$C$4:$C$5010>=C$4)*(Diário!$C$4:$C$5010<=EOMONTH(C$4,0))*(Diário!$F$4:$F$5010)) +SUMPRODUCT(('Comp.'!$D$5:$D$444=$B11)*('Comp.'!$B$5:$B$444>=C$4)*('Comp.'!$B$5:$B$444<=EOMONTH(C$4,0))*('Comp.'!$E$5:$E$444)) -> 0 | D11: =SUMPRODUCT((Diário!$E$4:$E$5010='Analítico Cp.'!$B11)*(Diário!$C$4:$C$5010>=D$4)*(Diário!$C$4:$C$5010<=EOMONTH(D$4,0))*(Diário!$F$4:$F$5010)) +SUMPRODUCT(('Comp.'!$D$5:$D$444=$B11)*('Comp.'!$B$5:$B$444>=D$4)*('Comp.'!$B$5:$B$444<=EOMONTH(D$4,0))*('Comp.'!$E$5:$E$444)) -> 0 | E11: =SUMPRODUCT((Diário!$E$4:$E$5010='Analítico Cp.'!$B11)*(Diário!$C$4:$C$5010>=E$4)*(Diário!$C$4:$C$5010<=EOMONTH(E$4,0))*(Diário!$F$4:$F$5010)) +SUMPRODUCT(('Comp.'!$D$5:$D$444=$B11)*('Comp.'!$B$5:$B$444>=E$4)*('Comp.'!$B$5:$B$444<=EOMONTH(E$4,0))*('Comp.'!$E$5:$E$444)) -> 0 | F11: =SUMPRODUCT((Diário!$E$4:$E$5010='Analítico Cp.'!$B11)*(Diário!$C$4:$C$5010>=F$4)*(Diário!$C$4:$C$5010<=EOMONTH(F$4,0))*(Diário!$F$4:$F$5010)) +SUMPRODUCT(('Comp.'!$D$5:$D$444=$B11)*('Comp.'!$B$5:$B$444>=F$4)*('Comp.'!$B$5:$B$444<=EOMONTH(F$4,0))*('Comp.'!$E$5:$E$444)) -> 0 | G11: =SUMPRODUCT((Diário!$E$4:$E$5010='Analítico Cp.'!$B11)*(Diário!$C$4:$C$5010>=G$4)*(Diário!$C$4:$C$5010<=EOMONTH(G$4,0))*(Diário!$F$4:$F$5010)) +SUMPRODUCT(('Comp.'!$D$5:$D$444=$B11)*('Comp.'!$B$5:$B$444>=G$4)*('Comp.'!$B$5:$B$444<=EOMONTH(G$4,0))*('Comp.'!$E$5:$E$444)) -> 275078.63 | H11: =SUMPRODUCT((Diário!$E$4:$E$5010='Analítico Cp.'!$B11)*(Diário!$C$4:$C$5010>=H$4)*(Diário!$C$4:$C$5010<=EOMONTH(H$4,0))*(Diário!$F$4:$F$5010)) +SUMPRODUCT(('Comp.'!$D$5:$D$444=$B11)*('Comp.'!$B$5:$B$444>=H$4)*('Comp.'!$B$5:$B$444<=EOMONTH(H$4,0))*('Comp.'!$E$5:$E$444)) -> 12097.26 | I11: =SUMPRODUCT((Diário!$E$4:$E$5010='Analítico Cp.'!$B11)*(Diário!$C$4:$C$5010>=I$4)*(Diário!$C$4:$C$5010<=EOMONTH(I$4,0))*(Diário!$F$4:$F$5010)) +SUMPRODUCT(('Comp.'!$D$5:$D$444=$B11)*('Comp.'!$B$5:$B$444>=I$4)*('Comp.'!$B$5:$B$444<=EOMONTH(I$4,0))*('Comp.'!$E$5:$E$444)) -> 11059.68 | J11: =SUMPRODUCT((Diário!$E$4:$E$5010='Analítico Cp.'!$B11)*(Diário!$C$4:$C$5010>=J$4)*(Diário!$C$4:$C$5010<=EOMONTH(J$4,0))*(Diário!$F$4:$F$5010)) +SUMPRODUCT(('Comp.'!$D$5:$D$444=$B11)*('Comp.'!$B$5:$B$444>=J$4)*('Comp.'!$B$5:$B$444<=EOMONTH(J$4,0))*('Comp.'!$E$5:$E$444)) -> 2013.46 | ... N11: =SUMPRODUCT((Diário!$E$4:$E$5010='Analítico Cp.'!$B11)*(Diário!$C$4:$C$5010>=N$4)*(Diário!$C$4:$C$5010<=EOMONTH(N$4,0))*(Diário!$F$4:$F$5010)) +SUMPRODUCT(('Comp.'!$D$5:$D$444=$B11)*('Comp.'!$B$5:$B$444>=N$4)*('Comp.'!$B$5:$B$444<=EOMONTH(N$4,0))*('Comp.'!$E$5:$E$444)) -> 4038.13 | O11: =SUM(C11:N11) -> 307423.79 | P11: =IF($O$13=0,0,O11/$O$13) -> 0.078708848
B12: Subtotal Receitas: | C12: =SUBTOTAL(109,C10:C11) -> 0 | D12: =SUBTOTAL(109,D10:D11) -> 0 | E12: =SUBTOTAL(109,E10:E11) -> 0 | F12: =SUBTOTAL(109,F10:F11) -> 0 | G12: =SUBTOTAL(109,G10:G11) -> 275078.63 | H12: =SUBTOTAL(109,H10:H11) -> 12097.26 | I12: =SUBTOTAL(109,I10:I11) -> 11059.68 | J12: =SUBTOTAL(109,J10:J11) -> 2013.46 | ... O12: =SUBTOTAL(109,O10:O11) -> 307423.79 | P12: =IF($O$13=0,0,O12/$O$13) -> 0.078708848
A13: (E) Total de Entradas | C13: =SUBTOTAL(109,C6:C11) -> 0 | D13: =SUBTOTAL(109,D6:D11) -> 635610.12 | E13: =SUBTOTAL(109,E6:E11) -> 148.68 | F13: =SUBTOTAL(109,F6:F11) -> 624872.13 | G13: =SUBTOTAL(109,G6:G11) -> 275630.3 | H13: =SUBTOTAL(109,H6:H11) -> 12228.49 | I13: =SUBTOTAL(109,I6:I11) -> 11518.16 | J13: =SUBTOTAL(109,J6:J11) -> 2609.68 | ... O13: =SUBTOTAL(109,O6:O11) -> 3905835.2 | P13: =IF($O$13=0,0,O13/$O$13) -> 1
A15: 2 | B15: Saída de Recursos
A16: 2.1 | B16: Gastos com Pessoal
A17: 2.1.1 | B17: Salários e Remunerações
A18: 2.1.1.1 | B18: Salários | C18: =SUMPRODUCT((Diário!$E$4:$E$5010='Analítico Cp.'!$B18)*(Diário!$C$4:$C$5010>=C$4)*(Diário!$C$4:$C$5010<=EOMONTH(C$4,0))*(Diário!$F$4:$F$5010)) +SUMPRODUCT(('Comp.'!$D$5:$D$444=$B18)*('Comp.'!$B$5:$B$444>=C$4)*('Comp.'!$B$5:$B$444<=EOMONTH(C$4,0))*('Comp.'!$E$5:$E$444)) -> 0 | D18: =SUMPRODUCT((Diário!$E$4:$E$5010='Analítico Cp.'!$B18)*(Diário!$C$4:$C$5010>=D$4)*(Diário!$C$4:$C$5010<=EOMONTH(D$4,0))*(Diário!$F$4:$F$5010)) +SUMPRODUCT(('Comp.'!$D$5:$D$444=$B18)*('Comp.'!$B$5:$B$444>=D$4)*('Comp.'!$B$5:$B$444<=EOMONTH(D$4,0))*('Comp.'!$E$5:$E$444)) -> 0 | E18: =SUMPRODUCT((Diário!$E$4:$E$5010='Analítico Cp.'!$B18)*(Diário!$C$4:$C$5010>=E$4)*(Diário!$C$4:$C$5010<=EOMONTH(E$4,0))*(Diário!$F$4:$F$5010)) +SUMPRODUCT(('Comp.'!$D$5:$D$444=$B18)*('Comp.'!$B$5:$B$444>=E$4)*('Comp.'!$B$5:$B$444<=EOMONTH(E$4,0))*('Comp.'!$E$5:$E$444)) -> 5414.91 | F18: =SUMPRODUCT((Diário!$E$4:$E$5010='Analítico Cp.'!$B18)*(Diário!$C$4:$C$5010>=F$4)*(Diário!$C$4:$C$5010<=EOMONTH(F$4,0))*(Diário!$F$4:$F$5010)) +SUMPRODUCT(('Comp.'!$D$5:$D$444=$B18)*('Comp.'!$B$5:$B$444>=F$4)*('Comp.'!$B$5:$B$444<=EOMONTH(F$4,0))*('Comp.'!$E$5:$E$444)) -> 53472.23 | G18: =SUMPRODUCT((Diário!$E$4:$E$5010='Analítico Cp.'!$B18)*(Diário!$C$4:$C$5010>=G$4)*(Diário!$C$4:$C$5010<=EOMONTH(G$4,0))*(Diário!$F$4:$F$5010)) +SUMPRODUCT(('Comp.'!$D$5:$D$444=$B18)*('Comp.'!$B$5:$B$444>=G$4)*('Comp.'!$B$5:$B$444<=EOMONTH(G$4,0))*('Comp.'!$E$5:$E$444)) -> 76361.6 | H18: =SUMPRODUCT((Diário!$E$4:$E$5010='Analítico Cp.'!$B18)*(Diário!$C$4:$C$5010>=H$4)*(Diário!$C$4:$C$5010<=EOMONTH(H$4,0))*(Diário!$F$4:$F$5010)) +SUMPRODUCT(('Comp.'!$D$5:$D$444=$B18)*('Comp.'!$B$5:$B$444>=H$4)*('Comp.'!$B$5:$B$444<=EOMONTH(H$4,0))*('Comp.'!$E$5:$E$444)) -> 78754.8 | I18: =SUMPRODUCT((Diário!$E$4:$E$5010='Analítico Cp.'!$B18)*(Diário!$C$4:$C$5010>=I$4)*(Diário!$C$4:$C$5010<=EOMONTH(I$4,0))*(Diário!$F$4:$F$5010)) +SUMPRODUCT(('Comp.'!$D$5:$D$444=$B18)*('Comp.'!$B$5:$B$444>=I$4)*('Comp.'!$B$5:$B$444<=EOMONTH(I$4,0))*('Comp.'!$E$5:$E$444)) -> 75153.24 | J18: =SUMPRODUCT((Diário!$E$4:$E$5010='Analítico Cp.'!$B18)*(Diário!$C$4:$C$5010>=J$4)*(Diário!$C$4:$C$5010<=EOMONTH(J$4,0))*(Diário!$F$4:$F$5010)) +SUMPRODUCT(('Comp.'!$D$5:$D$444=$B18)*('Comp.'!$B$5:$B$444>=J$4)*('Comp.'!$B$5:$B$444<=EOMONTH(J$4,0))*('Comp.'!$E$5:$E$444)) -> 85532.34 | ... N18: =SUMPRODUCT((Diário!$E$4:$E$5010='Analítico Cp.'!$B18)*(Diário!$C$4:$C$5010>=N$4)*(Diário!$C$4:$C$5010<=EOMONTH(N$4,0))*(Diário!$F$4:$F$5010)) +SUMPRODUCT(('Comp.'!$D$5:$D$444=$B18)*('Comp.'!$B$5:$B$444>=N$4)*('Comp.'!$B$5:$B$444<=EOMONTH(N$4,0))*('Comp.'!$E$5:$E$444)) -> 83294.35 | O18: =SUM(C18:N18) -> 714349.32 | P18: =IF($O$135=0,0,O18/$O$135) -> 0.38321958
A19: 2.1.1.2 | B19: Adicional Noturno | C19: =SUMPRODUCT((Diário!$E$4:$E$5010='Analítico Cp.'!$B19)*(Diário!$C$4:$C$5010>=C$4)*(Diário!$C$4:$C$5010<=EOMONTH(C$4,0))*(Diário!$F$4:$F$5010)) +SUMPRODUCT(('Comp.'!$D$5:$D$444=$B19)*('Comp.'!$B$5:$B$444>=C$4)*('Comp.'!$B$5:$B$444<=EOMONTH(C$4,0))*('Comp.'!$E$5:$E$444)) -> 0 | D19: =SUMPRODUCT((Diário!$E$4:$E$5010='Analítico Cp.'!$B19)*(Diário!$C$4:$C$5010>=D$4)*(Diário!$C$4:$C$5010<=EOMONTH(D$4,0))*(Diário!$F$4:$F$5010)) +SUMPRODUCT(('Comp.'!$D$5:$D$444=$B19)*('Comp.'!$B$5:$B$444>=D$4)*('Comp.'!$B$5:$B$444<=EOMONTH(D$4,0))*('Comp.'!$E$5:$E$444)) -> 0 | E19: =SUMPRODUCT((Diário!$E$4:$E$5010='Analítico Cp.'!$B19)*(Diário!$C$4:$C$5010>=E$4)*(Diário!$C$4:$C$5010<=EOMONTH(E$4,0))*(Diário!$F$4:$F$5010)) +SUMPRODUCT(('Comp.'!$D$5:$D$444=$B19)*('Comp.'!$B$5:$B$444>=E$4)*('Comp.'!$B$5:$B$444<=EOMONTH(E$4,0))*('Comp.'!$E$5:$E$444)) -> 0 | F19: =SUMPRODUCT((Diário!$E$4:$E$5010='Analítico Cp.'!$B19)*(Diário!$C$4:$C$5010>=F$4)*(Diário!$C$4:$C$5010<=EOMONTH(F$4,0))*(Diário!$F$4:$F$5010)) +SUMPRODUCT(('Comp.'!$D$5:$D$444=$B19)*('Comp.'!$B$5:$B$444>=F$4)*('Comp.'!$B$5:$B$444<=EOMONTH(F$4,0))*('Comp.'!$E$5:$E$444)) -> 0 | G19: =SUMPRODUCT((Diário!$E$4:$E$5010='Analítico Cp.'!$B19)*(Diário!$C$4:$C$5010>=G$4)*(Diário!$C$4:$C$5010<=EOMONTH(G$4,0))*(Diário!$F$4:$F$5010)) +SUMPRODUCT(('Comp.'!$D$5:$D$444=$B19)*('Comp.'!$B$5:$B$444>=G$4)*('Comp.'!$B$5:$B$444<=EOMONTH(G$4,0))*('Comp.'!$E$5:$E$444)) -> 0 | H19: =SUMPRODUCT((Diário!$E$4:$E$5010='Analítico Cp.'!$B19)*(Diário!$C$4:$C$5010>=H$4)*(Diário!$C$4:$C$5010<=EOMONTH(H$4,0))*(Diário!$F$4:$F$5010)) +SUMPRODUCT(('Comp.'!$D$5:$D$444=$B19)*('Comp.'!$B$5:$B$444>=H$4)*('Comp.'!$B$5:$B$444<=EOMONTH(H$4,0))*('Comp.'!$E$5:$E$444)) -> 0 | I19: =SUMPRODUCT((Diário!$E$4:$E$5010='Analítico Cp.'!$B19)*(Diário!$C$4:$C$5010>=I$4)*(Diário!$C$4:$C$5010<=EOMONTH(I$4,0))*(Diário!$F$4:$F$5010)) +SUMPRODUCT(('Comp.'!$D$5:$D$444=$B19)*('Comp.'!$B$5:$B$444>=I$4)*('Comp.'!$B$5:$B$444<=EOMONTH(I$4,0))*('Comp.'!$E$5:$E$444)) -> 0 | J19: =SUMPRODUCT((Diário!$E$4:$E$5010='Analítico Cp.'!$B19)*(Diário!$C$4:$C$5010>=J$4)*(Diário!$C$4:$C$5010<=EOMONTH(J$4,0))*(Diário!$F$4:$F$5010)) +SUMPRODUCT(('Comp.'!$D$5:$D$444=$B19)*('Comp.'!$B$5:$B$444>=J$4)*('Comp.'!$B$5:$B$444<=EOMONTH(J$4,0))*('Comp.'!$E$5:$E$444)) -> 0 | ... N19: =SUMPRODUCT((Diário!$E$4:$E$5010='Analítico Cp.'!$B19)*(Diário!$C$4:$C$5010>=N$4)*(Diário!$C$4:$C$5010<=EOMONTH(N$4,0))*(Diário!$F$4:$F$5010)) +SUMPRODUCT(('Comp.'!$D$5:$D$444=$B19)*('Comp.'!$B$5:$B$444>=N$4)*('Comp.'!$B$5:$B$444<=EOMONTH(N$4,0))*('Comp.'!$E$5:$E$444)) -> 0 | O19: =SUM(C19:N19) -> 0 | P19: =IF($O$135=0,0,O19/$O$135) -> 0
A20: 2.1.1.3 | B20: DSR Adicional Noturno | C20: =SUMPRODUCT((Diário!$E$4:$E$5010='Analítico Cp.'!$B20)*(Diário!$C$4:$C$5010>=C$4)*(Diário!$C$4:$C$5010<=EOMONTH(C$4,0))*(Diário!$F$4:$F$5010)) +SUMPRODUCT(('Comp.'!$D$5:$D$444=$B20)*('Comp.'!$B$5:$B$444>=C$4)*('Comp.'!$B$5:$B$444<=EOMONTH(C$4,0))*('Comp.'!$E$5:$E$444)) -> 0 | D20: =SUMPRODUCT((Diário!$E$4:$E$5010='Analítico Cp.'!$B20)*(Diário!$C$4:$C$5010>=D$4)*(Diário!$C$4:$C$5010<=EOMONTH(D$4,0))*(Diário!$F$4:$F$5010)) +SUMPRODUCT(('Comp.'!$D$5:$D$444=$B20)*('Comp.'!$B$5:$B$444>=D$4)*('Comp.'!$B$5:$B$444<=EOMONTH(D$4,0))*('Comp.'!$E$5:$E$444)) -> 0 | E20: =SUMPRODUCT((Diário!$E$4:$E$5010='Analítico Cp.'!$B20)*(Diário!$C$4:$C$5010>=E$4)*(Diário!$C$4:$C$5010<=EOMONTH(E$4,0))*(Diário!$F$4:$F$5010)) +SUMPRODUCT(('Comp.'!$D$5:$D$444=$B20)*('Comp.'!$B$5:$B$444>=E$4)*('Comp.'!$B$5:$B$444<=EOMONTH(E$4,0))*('Comp.'!$E$5:$E$444)) -> 0 | F20: =SUMPRODUCT((Diário!$E$4:$E$5010='Analítico Cp.'!$B20)*(Diário!$C$4:$C$5010>=F$4)*(Diário!$C$4:$C$5010<=EOMONTH(F$4,0))*(Diário!$F$4:$F$5010)) +SUMPRODUCT(('Comp.'!$D$5:$D$444=$B20)*('Comp.'!$B$5:$B$444>=F$4)*('Comp.'!$B$5:$B$444<=EOMONTH(F$4,0))*('Comp.'!$E$5:$E$444)) -> 0 | G20: =SUMPRODUCT((Diário!$E$4:$E$5010='Analítico Cp.'!$B20)*(Diário!$C$4:$C$5010>=G$4)*(Diário!$C$4:$C$5010<=EOMONTH(G$4,0))*(Diário!$F$4:$F$5010)) +SUMPRODUCT(('Comp.'!$D$5:$D$444=$B20)*('Comp.'!$B$5:$B$444>=G$4)*('Comp.'!$B$5:$B$444<=EOMONTH(G$4,0))*('Comp.'!$E$5:$E$444)) -> 0 | H20: =SUMPRODUCT((Diário!$E$4:$E$5010='Analítico Cp.'!$B20)*(Diário!$C$4:$C$5010>=H$4)*(Diário!$C$4:$C$5010<=EOMONTH(H$4,0))*(Diário!$F$4:$F$5010)) +SUMPRODUCT(('Comp.'!$D$5:$D$444=$B20)*('Comp.'!$B$5:$B$444>=H$4)*('Comp.'!$B$5:$B$444<=EOMONTH(H$4,0))*('Comp.'!$E$5:$E$444)) -> 0 | I20: =SUMPRODUCT((Diário!$E$4:$E$5010='Analítico Cp.'!$B20)*(Diário!$C$4:$C$5010>=I$4)*(Diário!$C$4:$C$5010<=EOMONTH(I$4,0))*(Diário!$F$4:$F$5010)) +SUMPRODUCT(('Comp.'!$D$5:$D$444=$B20)*('Comp.'!$B$5:$B$444>=I$4)*('Comp.'!$B$5:$B$444<=EOMONTH(I$4,0))*('Comp.'!$E$5:$E$444)) -> 0 | J20: =SUMPRODUCT((Diário!$E$4:$E$5010='Analítico Cp.'!$B20)*(Diário!$C$4:$C$5010>=J$4)*(Diário!$C$4:$C$5010<=EOMONTH(J$4,0))*(Diário!$F$4:$F$5010)) +SUMPRODUCT(('Comp.'!$D$5:$D$444=$B20)*('Comp.'!$B$5:$B$444>=J$4)*('Comp.'!$B$5:$B$444<=EOMONTH(J$4,0))*('Comp.'!$E$5:$E$444)) -> 0 | ... N20: =SUMPRODUCT((Diário!$E$4:$E$5010='Analítico Cp.'!$B20)*(Diário!$C$4:$C$5010>=N$4)*(Diário!$C$4:$C$5010<=EOMONTH(N$4,0))*(Diário!$F$4:$F$5010)) +SUMPRODUCT(('Comp.'!$D$5:$D$444=$B20)*('Comp.'!$B$5:$B$444>=N$4)*('Comp.'!$B$5:$B$444<=EOMONTH(N$4,0))*('Comp.'!$E$5:$E$444)) -> 0 | O20: =SUM(C20:N20) -> 0 | P20: =IF($O$135=0,0,O20/$O$135) -> 0
A21: 2.1.1.4 | B21: Horas Extras | C21: =SUMPRODUCT((Diário!$E$4:$E$5010='Analítico Cp.'!$B21)*(Diário!$C$4:$C$5010>=C$4)*(Diário!$C$4:$C$5010<=EOMONTH(C$4,0))*(Diário!$F$4:$F$5010)) +SUMPRODUCT(('Comp.'!$D$5:$D$444=$B21)*('Comp.'!$B$5:$B$444>=C$4)*('Comp.'!$B$5:$B$444<=EOMONTH(C$4,0))*('Comp.'!$E$5:$E$444)) -> 0 | D21: =SUMPRODUCT((Diário!$E$4:$E$5010='Analítico Cp.'!$B21)*(Diário!$C$4:$C$5010>=D$4)*(Diário!$C$4:$C$5010<=EOMONTH(D$4,0))*(Diário!$F$4:$F$5010)) +SUMPRODUCT(('Comp.'!$D$5:$D$444=$B21)*('Comp.'!$B$5:$B$444>=D$4)*('Comp.'!$B$5:$B$444<=EOMONTH(D$4,0))*('Comp.'!$E$5:$E$444)) -> 0 | E21: =SUMPRODUCT((Diário!$E$4:$E$5010='Analítico Cp.'!$B21)*(Diário!$C$4:$C$5010>=E$4)*(Diário!$C$4:$C$5010<=EOMONTH(E$4,0))*(Diário!$F$4:$F$5010)) +SUMPRODUCT(('Comp.'!$D$5:$D$444=$B21)*('Comp.'!$B$5:$B$444>=E$4)*('Comp.'!$B$5:$B$444<=EOMONTH(E$4,0))*('Comp.'!$E$5:$E$444)) -> 0 | F21: =SUMPRODUCT((Diário!$E$4:$E$5010='Analítico Cp.'!$B21)*(Diário!$C$4:$C$5010>=F$4)*(Diário!$C$4:$C$5010<=EOMONTH(F$4,0))*(Diário!$F$4:$F$5010)) +SUMPRODUCT(('Comp.'!$D$5:$D$444=$B21)*('Comp.'!$B$5:$B$444>=F$4)*('Comp.'!$B$5:$B$444<=EOMONTH(F$4,0))*('Comp.'!$E$5:$E$444)) -> 0 | G21: =SUMPRODUCT((Diário!$E$4:$E$5010='Analítico Cp.'!$B21)*(Diário!$C$4:$C$5010>=G$4)*(Diário!$C$4:$C$5010<=EOMONTH(G$4,0))*(Diário!$F$4:$F$5010)) +SUMPRODUCT(('Comp.'!$D$5:$D$444=$B21)*('Comp.'!$B$5:$B$444>=G$4)*('Comp.'!$B$5:$B$444<=EOMONTH(G$4,0))*('Comp.'!$E$5:$E$444)) -> 0 | H21: =SUMPRODUCT((Diário!$E$4:$E$5010='Analítico Cp.'!$B21)*(Diário!$C$4:$C$5010>=H$4)*(Diário!$C$4:$C$5010<=EOMONTH(H$4,0))*(Diário!$F$4:$F$5010)) +SUMPRODUCT(('Comp.'!$D$5:$D$444=$B21)*('Comp.'!$B$5:$B$444>=H$4)*('Comp.'!$B$5:$B$444<=EOMONTH(H$4,0))*('Comp.'!$E$5:$E$444)) -> 0 | I21: =SUMPRODUCT((Diário!$E$4:$E$5010='Analítico Cp.'!$B21)*(Diário!$C$4:$C$5010>=I$4)*(Diário!$C$4:$C$5010<=EOMONTH(I$4,0))*(Diário!$F$4:$F$5010)) +SUMPRODUCT(('Comp.'!$D$5:$D$444=$B21)*('Comp.'!$B$5:$B$444>=I$4)*('Comp.'!$B$5:$B$444<=EOMONTH(I$4,0))*('Comp.'!$E$5:$E$444)) -> 0 | J21: =SUMPRODUCT((Diário!$E$4:$E$5010='Analítico Cp.'!$B21)*(Diário!$C$4:$C$5010>=J$4)*(Diário!$C$4:$C$5010<=EOMONTH(J$4,0))*(Diário!$F$4:$F$5010)) +SUMPRODUCT(('Comp.'!$D$5:$D$444=$B21)*('Comp.'!$B$5:$B$444>=J$4)*('Comp.'!$B$5:$B$444<=EOMONTH(J$4,0))*('Comp.'!$E$5:$E$444)) -> 0 | ... N21: =SUMPRODUCT((Diário!$E$4:$E$5010='Analítico Cp.'!$B21)*(Diário!$C$4:$C$5010>=N$4)*(Diário!$C$4:$C$5010<=EOMONTH(N$4,0))*(Diário!$F$4:$F$5010)) +SUMPRODUCT(('Comp.'!$D$5:$D$444=$B21)*('Comp.'!$B$5:$B$444>=N$4)*('Comp.'!$B$5:$B$444<=EOMONTH(N$4,0))*('Comp.'!$E$5:$E$444)) -> 0 | O21: =SUM(C21:N21) -> 0 | P21: =IF($O$135=0,0,O21/$O$135) -> 0
A22: 2.1.1.5 | B22: DSR Horas Extras | C22: =SUMPRODUCT((Diário!$E$4:$E$5010='Analítico Cp.'!$B22)*(Diário!$C$4:$C$5010>=C$4)*(Diário!$C$4:$C$5010<=EOMONTH(C$4,0))*(Diário!$F$4:$F$5010)) +SUMPRODUCT(('Comp.'!$D$5:$D$444=$B22)*('Comp.'!$B$5:$B$444>=C$4)*('Comp.'!$B$5:$B$444<=EOMONTH(C$4,0))*('Comp.'!$E$5:$E$444)) -> 0 | D22: =SUMPRODUCT((Diário!$E$4:$E$5010='Analítico Cp.'!$B22)*(Diário!$C$4:$C$5010>=D$4)*(Diário!$C$4:$C$5010<=EOMONTH(D$4,0))*(Diário!$F$4:$F$5010)) +SUMPRODUCT(('Comp.'!$D$5:$D$444=$B22)*('Comp.'!$B$5:$B$444>=D$4)*('Comp.'!$B$5:$B$444<=EOMONTH(D$4,0))*('Comp.'!$E$5:$E$444)) -> 0 | E22: =SUMPRODUCT((Diário!$E$4:$E$5010='Analítico Cp.'!$B22)*(Diário!$C$4:$C$5010>=E$4)*(Diário!$C$4:$C$5010<=EOMONTH(E$4,0))*(Diário!$F$4:$F$5010)) +SUMPRODUCT(('Comp.'!$D$5:$D$444=$B22)*('Comp.'!$B$5:$B$444>=E$4)*('Comp.'!$B$5:$B$444<=EOMONTH(E$4,0))*('Comp.'!$E$5:$E$444)) -> 0 | F22: =SUMPRODUCT((Diário!$E$4:$E$5010='Analítico Cp.'!$B22)*(Diário!$C$4:$C$5010>=F$4)*(Diário!$C$4:$C$5010<=EOMONTH(F$4,0))*(Diário!$F$4:$F$5010)) +SUMPRODUCT(('Comp.'!$D$5:$D$444=$B22)*('Comp.'!$B$5:$B$444>=F$4)*('Comp.'!$B$5:$B$444<=EOMONTH(F$4,0))*('Comp.'!$E$5:$E$444)) -> 0 | G22: =SUMPRODUCT((Diário!$E$4:$E$5010='Analítico Cp.'!$B22)*(Diário!$C$4:$C$5010>=G$4)*(Diário!$C$4:$C$5010<=EOMONTH(G$4,0))*(Diário!$F$4:$F$5010)) +SUMPRODUCT(('Comp.'!$D$5:$D$444=$B22)*('Comp.'!$B$5:$B$444>=G$4)*('Comp.'!$B$5:$B$444<=EOMONTH(G$4,0))*('Comp.'!$E$5:$E$444)) -> 0 | H22: =SUMPRODUCT((Diário!$E$4:$E$5010='Analítico Cp.'!$B22)*(Diário!$C$4:$C$5010>=H$4)*(Diário!$C$4:$C$5010<=EOMONTH(H$4,0))*(Diário!$F$4:$F$5010)) +SUMPRODUCT(('Comp.'!$D$5:$D$444=$B22)*('Comp.'!$B$5:$B$444>=H$4)*('Comp.'!$B$5:$B$444<=EOMONTH(H$4,0))*('Comp.'!$E$5:$E$444)) -> 0 | I22: =SUMPRODUCT((Diário!$E$4:$E$5010='Analítico Cp.'!$B22)*(Diário!$C$4:$C$5010>=I$4)*(Diário!$C$4:$C$5010<=EOMONTH(I$4,0))*(Diário!$F$4:$F$5010)) +SUMPRODUCT(('Comp.'!$D$5:$D$444=$B22)*('Comp.'!$B$5:$B$444>=I$4)*('Comp.'!$B$5:$B$444<=EOMONTH(I$4,0))*('Comp.'!$E$5:$E$444)) -> 0 | J22: =SUMPRODUCT((Diário!$E$4:$E$5010='Analítico Cp.'!$B22)*(Diário!$C$4:$C$5010>=J$4)*(Diário!$C$4:$C$5010<=EOMONTH(J$4,0))*(Diário!$F$4:$F$5010)) +SUMPRODUCT(('Comp.'!$D$5:$D$444=$B22)*('Comp.'!$B$5:$B$444>=J$4)*('Comp.'!$B$5:$B$444<=EOMONTH(J$4,0))*('Comp.'!$E$5:$E$444)) -> 0 | ... N22: =SUMPRODUCT((Diário!$E$4:$E$5010='Analítico Cp.'!$B22)*(Diário!$C$4:$C$5010>=N$4)*(Diário!$C$4:$C$5010<=EOMONTH(N$4,0))*(Diário!$F$4:$F$5010)) +SUMPRODUCT(('Comp.'!$D$5:$D$444=$B22)*('Comp.'!$B$5:$B$444>=N$4)*('Comp.'!$B$5:$B$444<=EOMONTH(N$4,0))*('Comp.'!$E$5:$E$444)) -> 0 | O22: =SUM(C22:N22) -> 0 | P22: =IF($O$135=0,0,O22/$O$135) -> 0
A23: 2.1.1.6 | B23: Adicional Periculosidade | C23: =SUMPRODUCT((Diário!$E$4:$E$5010='Analítico Cp.'!$B23)*(Diário!$C$4:$C$5010>=C$4)*(Diário!$C$4:$C$5010<=EOMONTH(C$4,0))*(Diário!$F$4:$F$5010)) +SUMPRODUCT(('Comp.'!$D$5:$D$444=$B23)*('Comp.'!$B$5:$B$444>=C$4)*('Comp.'!$B$5:$B$444<=EOMONTH(C$4,0))*('Comp.'!$E$5:$E$444)) -> 0 | D23: =SUMPRODUCT((Diário!$E$4:$E$5010='Analítico Cp.'!$B23)*(Diário!$C$4:$C$5010>=D$4)*(Diário!$C$4:$C$5010<=EOMONTH(D$4,0))*(Diário!$F$4:$F$5010)) +SUMPRODUCT(('Comp.'!$D$5:$D$444=$B23)*('Comp.'!$B$5:$B$444>=D$4)*('Comp.'!$B$5:$B$444<=EOMONTH(D$4,0))*('Comp.'!$E$5:$E$444)) -> 0 | E23: =SUMPRODUCT((Diário!$E$4:$E$5010='Analítico Cp.'!$B23)*(Diário!$C$4:$C$5010>=E$4)*(Diário!$C$4:$C$5010<=EOMONTH(E$4,0))*(Diário!$F$4:$F$5010)) +SUMPRODUCT(('Comp.'!$D$5:$D$444=$B23)*('Comp.'!$B$5:$B$444>=E$4)*('Comp.'!$B$5:$B$444<=EOMONTH(E$4,0))*('Comp.'!$E$5:$E$444)) -> 0 | F23: =SUMPRODUCT((Diário!$E$4:$E$5010='Analítico Cp.'!$B23)*(Diário!$C$4:$C$5010>=F$4)*(Diário!$C$4:$C$5010<=EOMONTH(F$4,0))*(Diário!$F$4:$F$5010)) +SUMPRODUCT(('Comp.'!$D$5:$D$444=$B23)*('Comp.'!$B$5:$B$444>=F$4)*('Comp.'!$B$5:$B$444<=EOMONTH(F$4,0))*('Comp.'!$E$5:$E$444)) -> 0 | G23: =SUMPRODUCT((Diário!$E$4:$E$5010='Analítico Cp.'!$B23)*(Diário!$C$4:$C$5010>=G$4)*(Diário!$C$4:$C$5010<=EOMONTH(G$4,0))*(Diário!$F$4:$F$5010)) +SUMPRODUCT(('Comp.'!$D$5:$D$444=$B23)*('Comp.'!$B$5:$B$444>=G$4)*('Comp.'!$B$5:$B$444<=EOMONTH(G$4,0))*('Comp.'!$E$5:$E$444)) -> 0 | H23: =SUMPRODUCT((Diário!$E$4:$E$5010='Analítico Cp.'!$B23)*(Diário!$C$4:$C$5010>=H$4)*(Diário!$C$4:$C$5010<=EOMONTH(H$4,0))*(Diário!$F$4:$F$5010)) +SUMPRODUCT(('Comp.'!$D$5:$D$444=$B23)*('Comp.'!$B$5:$B$444>=H$4)*('Comp.'!$B$5:$B$444<=EOMONTH(H$4,0))*('Comp.'!$E$5:$E$444)) -> 0 | I23: =SUMPRODUCT((Diário!$E$4:$E$5010='Analítico Cp.'!$B23)*(Diário!$C$4:$C$5010>=I$4)*(Diário!$C$4:$C$5010<=EOMONTH(I$4,0))*(Diário!$F$4:$F$5010)) +SUMPRODUCT(('Comp.'!$D$5:$D$444=$B23)*('Comp.'!$B$5:$B$444>=I$4)*('Comp.'!$B$5:$B$444<=EOMONTH(I$4,0))*('Comp.'!$E$5:$E$444)) -> 0 | J23: =SUMPRODUCT((Diário!$E$4:$E$5010='Analítico Cp.'!$B23)*(Diário!$C$4:$C$5010>=J$4)*(Diário!$C$4:$C$5010<=EOMONTH(J$4,0))*(Diário!$F$4:$F$5010)) +SUMPRODUCT(('Comp.'!$D$5:$D$444=$B23)*('Comp.'!$B$5:$B$444>=J$4)*('Comp.'!$B$5:$B$444<=EOMONTH(J$4,0))*('Comp.'!$E$5:$E$444)) -> 0 | ... N23: =SUMPRODUCT((Diário!$E$4:$E$5010='Analítico Cp.'!$B23)*(Diário!$C$4:$C$5010>=N$4)*(Diário!$C$4:$C$5010<=EOMONTH(N$4,0))*(Diário!$F$4:$F$5010)) +SUMPRODUCT(('Comp.'!$D$5:$D$444=$B23)*('Comp.'!$B$5:$B$444>=N$4)*('Comp.'!$B$5:$B$444<=EOMONTH(N$4,0))*('Comp.'!$E$5:$E$444)) -> 0 | O23: =SUM(C23:N23) -> 0 | P23: =IF($O$135=0,0,O23/$O$135) -> 0
A24: 2.1.1.7 | B24: Gratificação de função | C24: =SUMPRODUCT((Diário!$E$4:$E$5010='Analítico Cp.'!$B24)*(Diário!$C$4:$C$5010>=C$4)*(Diário!$C$4:$C$5010<=EOMONTH(C$4,0))*(Diário!$F$4:$F$5010)) +SUMPRODUCT(('Comp.'!$D$5:$D$444=$B24)*('Comp.'!$B$5:$B$444>=C$4)*('Comp.'!$B$5:$B$444<=EOMONTH(C$4,0))*('Comp.'!$E$5:$E$444)) -> 0 | D24: =SUMPRODUCT((Diário!$E$4:$E$5010='Analítico Cp.'!$B24)*(Diário!$C$4:$C$5010>=D$4)*(Diário!$C$4:$C$5010<=EOMONTH(D$4,0))*(Diário!$F$4:$F$5010)) +SUMPRODUCT(('Comp.'!$D$5:$D$444=$B24)*('Comp.'!$B$5:$B$444>=D$4)*('Comp.'!$B$5:$B$444<=EOMONTH(D$4,0))*('Comp.'!$E$5:$E$444)) -> 0 | E24: =SUMPRODUCT((Diário!$E$4:$E$5010='Analítico Cp.'!$B24)*(Diário!$C$4:$C$5010>=E$4)*(Diário!$C$4:$C$5010<=EOMONTH(E$4,0))*(Diário!$F$4:$F$5010)) +SUMPRODUCT(('Comp.'!$D$5:$D$444=$B24)*('Comp.'!$B$5:$B$444>=E$4)*('Comp.'!$B$5:$B$444<=EOMONTH(E$4,0))*('Comp.'!$E$5:$E$444)) -> 0 | F24: =SUMPRODUCT((Diário!$E$4:$E$5010='Analítico Cp.'!$B24)*(Diário!$C$4:$C$5010>=F$4)*(Diário!$C$4:$C$5010<=EOMONTH(F$4,0))*(Diário!$F$4:$F$5010)) +SUMPRODUCT(('Comp.'!$D$5:$D$444=$B24)*('Comp.'!$B$5:$B$444>=F$4)*('Comp.'!$B$5:$B$444<=EOMONTH(F$4,0))*('Comp.'!$E$5:$E$444)) -> 0 | G24: =SUMPRODUCT((Diário!$E$4:$E$5010='Analítico Cp.'!$B24)*(Diário!$C$4:$C$5010>=G$4)*(Diário!$C$4:$C$5010<=EOMONTH(G$4,0))*(Diário!$F$4:$F$5010)) +SUMPRODUCT(('Comp.'!$D$5:$D$444=$B24)*('Comp.'!$B$5:$B$444>=G$4)*('Comp.'!$B$5:$B$444<=EOMONTH(G$4,0))*('Comp.'!$E$5:$E$444)) -> 0 | H24: =SUMPRODUCT((Diário!$E$4:$E$5010='Analítico Cp.'!$B24)*(Diário!$C$4:$C$5010>=H$4)*(Diário!$C$4:$C$5010<=EOMONTH(H$4,0))*(Diário!$F$4:$F$5010)) +SUMPRODUCT(('Comp.'!$D$5:$D$444=$B24)*('Comp.'!$B$5:$B$444>=H$4)*('Comp.'!$B$5:$B$444<=EOMONTH(H$4,0))*('Comp.'!$E$5:$E$444)) -> 0 | I24: =SUMPRODUCT((Diário!$E$4:$E$5010='Analítico Cp.'!$B24)*(Diário!$C$4:$C$5010>=I$4)*(Diário!$C$4:$C$5010<=EOMONTH(I$4,0))*(Diário!$F$4:$F$5010)) +SUMPRODUCT(('Comp.'!$D$5:$D$444=$B24)*('Comp.'!$B$5:$B$444>=I$4)*('Comp.'!$B$5:$B$444<=EOMONTH(I$4,0))*('Comp.'!$E$5:$E$444)) -> 0 | J24: =SUMPRODUCT((Diário!$E$4:$E$5010='Analítico Cp.'!$B24)*(Diário!$C$4:$C$5010>=J$4)*(Diário!$C$4:$C$5010<=EOMONTH(J$4,0))*(Diário!$F$4:$F$5010)) +SUMPRODUCT(('Comp.'!$D$5:$D$444=$B24)*('Comp.'!$B$5:$B$444>=J$4)*('Comp.'!$B$5:$B$444<=EOMONTH(J$4,0))*('Comp.'!$E$5:$E$444)) -> 0 | ... N24: =SUMPRODUCT((Diário!$E$4:$E$5010='Analítico Cp.'!$B24)*(Diário!$C$4:$C$5010>=N$4)*(Diário!$C$4:$C$5010<=EOMONTH(N$4,0))*(Diário!$F$4:$F$5010)) +SUMPRODUCT(('Comp.'!$D$5:$D$444=$B24)*('Comp.'!$B$5:$B$444>=N$4)*('Comp.'!$B$5:$B$444<=EOMONTH(N$4,0))*('Comp.'!$E$5:$E$444)) -> 0 | O24: =SUM(C24:N24) -> 0 | P24: =IF($O$135=0,0,O24/$O$135) -> 0
A25: 2.1.1.8 | B25: Outros Gastos com Pessoal | C25: =SUMPRODUCT((Diário!$E$4:$E$5010='Analítico Cp.'!$B25)*(Diário!$C$4:$C$5010>=C$4)*(Diário!$C$4:$C$5010<=EOMONTH(C$4,0))*(Diário!$F$4:$F$5010)) +SUMPRODUCT(('Comp.'!$D$5:$D$444=$B25)*('Comp.'!$B$5:$B$444>=C$4)*('Comp.'!$B$5:$B$444<=EOMONTH(C$4,0))*('Comp.'!$E$5:$E$444)) -> 0 | D25: =SUMPRODUCT((Diário!$E$4:$E$5010='Analítico Cp.'!$B25)*(Diário!$C$4:$C$5010>=D$4)*(Diário!$C$4:$C$5010<=EOMONTH(D$4,0))*(Diário!$F$4:$F$5010)) +SUMPRODUCT(('Comp.'!$D$5:$D$444=$B25)*('Comp.'!$B$5:$B$444>=D$4)*('Comp.'!$B$5:$B$444<=EOMONTH(D$4,0))*('Comp.'!$E$5:$E$444)) -> 0 | E25: =SUMPRODUCT((Diário!$E$4:$E$5010='Analítico Cp.'!$B25)*(Diário!$C$4:$C$5010>=E$4)*(Diário!$C$4:$C$5010<=EOMONTH(E$4,0))*(Diário!$F$4:$F$5010)) +SUMPRODUCT(('Comp.'!$D$5:$D$444=$B25)*('Comp.'!$B$5:$B$444>=E$4)*('Comp.'!$B$5:$B$444<=EOMONTH(E$4,0))*('Comp.'!$E$5:$E$444)) -> 0 | F25: =SUMPRODUCT((Diário!$E$4:$E$5010='Analítico Cp.'!$B25)*(Diário!$C$4:$C$5010>=F$4)*(Diário!$C$4:$C$5010<=EOMONTH(F$4,0))*(Diário!$F$4:$F$5010)) +SUMPRODUCT(('Comp.'!$D$5:$D$444=$B25)*('Comp.'!$B$5:$B$444>=F$4)*('Comp.'!$B$5:$B$444<=EOMONTH(F$4,0))*('Comp.'!$E$5:$E$444)) -> 0 | G25: =SUMPRODUCT((Diário!$E$4:$E$5010='Analítico Cp.'!$B25)*(Diário!$C$4:$C$5010>=G$4)*(Diário!$C$4:$C$5010<=EOMONTH(G$4,0))*(Diário!$F$4:$F$5010)) +SUMPRODUCT(('Comp.'!$D$5:$D$444=$B25)*('Comp.'!$B$5:$B$444>=G$4)*('Comp.'!$B$5:$B$444<=EOMONTH(G$4,0))*('Comp.'!$E$5:$E$444)) -> 0 | H25: =SUMPRODUCT((Diário!$E$4:$E$5010='Analítico Cp.'!$B25)*(Diário!$C$4:$C$5010>=H$4)*(Diário!$C$4:$C$5010<=EOMONTH(H$4,0))*(Diário!$F$4:$F$5010)) +SUMPRODUCT(('Comp.'!$D$5:$D$444=$B25)*('Comp.'!$B$5:$B$444>=H$4)*('Comp.'!$B$5:$B$444<=EOMONTH(H$4,0))*('Comp.'!$E$5:$E$444)) -> 0 | I25: =SUMPRODUCT((Diário!$E$4:$E$5010='Analítico Cp.'!$B25)*(Diário!$C$4:$C$5010>=I$4)*(Diário!$C$4:$C$5010<=EOMONTH(I$4,0))*(Diário!$F$4:$F$5010)) +SUMPRODUCT(('Comp.'!$D$5:$D$444=$B25)*('Comp.'!$B$5:$B$444>=I$4)*('Comp.'!$B$5:$B$444<=EOMONTH(I$4,0))*('Comp.'!$E$5:$E$444)) -> 0 | J25: =SUMPRODUCT((Diário!$E$4:$E$5010='Analítico Cp.'!$B25)*(Diário!$C$4:$C$5010>=J$4)*(Diário!$C$4:$C$5010<=EOMONTH(J$4,0))*(Diário!$F$4:$F$5010)) +SUMPRODUCT(('Comp.'!$D$5:$D$444=$B25)*('Comp.'!$B$5:$B$444>=J$4)*('Comp.'!$B$5:$B$444<=EOMONTH(J$4,0))*('Comp.'!$E$5:$E$444)) -> 0 | ... N25: =SUMPRODUCT((Diário!$E$4:$E$5010='Analítico Cp.'!$B25)*(Diário!$C$4:$C$5010>=N$4)*(Diário!$C$4:$C$5010<=EOMONTH(N$4,0))*(Diário!$F$4:$F$5010)) +SUMPRODUCT(('Comp.'!$D$5:$D$444=$B25)*('Comp.'!$B$5:$B$444>=N$4)*('Comp.'!$B$5:$B$444<=EOMONTH(N$4,0))*('Comp.'!$E$5:$E$444)) -> 0 | O25: =SUM(C25:N25) -> 0 | P25: =IF($O$135=0,0,O25/$O$135) -> 0
B26: Subtotal Salários : | C26: =SUBTOTAL(109,C18:C25) -> 0 | D26: =SUBTOTAL(109,D18:D25) -> 0 | E26: =SUBTOTAL(109,E18:E25) -> 5414.91 | F26: =SUBTOTAL(109,F18:F25) -> 53472.23 | G26: =SUBTOTAL(109,G18:G25) -> 76361.6 | H26: =SUBTOTAL(109,H18:H25) -> 78754.8 | I26: =SUBTOTAL(109,I18:I25) -> 75153.24 | J26: =SUBTOTAL(109,J18:J25) -> 85532.34 | ... O26: =SUBTOTAL(109,O18:O25) -> 714349.32 | P26: =IF($O$135=0,0,O26/$O$135) -> 0.38321958
A27: 2.1.2 | B27: Estagiários
A28: 2.1.2.1 | B28: Bolsa Estágio | C28: =SUMPRODUCT((Diário!$E$4:$E$5010='Analítico Cp.'!$B28)*(Diário!$C$4:$C$5010>=C$4)*(Diário!$C$4:$C$5010<=EOMONTH(C$4,0))*(Diário!$F$4:$F$5010)) +SUMPRODUCT(('Comp.'!$D$5:$D$444=$B28)*('Comp.'!$B$5:$B$444>=C$4)*('Comp.'!$B$5:$B$444<=EOMONTH(C$4,0))*('Comp.'!$E$5:$E$444)) -> 0 | D28: =SUMPRODUCT((Diário!$E$4:$E$5010='Analítico Cp.'!$B28)*(Diário!$C$4:$C$5010>=D$4)*(Diário!$C$4:$C$5010<=EOMONTH(D$4,0))*(Diário!$F$4:$F$5010)) +SUMPRODUCT(('Comp.'!$D$5:$D$444=$B28)*('Comp.'!$B$5:$B$444>=D$4)*('Comp.'!$B$5:$B$444<=EOMONTH(D$4,0))*('Comp.'!$E$5:$E$444)) -> 0 | E28: =SUMPRODUCT((Diário!$E$4:$E$5010='Analítico Cp.'!$B28)*(Diário!$C$4:$C$5010>=E$4)*(Diário!$C$4:$C$5010<=EOMONTH(E$4,0))*(Diário!$F$4:$F$5010)) +SUMPRODUCT(('Comp.'!$D$5:$D$444=$B28)*('Comp.'!$B$5:$B$444>=E$4)*('Comp.'!$B$5:$B$444<=EOMONTH(E$4,0))*('Comp.'!$E$5:$E$444)) -> 0 | F28: =SUMPRODUCT((Diário!$E$4:$E$5010='Analítico Cp.'!$B28)*(Diário!$C$4:$C$5010>=F$4)*(Diário!$C$4:$C$5010<=EOMONTH(F$4,0))*(Diário!$F$4:$F$5010)) +SUMPRODUCT(('Comp.'!$D$5:$D$444=$B28)*('Comp.'!$B$5:$B$444>=F$4)*('Comp.'!$B$5:$B$444<=EOMONTH(F$4,0))*('Comp.'!$E$5:$E$444)) -> 0 | G28: =SUMPRODUCT((Diário!$E$4:$E$5010='Analítico Cp.'!$B28)*(Diário!$C$4:$C$5010>=G$4)*(Diário!$C$4:$C$5010<=EOMONTH(G$4,0))*(Diário!$F$4:$F$5010)) +SUMPRODUCT(('Comp.'!$D$5:$D$444=$B28)*('Comp.'!$B$5:$B$444>=G$4)*('Comp.'!$B$5:$B$444<=EOMONTH(G$4,0))*('Comp.'!$E$5:$E$444)) -> 0 | H28: =SUMPRODUCT((Diário!$E$4:$E$5010='Analítico Cp.'!$B28)*(Diário!$C$4:$C$5010>=H$4)*(Diário!$C$4:$C$5010<=EOMONTH(H$4,0))*(Diário!$F$4:$F$5010)) +SUMPRODUCT(('Comp.'!$D$5:$D$444=$B28)*('Comp.'!$B$5:$B$444>=H$4)*('Comp.'!$B$5:$B$444<=EOMONTH(H$4,0))*('Comp.'!$E$5:$E$444)) -> 0 | I28: =SUMPRODUCT((Diário!$E$4:$E$5010='Analítico Cp.'!$B28)*(Diário!$C$4:$C$5010>=I$4)*(Diário!$C$4:$C$5010<=EOMONTH(I$4,0))*(Diário!$F$4:$F$5010)) +SUMPRODUCT(('Comp.'!$D$5:$D$444=$B28)*('Comp.'!$B$5:$B$444>=I$4)*('Comp.'!$B$5:$B$444<=EOMONTH(I$4,0))*('Comp.'!$E$5:$E$444)) -> 0 | J28: =SUMPRODUCT((Diário!$E$4:$E$5010='Analítico Cp.'!$B28)*(Diário!$C$4:$C$5010>=J$4)*(Diário!$C$4:$C$5010<=EOMONTH(J$4,0))*(Diário!$F$4:$F$5010)) +SUMPRODUCT(('Comp.'!$D$5:$D$444=$B28)*('Comp.'!$B$5:$B$444>=J$4)*('Comp.'!$B$5:$B$444<=EOMONTH(J$4,0))*('Comp.'!$E$5:$E$444)) -> 0 | ... N28: =SUMPRODUCT((Diário!$E$4:$E$5010='Analítico Cp.'!$B28)*(Diário!$C$4:$C$5010>=N$4)*(Diário!$C$4:$C$5010<=EOMONTH(N$4,0))*(Diário!$F$4:$F$5010)) +SUMPRODUCT(('Comp.'!$D$5:$D$444=$B28)*('Comp.'!$B$5:$B$444>=N$4)*('Comp.'!$B$5:$B$444<=EOMONTH(N$4,0))*('Comp.'!$E$5:$E$444)) -> 0 | O28: =SUM(C28:N28) -> 0 | P28: =IF($O$135=0,0,O28/$O$135) -> 0
A29: 2.1.2.2 | B29: Auxílio Transporte | C29: =SUMPRODUCT((Diário!$E$4:$E$5010='Analítico Cp.'!$B29)*(Diário!$C$4:$C$5010>=C$4)*(Diário!$C$4:$C$5010<=EOMONTH(C$4,0))*(Diário!$F$4:$F$5010)) +SUMPRODUCT(('Comp.'!$D$5:$D$444=$B29)*('Comp.'!$B$5:$B$444>=C$4)*('Comp.'!$B$5:$B$444<=EOMONTH(C$4,0))*('Comp.'!$E$5:$E$444)) -> 0 | D29: =SUMPRODUCT((Diário!$E$4:$E$5010='Analítico Cp.'!$B29)*(Diário!$C$4:$C$5010>=D$4)*(Diário!$C$4:$C$5010<=EOMONTH(D$4,0))*(Diário!$F$4:$F$5010)) +SUMPRODUCT(('Comp.'!$D$5:$D$444=$B29)*('Comp.'!$B$5:$B$444>=D$4)*('Comp.'!$B$5:$B$444<=EOMONTH(D$4,0))*('Comp.'!$E$5:$E$444)) -> 0 | E29: =SUMPRODUCT((Diário!$E$4:$E$5010='Analítico Cp.'!$B29)*(Diário!$C$4:$C$5010>=E$4)*(Diário!$C$4:$C$5010<=EOMONTH(E$4,0))*(Diário!$F$4:$F$5010)) +SUMPRODUCT(('Comp.'!$D$5:$D$444=$B29)*('Comp.'!$B$5:$B$444>=E$4)*('Comp.'!$B$5:$B$444<=EOMONTH(E$4,0))*('Comp.'!$E$5:$E$444)) -> 1527.8 | F29: =SUMPRODUCT((Diário!$E$4:$E$5010='Analítico Cp.'!$B29)*(Diário!$C$4:$C$5010>=F$4)*(Diário!$C$4:$C$5010<=EOMONTH(F$4,0))*(Diário!$F$4:$F$5010)) +SUMPRODUCT(('Comp.'!$D$5:$D$444=$B29)*('Comp.'!$B$5:$B$444>=F$4)*('Comp.'!$B$5:$B$444<=EOMONTH(F$4,0))*('Comp.'!$E$5:$E$444)) -> 0 | G29: =SUMPRODUCT((Diário!$E$4:$E$5010='Analítico Cp.'!$B29)*(Diário!$C$4:$C$5010>=G$4)*(Diário!$C$4:$C$5010<=EOMONTH(G$4,0))*(Diário!$F$4:$F$5010)) +SUMPRODUCT(('Comp.'!$D$5:$D$444=$B29)*('Comp.'!$B$5:$B$444>=G$4)*('Comp.'!$B$5:$B$444<=EOMONTH(G$4,0))*('Comp.'!$E$5:$E$444)) -> 362.25 | H29: =SUMPRODUCT((Diário!$E$4:$E$5010='Analítico Cp.'!$B29)*(Diário!$C$4:$C$5010>=H$4)*(Diário!$C$4:$C$5010<=EOMONTH(H$4,0))*(Diário!$F$4:$F$5010)) +SUMPRODUCT(('Comp.'!$D$5:$D$444=$B29)*('Comp.'!$B$5:$B$444>=H$4)*('Comp.'!$B$5:$B$444<=EOMONTH(H$4,0))*('Comp.'!$E$5:$E$444)) -> 379.5 | I29: =SUMPRODUCT((Diário!$E$4:$E$5010='Analítico Cp.'!$B29)*(Diário!$C$4:$C$5010>=I$4)*(Diário!$C$4:$C$5010<=EOMONTH(I$4,0))*(Diário!$F$4:$F$5010)) +SUMPRODUCT(('Comp.'!$D$5:$D$444=$B29)*('Comp.'!$B$5:$B$444>=I$4)*('Comp.'!$B$5:$B$444<=EOMONTH(I$4,0))*('Comp.'!$E$5:$E$444)) -> 0 | J29: =SUMPRODUCT((Diário!$E$4:$E$5010='Analítico Cp.'!$B29)*(Diário!$C$4:$C$5010>=J$4)*(Diário!$C$4:$C$5010<=EOMONTH(J$4,0))*(Diário!$F$4:$F$5010)) +SUMPRODUCT(('Comp.'!$D$5:$D$444=$B29)*('Comp.'!$B$5:$B$444>=J$4)*('Comp.'!$B$5:$B$444<=EOMONTH(J$4,0))*('Comp.'!$E$5:$E$444)) -> 0 | ... N29: =SUMPRODUCT((Diário!$E$4:$E$5010='Analítico Cp.'!$B29)*(Diário!$C$4:$C$5010>=N$4)*(Diário!$C$4:$C$5010<=EOMONTH(N$4,0))*(Diário!$F$4:$F$5010)) +SUMPRODUCT(('Comp.'!$D$5:$D$444=$B29)*('Comp.'!$B$5:$B$444>=N$4)*('Comp.'!$B$5:$B$444<=EOMONTH(N$4,0))*('Comp.'!$E$5:$E$444)) -> 0 | O29: =SUM(C29:N29) -> 2269.55 | P29: =IF($O$135=0,0,O29/$O$135) -> 0.001217522
B30: Subtotal Estagiários: | C30: =SUBTOTAL(109,C28:C29) -> 0 | D30: =SUBTOTAL(109,D28:D29) -> 0 | E30: =SUBTOTAL(109,E28:E29) -> 1527.8 | F30: =SUBTOTAL(109,F28:F29) -> 0 | G30: =SUBTOTAL(109,G28:G29) -> 362.25 | H30: =SUBTOTAL(109,H28:H29) -> 379.5 | I30: =SUBTOTAL(109,I28:I29) -> 0 | J30: =SUBTOTAL(109,J28:J29) -> 0 | ... O30: =SUBTOTAL(109,O28:O29) -> 2269.55 | P30: =IF($O$135=0,0,O30/$O$135) -> 0.001217522
A31: 2.1.3 | B31: Encargos
A32: 2.1.3.1 | B32: INSS Patronal | C32: ='Prov. Pessoal'!C7-'Prov. Pessoal'!C17 -> 0 | D32: ='Prov. Pessoal'!D7-'Prov. Pessoal'!D17 -> 0 | E32: ='Prov. Pessoal'!E7-'Prov. Pessoal'!E17 -> 0 | F32: ='Prov. Pessoal'!F7-'Prov. Pessoal'!F17 -> 0 | G32: ='Prov. Pessoal'!G7-'Prov. Pessoal'!G17 -> 0 | H32: ='Prov. Pessoal'!H7-'Prov. Pessoal'!H17 -> 0 | I32: ='Prov. Pessoal'!I7-'Prov. Pessoal'!I17 -> 0 | J32: ='Prov. Pessoal'!J7-'Prov. Pessoal'!J17 -> 0 | ... N32: ='Prov. Pessoal'!N7-'Prov. Pessoal'!N17 -> 0 | O32: =SUM(C32:N32) -> 0 | P32: =IF($O$135=0,0,O32/$O$135) -> 0
A33: 2.1.3.2 | B33: PIS | C33: ='Prov. Pessoal'!C8-'Prov. Pessoal'!C18 -> 0 | D33: ='Prov. Pessoal'!D8-'Prov. Pessoal'!D18 -> 0 | E33: ='Prov. Pessoal'!E8-'Prov. Pessoal'!E18 -> 0 | F33: ='Prov. Pessoal'!F8-'Prov. Pessoal'!F18 -> 0 | G33: ='Prov. Pessoal'!G8-'Prov. Pessoal'!G18 -> 0 | H33: ='Prov. Pessoal'!H8-'Prov. Pessoal'!H18 -> 0 | I33: ='Prov. Pessoal'!I8-'Prov. Pessoal'!I18 -> 0 | J33: ='Prov. Pessoal'!J8-'Prov. Pessoal'!J18 -> 0 | ... N33: ='Prov. Pessoal'!N8-'Prov. Pessoal'!N18 -> 0 | O33: =SUM(C33:N33) -> 0 | P33: =IF($O$135=0,0,O33/$O$135) -> 0
A34: 2.1.3.3 | B34: FGTS | C34: ='Prov. Pessoal'!C9-'Prov. Pessoal'!C19 -> 0 | D34: ='Prov. Pessoal'!D9-'Prov. Pessoal'!D19 -> 0 | E34: ='Prov. Pessoal'!E9-'Prov. Pessoal'!E19 -> 3104.12 | F34: ='Prov. Pessoal'!F9-'Prov. Pessoal'!F19 -> 4954.45 | G34: ='Prov. Pessoal'!G9-'Prov. Pessoal'!G19 -> 1427.69 | H34: ='Prov. Pessoal'!H9-'Prov. Pessoal'!H19 -> -263.7 | I34: ='Prov. Pessoal'!I9-'Prov. Pessoal'!I19 -> 3093.34 | J34: ='Prov. Pessoal'!J9-'Prov. Pessoal'!J19 -> 3598.37 | ... N34: ='Prov. Pessoal'!N9-'Prov. Pessoal'!N19 -> 3129.89 | O34: =SUM(C34:N34) -> 28797.35 | P34: =IF($O$135=0,0,O34/$O$135) -> 0.015448616
A35: 2.1.3.4 | B35: FGTS Multa Rescisória | C35: ='Prov. Pessoal'!C10-'Prov. Pessoal'!C20 -> 0 | D35: ='Prov. Pessoal'!D10-'Prov. Pessoal'!D20 -> 0 | E35: ='Prov. Pessoal'!E10-'Prov. Pessoal'!E20 -> 1241.648 | F35: ='Prov. Pessoal'!F10-'Prov. Pessoal'!F20 -> 1555.13 | G35: ='Prov. Pessoal'!G10-'Prov. Pessoal'!G20 -> 2552.82 | H35: ='Prov. Pessoal'!H10-'Prov. Pessoal'!H20 -> 2447.31 | I35: ='Prov. Pessoal'!I10-'Prov. Pessoal'!I20 -> 3153.26 | J35: ='Prov. Pessoal'!J10-'Prov. Pessoal'!J20 -> 4836.44 | ... N35: ='Prov. Pessoal'!N10-'Prov. Pessoal'!N20 -> 3103.05 | O35: =SUM(C35:N35) -> 31561.568 | P35: =IF($O$135=0,0,O35/$O$135) -> 0.016931507
A36: 2.1.3.5 | B36: 13º Salário | C36: ='Prov. Pessoal'!C11-'Prov. Pessoal'!C21 -> 0 | D36: ='Prov. Pessoal'!D11-'Prov. Pessoal'!D21 -> 0 | E36: ='Prov. Pessoal'!E11-'Prov. Pessoal'!E21 -> 3233.43 | F36: ='Prov. Pessoal'!F11-'Prov. Pessoal'!F21 -> 5160.88 | G36: ='Prov. Pessoal'!G11-'Prov. Pessoal'!G21 -> 6647.96 | H36: ='Prov. Pessoal'!H11-'Prov. Pessoal'!H21 -> 6373.12 | I36: ='Prov. Pessoal'!I11-'Prov. Pessoal'!I21 -> 7885.47 | J36: ='Prov. Pessoal'!J11-'Prov. Pessoal'!J21 -> 7885.47 | ... N36: ='Prov. Pessoal'!N11-'Prov. Pessoal'!N21 -> -21963.26 | O36: =SUM(C36:N36) -> 11806.53 | P36: =IF($O$135=0,0,O36/$O$135) -> 0.0063337268
A37: 2.1.3.6 | B37: Férias | C37: ='Prov. Pessoal'!C12-'Prov. Pessoal'!C22 -> 0 | D37: ='Prov. Pessoal'!D12-'Prov. Pessoal'!D22 -> 0 | E37: ='Prov. Pessoal'!E12-'Prov. Pessoal'!E22 -> 3233.43 | F37: ='Prov. Pessoal'!F12-'Prov. Pessoal'!F22 -> 5160.88 | G37: ='Prov. Pessoal'!G12-'Prov. Pessoal'!G22 -> 6764.65 | H37: ='Prov. Pessoal'!H12-'Prov. Pessoal'!H22 -> 6548.14 | I37: ='Prov. Pessoal'!I12-'Prov. Pessoal'!I22 -> 7885.47 | J37: ='Prov. Pessoal'!J12-'Prov. Pessoal'!J22 -> 7885.47 | ... N37: ='Prov. Pessoal'!N12-'Prov. Pessoal'!N22 -> 7885.47 | O37: =SUM(C37:N37) -> 69019.92 | P37: =IF($O$135=0,0,O37/$O$135) -> 0.037026401
A38: 2.1.3.7 | B38: 1/3 de Férias | C38: ='Prov. Pessoal'!C13-'Prov. Pessoal'!C23 -> 0 | D38: ='Prov. Pessoal'!D13-'Prov. Pessoal'!D23 -> 0 | E38: ='Prov. Pessoal'!E13-'Prov. Pessoal'!E23 -> 1077.81 | F38: ='Prov. Pessoal'!F13-'Prov. Pessoal'!F23 -> 1720.29 | G38: ='Prov. Pessoal'!G13-'Prov. Pessoal'!G23 -> 2215.99 | H38: ='Prov. Pessoal'!H13-'Prov. Pessoal'!H23 -> 2124.38 | I38: ='Prov. Pessoal'!I13-'Prov. Pessoal'!I23 -> 2628.5 | J38: ='Prov. Pessoal'!J13-'Prov. Pessoal'!J23 -> 2628.5 | ... N38: ='Prov. Pessoal'!N13-'Prov. Pessoal'!N23 -> 2628.5 | O38: =SUM(C38:N38) -> 22909.47 | P38: =IF($O$135=0,0,O38/$O$135) -> 0.012290006
A39: 2.1.3.8 | B39: Rescisão de Trabalho | C39: ='Prov. Pessoal'!C14-'Prov. Pessoal'!C24 -> 0 | D39: ='Prov. Pessoal'!D14-'Prov. Pessoal'!D24 -> 0 | E39: ='Prov. Pessoal'!E14-'Prov. Pessoal'!E24 -> 0 | F39: ='Prov. Pessoal'!F14-'Prov. Pessoal'!F24 -> 0 | G39: ='Prov. Pessoal'!G14-'Prov. Pessoal'!G24 -> 0 | H39: ='Prov. Pessoal'!H14-'Prov. Pessoal'!H24 -> 0 | I39: ='Prov. Pessoal'!I14-'Prov. Pessoal'!I24 -> 0 | J39: ='Prov. Pessoal'!J14-'Prov. Pessoal'!J24 -> 0 | ... N39: ='Prov. Pessoal'!N14-'Prov. Pessoal'!N24 -> 77874.13 | O39: =SUM(C39:N39) -> 67056.77 | P39: =IF($O$135=0,0,O39/$O$135) -> 0.035973251
A40: 2.1.3.9 | B40: Medicina e Segurança do Trabalho | C40: =SUMPRODUCT((Diário!$E$4:$E$5010='Analítico Cp.'!$B40)*(Diário!$C$4:$C$5010>=C$4)*(Diário!$C$4:$C$5010<=EOMONTH(C$4,0))*(Diário!$F$4:$F$5010)) +SUMPRODUCT(('Comp.'!$D$5:$D$444=$B40)*('Comp.'!$B$5:$B$444>=C$4)*('Comp.'!$B$5:$B$444<=EOMONTH(C$4,0))*('Comp.'!$E$5:$E$444)) -> 0 | D40: =SUMPRODUCT((Diário!$E$4:$E$5010='Analítico Cp.'!$B40)*(Diário!$C$4:$C$5010>=D$4)*(Diário!$C$4:$C$5010<=EOMONTH(D$4,0))*(Diário!$F$4:$F$5010)) +SUMPRODUCT(('Comp.'!$D$5:$D$444=$B40)*('Comp.'!$B$5:$B$444>=D$4)*('Comp.'!$B$5:$B$444<=EOMONTH(D$4,0))*('Comp.'!$E$5:$E$444)) -> 0 | E40: =SUMPRODUCT((Diário!$E$4:$E$5010='Analítico Cp.'!$B40)*(Diário!$C$4:$C$5010>=E$4)*(Diário!$C$4:$C$5010<=EOMONTH(E$4,0))*(Diário!$F$4:$F$5010)) +SUMPRODUCT(('Comp.'!$D$5:$D$444=$B40)*('Comp.'!$B$5:$B$444>=E$4)*('Comp.'!$B$5:$B$444<=EOMONTH(E$4,0))*('Comp.'!$E$5:$E$444)) -> 0 | F40: =SUMPRODUCT((Diário!$E$4:$E$5010='Analítico Cp.'!$B40)*(Diário!$C$4:$C$5010>=F$4)*(Diário!$C$4:$C$5010<=EOMONTH(F$4,0))*(Diário!$F$4:$F$5010)) +SUMPRODUCT(('Comp.'!$D$5:$D$444=$B40)*('Comp.'!$B$5:$B$444>=F$4)*('Comp.'!$B$5:$B$444<=EOMONTH(F$4,0))*('Comp.'!$E$5:$E$444)) -> 616.7 | G40: =SUMPRODUCT((Diário!$E$4:$E$5010='Analítico Cp.'!$B40)*(Diário!$C$4:$C$5010>=G$4)*(Diário!$C$4:$C$5010<=EOMONTH(G$4,0))*(Diário!$F$4:$F$5010)) +SUMPRODUCT(('Comp.'!$D$5:$D$444=$B40)*('Comp.'!$B$5:$B$444>=G$4)*('Comp.'!$B$5:$B$444<=EOMONTH(G$4,0))*('Comp.'!$E$5:$E$444)) -> 1022.18 | H40: =SUMPRODUCT((Diário!$E$4:$E$5010='Analítico Cp.'!$B40)*(Diário!$C$4:$C$5010>=H$4)*(Diário!$C$4:$C$5010<=EOMONTH(H$4,0))*(Diário!$F$4:$F$5010)) +SUMPRODUCT(('Comp.'!$D$5:$D$444=$B40)*('Comp.'!$B$5:$B$444>=H$4)*('Comp.'!$B$5:$B$444<=EOMONTH(H$4,0))*('Comp.'!$E$5:$E$444)) -> 541.81 | I40: =SUMPRODUCT((Diário!$E$4:$E$5010='Analítico Cp.'!$B40)*(Diário!$C$4:$C$5010>=I$4)*(Diário!$C$4:$C$5010<=EOMONTH(I$4,0))*(Diário!$F$4:$F$5010)) +SUMPRODUCT(('Comp.'!$D$5:$D$444=$B40)*('Comp.'!$B$5:$B$444>=I$4)*('Comp.'!$B$5:$B$444<=EOMONTH(I$4,0))*('Comp.'!$E$5:$E$444)) -> 320.76 | J40: =SUMPRODUCT((Diário!$E$4:$E$5010='Analítico Cp.'!$B40)*(Diário!$C$4:$C$5010>=J$4)*(Diário!$C$4:$C$5010<=EOMONTH(J$4,0))*(Diário!$F$4:$F$5010)) +SUMPRODUCT(('Comp.'!$D$5:$D$444=$B40)*('Comp.'!$B$5:$B$444>=J$4)*('Comp.'!$B$5:$B$444<=EOMONTH(J$4,0))*('Comp.'!$E$5:$E$444)) -> 483.02 | ... N40: =SUMPRODUCT((Diário!$E$4:$E$5010='Analítico Cp.'!$B40)*(Diário!$C$4:$C$5010>=N$4)*(Diário!$C$4:$C$5010<=EOMONTH(N$4,0))*(Diário!$F$4:$F$5010)) +SUMPRODUCT(('Comp.'!$D$5:$D$444=$B40)*('Comp.'!$B$5:$B$444>=N$4)*('Comp.'!$B$5:$B$444<=EOMONTH(N$4,0))*('Comp.'!$E$5:$E$444)) -> 477.79 | O40: =SUM(C40:N40) -> 4756.25 | P40: =IF($O$135=0,0,O40/$O$135) -> 0.0025515362
A41: 2.1.3.10 | B41: Despesas Sindicais | C41: =SUMPRODUCT((Diário!$E$4:$E$5010='Analítico Cp.'!$B41)*(Diário!$C$4:$C$5010>=C$4)*(Diário!$C$4:$C$5010<=EOMONTH(C$4,0))*(Diário!$F$4:$F$5010)) +SUMPRODUCT(('Comp.'!$D$5:$D$444=$B41)*('Comp.'!$B$5:$B$444>=C$4)*('Comp.'!$B$5:$B$444<=EOMONTH(C$4,0))*('Comp.'!$E$5:$E$444)) -> 0 | D41: =SUMPRODUCT((Diário!$E$4:$E$5010='Analítico Cp.'!$B41)*(Diário!$C$4:$C$5010>=D$4)*(Diário!$C$4:$C$5010<=EOMONTH(D$4,0))*(Diário!$F$4:$F$5010)) +SUMPRODUCT(('Comp.'!$D$5:$D$444=$B41)*('Comp.'!$B$5:$B$444>=D$4)*('Comp.'!$B$5:$B$444<=EOMONTH(D$4,0))*('Comp.'!$E$5:$E$444)) -> 0 | E41: =SUMPRODUCT((Diário!$E$4:$E$5010='Analítico Cp.'!$B41)*(Diário!$C$4:$C$5010>=E$4)*(Diário!$C$4:$C$5010<=EOMONTH(E$4,0))*(Diário!$F$4:$F$5010)) +SUMPRODUCT(('Comp.'!$D$5:$D$444=$B41)*('Comp.'!$B$5:$B$444>=E$4)*('Comp.'!$B$5:$B$444<=EOMONTH(E$4,0))*('Comp.'!$E$5:$E$444)) -> 0 | F41: =SUMPRODUCT((Diário!$E$4:$E$5010='Analítico Cp.'!$B41)*(Diário!$C$4:$C$5010>=F$4)*(Diário!$C$4:$C$5010<=EOMONTH(F$4,0))*(Diário!$F$4:$F$5010)) +SUMPRODUCT(('Comp.'!$D$5:$D$444=$B41)*('Comp.'!$B$5:$B$444>=F$4)*('Comp.'!$B$5:$B$444<=EOMONTH(F$4,0))*('Comp.'!$E$5:$E$444)) -> 0 | G41: =SUMPRODUCT((Diário!$E$4:$E$5010='Analítico Cp.'!$B41)*(Diário!$C$4:$C$5010>=G$4)*(Diário!$C$4:$C$5010<=EOMONTH(G$4,0))*(Diário!$F$4:$F$5010)) +SUMPRODUCT(('Comp.'!$D$5:$D$444=$B41)*('Comp.'!$B$5:$B$444>=G$4)*('Comp.'!$B$5:$B$444<=EOMONTH(G$4,0))*('Comp.'!$E$5:$E$444)) -> 0 | H41: =SUMPRODUCT((Diário!$E$4:$E$5010='Analítico Cp.'!$B41)*(Diário!$C$4:$C$5010>=H$4)*(Diário!$C$4:$C$5010<=EOMONTH(H$4,0))*(Diário!$F$4:$F$5010)) +SUMPRODUCT(('Comp.'!$D$5:$D$444=$B41)*('Comp.'!$B$5:$B$444>=H$4)*('Comp.'!$B$5:$B$444<=EOMONTH(H$4,0))*('Comp.'!$E$5:$E$444)) -> 0 | I41: =SUMPRODUCT((Diário!$E$4:$E$5010='Analítico Cp.'!$B41)*(Diário!$C$4:$C$5010>=I$4)*(Diário!$C$4:$C$5010<=EOMONTH(I$4,0))*(Diário!$F$4:$F$5010)) +SUMPRODUCT(('Comp.'!$D$5:$D$444=$B41)*('Comp.'!$B$5:$B$444>=I$4)*('Comp.'!$B$5:$B$444<=EOMONTH(I$4,0))*('Comp.'!$E$5:$E$444)) -> 0 | J41: =SUMPRODUCT((Diário!$E$4:$E$5010='Analítico Cp.'!$B41)*(Diário!$C$4:$C$5010>=J$4)*(Diário!$C$4:$C$5010<=EOMONTH(J$4,0))*(Diário!$F$4:$F$5010)) +SUMPRODUCT(('Comp.'!$D$5:$D$444=$B41)*('Comp.'!$B$5:$B$444>=J$4)*('Comp.'!$B$5:$B$444<=EOMONTH(J$4,0))*('Comp.'!$E$5:$E$444)) -> 0 | ... N41: =SUMPRODUCT((Diário!$E$4:$E$5010='Analítico Cp.'!$B41)*(Diário!$C$4:$C$5010>=N$4)*(Diário!$C$4:$C$5010<=EOMONTH(N$4,0))*(Diário!$F$4:$F$5010)) +SUMPRODUCT(('Comp.'!$D$5:$D$444=$B41)*('Comp.'!$B$5:$B$444>=N$4)*('Comp.'!$B$5:$B$444<=EOMONTH(N$4,0))*('Comp.'!$E$5:$E$444)) -> 0 | O41: =SUM(C41:N41) -> 0 | P41: =IF($O$135=0,0,O41/$O$135) -> 0
A42: 2.1.3.11 | B42: Outros Encargos Trabalhistas | C42: =SUMPRODUCT((Diário!$E$4:$E$5010='Analítico Cp.'!$B42)*(Diário!$C$4:$C$5010>=C$4)*(Diário!$C$4:$C$5010<=EOMONTH(C$4,0))*(Diário!$F$4:$F$5010)) +SUMPRODUCT(('Comp.'!$D$5:$D$444=$B42)*('Comp.'!$B$5:$B$444>=C$4)*('Comp.'!$B$5:$B$444<=EOMONTH(C$4,0))*('Comp.'!$E$5:$E$444)) -> 0 | D42: =SUMPRODUCT((Diário!$E$4:$E$5010='Analítico Cp.'!$B42)*(Diário!$C$4:$C$5010>=D$4)*(Diário!$C$4:$C$5010<=EOMONTH(D$4,0))*(Diário!$F$4:$F$5010)) +SUMPRODUCT(('Comp.'!$D$5:$D$444=$B42)*('Comp.'!$B$5:$B$444>=D$4)*('Comp.'!$B$5:$B$444<=EOMONTH(D$4,0))*('Comp.'!$E$5:$E$444)) -> 0 | E42: =SUMPRODUCT((Diário!$E$4:$E$5010='Analítico Cp.'!$B42)*(Diário!$C$4:$C$5010>=E$4)*(Diário!$C$4:$C$5010<=EOMONTH(E$4,0))*(Diário!$F$4:$F$5010)) +SUMPRODUCT(('Comp.'!$D$5:$D$444=$B42)*('Comp.'!$B$5:$B$444>=E$4)*('Comp.'!$B$5:$B$444<=EOMONTH(E$4,0))*('Comp.'!$E$5:$E$444)) -> 0 | F42: =SUMPRODUCT((Diário!$E$4:$E$5010='Analítico Cp.'!$B42)*(Diário!$C$4:$C$5010>=F$4)*(Diário!$C$4:$C$5010<=EOMONTH(F$4,0))*(Diário!$F$4:$F$5010)) +SUMPRODUCT(('Comp.'!$D$5:$D$444=$B42)*('Comp.'!$B$5:$B$444>=F$4)*('Comp.'!$B$5:$B$444<=EOMONTH(F$4,0))*('Comp.'!$E$5:$E$444)) -> 0 | G42: =SUMPRODUCT((Diário!$E$4:$E$5010='Analítico Cp.'!$B42)*(Diário!$C$4:$C$5010>=G$4)*(Diário!$C$4:$C$5010<=EOMONTH(G$4,0))*(Diário!$F$4:$F$5010)) +SUMPRODUCT(('Comp.'!$D$5:$D$444=$B42)*('Comp.'!$B$5:$B$444>=G$4)*('Comp.'!$B$5:$B$444<=EOMONTH(G$4,0))*('Comp.'!$E$5:$E$444)) -> 0 | H42: =SUMPRODUCT((Diário!$E$4:$E$5010='Analítico Cp.'!$B42)*(Diário!$C$4:$C$5010>=H$4)*(Diário!$C$4:$C$5010<=EOMONTH(H$4,0))*(Diário!$F$4:$F$5010)) +SUMPRODUCT(('Comp.'!$D$5:$D$444=$B42)*('Comp.'!$B$5:$B$444>=H$4)*('Comp.'!$B$5:$B$444<=EOMONTH(H$4,0))*('Comp.'!$E$5:$E$444)) -> 0 | I42: =SUMPRODUCT((Diário!$E$4:$E$5010='Analítico Cp.'!$B42)*(Diário!$C$4:$C$5010>=I$4)*(Diário!$C$4:$C$5010<=EOMONTH(I$4,0))*(Diário!$F$4:$F$5010)) +SUMPRODUCT(('Comp.'!$D$5:$D$444=$B42)*('Comp.'!$B$5:$B$444>=I$4)*('Comp.'!$B$5:$B$444<=EOMONTH(I$4,0))*('Comp.'!$E$5:$E$444)) -> 0 | J42: =SUMPRODUCT((Diário!$E$4:$E$5010='Analítico Cp.'!$B42)*(Diário!$C$4:$C$5010>=J$4)*(Diário!$C$4:$C$5010<=EOMONTH(J$4,0))*(Diário!$F$4:$F$5010)) +SUMPRODUCT(('Comp.'!$D$5:$D$444=$B42)*('Comp.'!$B$5:$B$444>=J$4)*('Comp.'!$B$5:$B$444<=EOMONTH(J$4,0))*('Comp.'!$E$5:$E$444)) -> 0 | ... N42: =SUMPRODUCT((Diário!$E$4:$E$5010='Analítico Cp.'!$B42)*(Diário!$C$4:$C$5010>=N$4)*(Diário!$C$4:$C$5010<=EOMONTH(N$4,0))*(Diário!$F$4:$F$5010)) +SUMPRODUCT(('Comp.'!$D$5:$D$444=$B42)*('Comp.'!$B$5:$B$444>=N$4)*('Comp.'!$B$5:$B$444<=EOMONTH(N$4,0))*('Comp.'!$E$5:$E$444)) -> 2027.89 | O42: =SUM(C42:N42) -> 2027.89 | P42: =IF($O$135=0,0,O42/$O$135) -> 0.0010878811
B43: Subtotal Encargos Trabalhistas: | C43: =SUBTOTAL(109,C32:C42) -> 0 | D43: =SUBTOTAL(109,D32:D42) -> 0 | E43: =SUBTOTAL(109,E32:E42) -> 11890.438 | F43: =SUBTOTAL(109,F32:F42) -> 19168.33 | G43: =SUBTOTAL(109,G32:G42) -> 20631.29 | H43: =SUBTOTAL(109,H32:H42) -> 17771.06 | I43: =SUBTOTAL(109,I32:I42) -> 24966.8 | J43: =SUBTOTAL(109,J32:J42) -> 27317.27 | ... O43: =SUBTOTAL(109,O32:O42) -> 237935.75 | P43: =IF($O$135=0,0,O43/$O$135) -> 0.12764293
A44: 2.1.4 | B44: Benefícios
A45: 2.1.4.1 | B45: Vale Transporte | C45: =SUMPRODUCT((Diário!$E$4:$E$5010='Analítico Cp.'!$B45)*(Diário!$C$4:$C$5010>=C$4)*(Diário!$C$4:$C$5010<=EOMONTH(C$4,0))*(Diário!$F$4:$F$5010)) +SUMPRODUCT(('Comp.'!$D$5:$D$444=$B45)*('Comp.'!$B$5:$B$444>=C$4)*('Comp.'!$B$5:$B$444<=EOMONTH(C$4,0))*('Comp.'!$E$5:$E$444)) -> 0 | D45: =SUMPRODUCT((Diário!$E$4:$E$5010='Analítico Cp.'!$B45)*(Diário!$C$4:$C$5010>=D$4)*(Diário!$C$4:$C$5010<=EOMONTH(D$4,0))*(Diário!$F$4:$F$5010)) +SUMPRODUCT(('Comp.'!$D$5:$D$444=$B45)*('Comp.'!$B$5:$B$444>=D$4)*('Comp.'!$B$5:$B$444<=EOMONTH(D$4,0))*('Comp.'!$E$5:$E$444)) -> 0 | E45: =SUMPRODUCT((Diário!$E$4:$E$5010='Analítico Cp.'!$B45)*(Diário!$C$4:$C$5010>=E$4)*(Diário!$C$4:$C$5010<=EOMONTH(E$4,0))*(Diário!$F$4:$F$5010)) +SUMPRODUCT(('Comp.'!$D$5:$D$444=$B45)*('Comp.'!$B$5:$B$444>=E$4)*('Comp.'!$B$5:$B$444<=EOMONTH(E$4,0))*('Comp.'!$E$5:$E$444)) -> 0 | F45: =SUMPRODUCT((Diário!$E$4:$E$5010='Analítico Cp.'!$B45)*(Diário!$C$4:$C$5010>=F$4)*(Diário!$C$4:$C$5010<=EOMONTH(F$4,0))*(Diário!$F$4:$F$5010)) +SUMPRODUCT(('Comp.'!$D$5:$D$444=$B45)*('Comp.'!$B$5:$B$444>=F$4)*('Comp.'!$B$5:$B$444<=EOMONTH(F$4,0))*('Comp.'!$E$5:$E$444)) -> 7548.13 | G45: =SUMPRODUCT((Diário!$E$4:$E$5010='Analítico Cp.'!$B45)*(Diário!$C$4:$C$5010>=G$4)*(Diário!$C$4:$C$5010<=EOMONTH(G$4,0))*(Diário!$F$4:$F$5010)) +SUMPRODUCT(('Comp.'!$D$5:$D$444=$B45)*('Comp.'!$B$5:$B$444>=G$4)*('Comp.'!$B$5:$B$444<=EOMONTH(G$4,0))*('Comp.'!$E$5:$E$444)) -> 1069.4 | H45: =SUMPRODUCT((Diário!$E$4:$E$5010='Analítico Cp.'!$B45)*(Diário!$C$4:$C$5010>=H$4)*(Diário!$C$4:$C$5010<=EOMONTH(H$4,0))*(Diário!$F$4:$F$5010)) +SUMPRODUCT(('Comp.'!$D$5:$D$444=$B45)*('Comp.'!$B$5:$B$444>=H$4)*('Comp.'!$B$5:$B$444<=EOMONTH(H$4,0))*('Comp.'!$E$5:$E$444)) -> 3131.79 | I45: =SUMPRODUCT((Diário!$E$4:$E$5010='Analítico Cp.'!$B45)*(Diário!$C$4:$C$5010>=I$4)*(Diário!$C$4:$C$5010<=EOMONTH(I$4,0))*(Diário!$F$4:$F$5010)) +SUMPRODUCT(('Comp.'!$D$5:$D$444=$B45)*('Comp.'!$B$5:$B$444>=I$4)*('Comp.'!$B$5:$B$444<=EOMONTH(I$4,0))*('Comp.'!$E$5:$E$444)) -> 3083.11 | J45: =SUMPRODUCT((Diário!$E$4:$E$5010='Analítico Cp.'!$B45)*(Diário!$C$4:$C$5010>=J$4)*(Diário!$C$4:$C$5010<=EOMONTH(J$4,0))*(Diário!$F$4:$F$5010)) +SUMPRODUCT(('Comp.'!$D$5:$D$444=$B45)*('Comp.'!$B$5:$B$444>=J$4)*('Comp.'!$B$5:$B$444<=EOMONTH(J$4,0))*('Comp.'!$E$5:$E$444)) -> 1805.78 | ... N45: =SUMPRODUCT((Diário!$E$4:$E$5010='Analítico Cp.'!$B45)*(Diário!$C$4:$C$5010>=N$4)*(Diário!$C$4:$C$5010<=EOMONTH(N$4,0))*(Diário!$F$4:$F$5010)) +SUMPRODUCT(('Comp.'!$D$5:$D$444=$B45)*('Comp.'!$B$5:$B$444>=N$4)*('Comp.'!$B$5:$B$444<=EOMONTH(N$4,0))*('Comp.'!$E$5:$E$444)) -> 1685.65 | O45: =SUM(C45:N45) -> 25186.88 | P45: =IF($O$135=0,0,O45/$O$135) -> 0.013511745
A46: 2.1.4.2 | B46: Vale Alimentação | C46: =SUMPRODUCT((Diário!$E$4:$E$5010='Analítico Cp.'!$B46)*(Diário!$C$4:$C$5010>=C$4)*(Diário!$C$4:$C$5010<=EOMONTH(C$4,0))*(Diário!$F$4:$F$5010)) +SUMPRODUCT(('Comp.'!$D$5:$D$444=$B46)*('Comp.'!$B$5:$B$444>=C$4)*('Comp.'!$B$5:$B$444<=EOMONTH(C$4,0))*('Comp.'!$E$5:$E$444)) -> 0 | D46: =SUMPRODUCT((Diário!$E$4:$E$5010='Analítico Cp.'!$B46)*(Diário!$C$4:$C$5010>=D$4)*(Diário!$C$4:$C$5010<=EOMONTH(D$4,0))*(Diário!$F$4:$F$5010)) +SUMPRODUCT(('Comp.'!$D$5:$D$444=$B46)*('Comp.'!$B$5:$B$444>=D$4)*('Comp.'!$B$5:$B$444<=EOMONTH(D$4,0))*('Comp.'!$E$5:$E$444)) -> 0 | E46: =SUMPRODUCT((Diário!$E$4:$E$5010='Analítico Cp.'!$B46)*(Diário!$C$4:$C$5010>=E$4)*(Diário!$C$4:$C$5010<=EOMONTH(E$4,0))*(Diário!$F$4:$F$5010)) +SUMPRODUCT(('Comp.'!$D$5:$D$444=$B46)*('Comp.'!$B$5:$B$444>=E$4)*('Comp.'!$B$5:$B$444<=EOMONTH(E$4,0))*('Comp.'!$E$5:$E$444)) -> 0 | F46: =SUMPRODUCT((Diário!$E$4:$E$5010='Analítico Cp.'!$B46)*(Diário!$C$4:$C$5010>=F$4)*(Diário!$C$4:$C$5010<=EOMONTH(F$4,0))*(Diário!$F$4:$F$5010)) +SUMPRODUCT(('Comp.'!$D$5:$D$444=$B46)*('Comp.'!$B$5:$B$444>=F$4)*('Comp.'!$B$5:$B$444<=EOMONTH(F$4,0))*('Comp.'!$E$5:$E$444)) -> 0 | G46: =SUMPRODUCT((Diário!$E$4:$E$5010='Analítico Cp.'!$B46)*(Diário!$C$4:$C$5010>=G$4)*(Diário!$C$4:$C$5010<=EOMONTH(G$4,0))*(Diário!$F$4:$F$5010)) +SUMPRODUCT(('Comp.'!$D$5:$D$444=$B46)*('Comp.'!$B$5:$B$444>=G$4)*('Comp.'!$B$5:$B$444<=EOMONTH(G$4,0))*('Comp.'!$E$5:$E$444)) -> 0 | H46: =SUMPRODUCT((Diário!$E$4:$E$5010='Analítico Cp.'!$B46)*(Diário!$C$4:$C$5010>=H$4)*(Diário!$C$4:$C$5010<=EOMONTH(H$4,0))*(Diário!$F$4:$F$5010)) +SUMPRODUCT(('Comp.'!$D$5:$D$444=$B46)*('Comp.'!$B$5:$B$444>=H$4)*('Comp.'!$B$5:$B$444<=EOMONTH(H$4,0))*('Comp.'!$E$5:$E$444)) -> 0 | I46: =SUMPRODUCT((Diário!$E$4:$E$5010='Analítico Cp.'!$B46)*(Diário!$C$4:$C$5010>=I$4)*(Diário!$C$4:$C$5010<=EOMONTH(I$4,0))*(Diário!$F$4:$F$5010)) +SUMPRODUCT(('Comp.'!$D$5:$D$444=$B46)*('Comp.'!$B$5:$B$444>=I$4)*('Comp.'!$B$5:$B$444<=EOMONTH(I$4,0))*('Comp.'!$E$5:$E$444)) -> 0 | J46: =SUMPRODUCT((Diário!$E$4:$E$5010='Analítico Cp.'!$B46)*(Diário!$C$4:$C$5010>=J$4)*(Diário!$C$4:$C$5010<=EOMONTH(J$4,0))*(Diário!$F$4:$F$5010)) +SUMPRODUCT(('Comp.'!$D$5:$D$444=$B46)*('Comp.'!$B$5:$B$444>=J$4)*('Comp.'!$B$5:$B$444<=EOMONTH(J$4,0))*('Comp.'!$E$5:$E$444)) -> 920 | ... N46: =SUMPRODUCT((Diário!$E$4:$E$5010='Analítico Cp.'!$B46)*(Diário!$C$4:$C$5010>=N$4)*(Diário!$C$4:$C$5010<=EOMONTH(N$4,0))*(Diário!$F$4:$F$5010)) +SUMPRODUCT(('Comp.'!$D$5:$D$444=$B46)*('Comp.'!$B$5:$B$444>=N$4)*('Comp.'!$B$5:$B$444<=EOMONTH(N$4,0))*('Comp.'!$E$5:$E$444)) -> 0 | O46: =SUM(C46:N46) -> 1840 | P46: =IF($O$135=0,0,O46/$O$135) -> 0.00098708573
A47: 2.1.4.3 | B47: Plano de Saúde | C47: =SUMPRODUCT((Diário!$E$4:$E$5010='Analítico Cp.'!$B47)*(Diário!$C$4:$C$5010>=C$4)*(Diário!$C$4:$C$5010<=EOMONTH(C$4,0))*(Diário!$F$4:$F$5010)) +SUMPRODUCT(('Comp.'!$D$5:$D$444=$B47)*('Comp.'!$B$5:$B$444>=C$4)*('Comp.'!$B$5:$B$444<=EOMONTH(C$4,0))*('Comp.'!$E$5:$E$444)) -> 0 | D47: =SUMPRODUCT((Diário!$E$4:$E$5010='Analítico Cp.'!$B47)*(Diário!$C$4:$C$5010>=D$4)*(Diário!$C$4:$C$5010<=EOMONTH(D$4,0))*(Diário!$F$4:$F$5010)) +SUMPRODUCT(('Comp.'!$D$5:$D$444=$B47)*('Comp.'!$B$5:$B$444>=D$4)*('Comp.'!$B$5:$B$444<=EOMONTH(D$4,0))*('Comp.'!$E$5:$E$444)) -> 0 | E47: =SUMPRODUCT((Diário!$E$4:$E$5010='Analítico Cp.'!$B47)*(Diário!$C$4:$C$5010>=E$4)*(Diário!$C$4:$C$5010<=EOMONTH(E$4,0))*(Diário!$F$4:$F$5010)) +SUMPRODUCT(('Comp.'!$D$5:$D$444=$B47)*('Comp.'!$B$5:$B$444>=E$4)*('Comp.'!$B$5:$B$444<=EOMONTH(E$4,0))*('Comp.'!$E$5:$E$444)) -> 0 | F47: =SUMPRODUCT((Diário!$E$4:$E$5010='Analítico Cp.'!$B47)*(Diário!$C$4:$C$5010>=F$4)*(Diário!$C$4:$C$5010<=EOMONTH(F$4,0))*(Diário!$F$4:$F$5010)) +SUMPRODUCT(('Comp.'!$D$5:$D$444=$B47)*('Comp.'!$B$5:$B$444>=F$4)*('Comp.'!$B$5:$B$444<=EOMONTH(F$4,0))*('Comp.'!$E$5:$E$444)) -> 79.95 | G47: =SUMPRODUCT((Diário!$E$4:$E$5010='Analítico Cp.'!$B47)*(Diário!$C$4:$C$5010>=G$4)*(Diário!$C$4:$C$5010<=EOMONTH(G$4,0))*(Diário!$F$4:$F$5010)) +SUMPRODUCT(('Comp.'!$D$5:$D$444=$B47)*('Comp.'!$B$5:$B$444>=G$4)*('Comp.'!$B$5:$B$444<=EOMONTH(G$4,0))*('Comp.'!$E$5:$E$444)) -> 1158.23 | H47: =SUMPRODUCT((Diário!$E$4:$E$5010='Analítico Cp.'!$B47)*(Diário!$C$4:$C$5010>=H$4)*(Diário!$C$4:$C$5010<=EOMONTH(H$4,0))*(Diário!$F$4:$F$5010)) +SUMPRODUCT(('Comp.'!$D$5:$D$444=$B47)*('Comp.'!$B$5:$B$444>=H$4)*('Comp.'!$B$5:$B$444<=EOMONTH(H$4,0))*('Comp.'!$E$5:$E$444)) -> 1446.32 | I47: =SUMPRODUCT((Diário!$E$4:$E$5010='Analítico Cp.'!$B47)*(Diário!$C$4:$C$5010>=I$4)*(Diário!$C$4:$C$5010<=EOMONTH(I$4,0))*(Diário!$F$4:$F$5010)) +SUMPRODUCT(('Comp.'!$D$5:$D$444=$B47)*('Comp.'!$B$5:$B$444>=I$4)*('Comp.'!$B$5:$B$444<=EOMONTH(I$4,0))*('Comp.'!$E$5:$E$444)) -> 1558.54 | J47: =SUMPRODUCT((Diário!$E$4:$E$5010='Analítico Cp.'!$B47)*(Diário!$C$4:$C$5010>=J$4)*(Diário!$C$4:$C$5010<=EOMONTH(J$4,0))*(Diário!$F$4:$F$5010)) +SUMPRODUCT(('Comp.'!$D$5:$D$444=$B47)*('Comp.'!$B$5:$B$444>=J$4)*('Comp.'!$B$5:$B$444<=EOMONTH(J$4,0))*('Comp.'!$E$5:$E$444)) -> 1417 | ... N47: =SUMPRODUCT((Diário!$E$4:$E$5010='Analítico Cp.'!$B47)*(Diário!$C$4:$C$5010>=N$4)*(Diário!$C$4:$C$5010<=EOMONTH(N$4,0))*(Diário!$F$4:$F$5010)) +SUMPRODUCT(('Comp.'!$D$5:$D$444=$B47)*('Comp.'!$B$5:$B$444>=N$4)*('Comp.'!$B$5:$B$444<=EOMONTH(N$4,0))*('Comp.'!$E$5:$E$444)) -> 1417 | O47: =SUM(C47:N47) -> 11465.88 | P47: =IF($O$135=0,0,O47/$O$135) -> 0.0061509818
A48: 2.1.4.4 | B48: Seguro de Vida | C48: =SUMPRODUCT((Diário!$E$4:$E$5010='Analítico Cp.'!$B48)*(Diário!$C$4:$C$5010>=C$4)*(Diário!$C$4:$C$5010<=EOMONTH(C$4,0))*(Diário!$F$4:$F$5010)) +SUMPRODUCT(('Comp.'!$D$5:$D$444=$B48)*('Comp.'!$B$5:$B$444>=C$4)*('Comp.'!$B$5:$B$444<=EOMONTH(C$4,0))*('Comp.'!$E$5:$E$444)) -> 0 | D48: =SUMPRODUCT((Diário!$E$4:$E$5010='Analítico Cp.'!$B48)*(Diário!$C$4:$C$5010>=D$4)*(Diário!$C$4:$C$5010<=EOMONTH(D$4,0))*(Diário!$F$4:$F$5010)) +SUMPRODUCT(('Comp.'!$D$5:$D$444=$B48)*('Comp.'!$B$5:$B$444>=D$4)*('Comp.'!$B$5:$B$444<=EOMONTH(D$4,0))*('Comp.'!$E$5:$E$444)) -> 0 | E48: =SUMPRODUCT((Diário!$E$4:$E$5010='Analítico Cp.'!$B48)*(Diário!$C$4:$C$5010>=E$4)*(Diário!$C$4:$C$5010<=EOMONTH(E$4,0))*(Diário!$F$4:$F$5010)) +SUMPRODUCT(('Comp.'!$D$5:$D$444=$B48)*('Comp.'!$B$5:$B$444>=E$4)*('Comp.'!$B$5:$B$444<=EOMONTH(E$4,0))*('Comp.'!$E$5:$E$444)) -> 0 | F48: =SUMPRODUCT((Diário!$E$4:$E$5010='Analítico Cp.'!$B48)*(Diário!$C$4:$C$5010>=F$4)*(Diário!$C$4:$C$5010<=EOMONTH(F$4,0))*(Diário!$F$4:$F$5010)) +SUMPRODUCT(('Comp.'!$D$5:$D$444=$B48)*('Comp.'!$B$5:$B$444>=F$4)*('Comp.'!$B$5:$B$444<=EOMONTH(F$4,0))*('Comp.'!$E$5:$E$444)) -> 0 | G48: =SUMPRODUCT((Diário!$E$4:$E$5010='Analítico Cp.'!$B48)*(Diário!$C$4:$C$5010>=G$4)*(Diário!$C$4:$C$5010<=EOMONTH(G$4,0))*(Diário!$F$4:$F$5010)) +SUMPRODUCT(('Comp.'!$D$5:$D$444=$B48)*('Comp.'!$B$5:$B$444>=G$4)*('Comp.'!$B$5:$B$444<=EOMONTH(G$4,0))*('Comp.'!$E$5:$E$444)) -> 0 | H48: =SUMPRODUCT((Diário!$E$4:$E$5010='Analítico Cp.'!$B48)*(Diário!$C$4:$C$5010>=H$4)*(Diário!$C$4:$C$5010<=EOMONTH(H$4,0))*(Diário!$F$4:$F$5010)) +SUMPRODUCT(('Comp.'!$D$5:$D$444=$B48)*('Comp.'!$B$5:$B$444>=H$4)*('Comp.'!$B$5:$B$444<=EOMONTH(H$4,0))*('Comp.'!$E$5:$E$444)) -> 278.72 | I48: =SUMPRODUCT((Diário!$E$4:$E$5010='Analítico Cp.'!$B48)*(Diário!$C$4:$C$5010>=I$4)*(Diário!$C$4:$C$5010<=EOMONTH(I$4,0))*(Diário!$F$4:$F$5010)) +SUMPRODUCT(('Comp.'!$D$5:$D$444=$B48)*('Comp.'!$B$5:$B$444>=I$4)*('Comp.'!$B$5:$B$444<=EOMONTH(I$4,0))*('Comp.'!$E$5:$E$444)) -> 289.44 | J48: =SUMPRODUCT((Diário!$E$4:$E$5010='Analítico Cp.'!$B48)*(Diário!$C$4:$C$5010>=J$4)*(Diário!$C$4:$C$5010<=EOMONTH(J$4,0))*(Diário!$F$4:$F$5010)) +SUMPRODUCT(('Comp.'!$D$5:$D$444=$B48)*('Comp.'!$B$5:$B$444>=J$4)*('Comp.'!$B$5:$B$444<=EOMONTH(J$4,0))*('Comp.'!$E$5:$E$444)) -> 289.44 | ... N48: =SUMPRODUCT((Diário!$E$4:$E$5010='Analítico Cp.'!$B48)*(Diário!$C$4:$C$5010>=N$4)*(Diário!$C$4:$C$5010<=EOMONTH(N$4,0))*(Diário!$F$4:$F$5010)) +SUMPRODUCT(('Comp.'!$D$5:$D$444=$B48)*('Comp.'!$B$5:$B$444>=N$4)*('Comp.'!$B$5:$B$444<=EOMONTH(N$4,0))*('Comp.'!$E$5:$E$444)) -> 0 | O48: =SUM(C48:N48) -> 1679.72 | P48: =IF($O$135=0,0,O48/$O$135) -> 0.00090110198
A49: 2.1.4.5 | B49: Plano Odontológico | C49: =SUMPRODUCT((Diário!$E$4:$E$5010='Analítico Cp.'!$B49)*(Diário!$C$4:$C$5010>=C$4)*(Diário!$C$4:$C$5010<=EOMONTH(C$4,0))*(Diário!$F$4:$F$5010)) +SUMPRODUCT(('Comp.'!$D$5:$D$444=$B49)*('Comp.'!$B$5:$B$444>=C$4)*('Comp.'!$B$5:$B$444<=EOMONTH(C$4,0))*('Comp.'!$E$5:$E$444)) -> 0 | D49: =SUMPRODUCT((Diário!$E$4:$E$5010='Analítico Cp.'!$B49)*(Diário!$C$4:$C$5010>=D$4)*(Diário!$C$4:$C$5010<=EOMONTH(D$4,0))*(Diário!$F$4:$F$5010)) +SUMPRODUCT(('Comp.'!$D$5:$D$444=$B49)*('Comp.'!$B$5:$B$444>=D$4)*('Comp.'!$B$5:$B$444<=EOMONTH(D$4,0))*('Comp.'!$E$5:$E$444)) -> 0 | E49: =SUMPRODUCT((Diário!$E$4:$E$5010='Analítico Cp.'!$B49)*(Diário!$C$4:$C$5010>=E$4)*(Diário!$C$4:$C$5010<=EOMONTH(E$4,0))*(Diário!$F$4:$F$5010)) +SUMPRODUCT(('Comp.'!$D$5:$D$444=$B49)*('Comp.'!$B$5:$B$444>=E$4)*('Comp.'!$B$5:$B$444<=EOMONTH(E$4,0))*('Comp.'!$E$5:$E$444)) -> 0 | F49: =SUMPRODUCT((Diário!$E$4:$E$5010='Analítico Cp.'!$B49)*(Diário!$C$4:$C$5010>=F$4)*(Diário!$C$4:$C$5010<=EOMONTH(F$4,0))*(Diário!$F$4:$F$5010)) +SUMPRODUCT(('Comp.'!$D$5:$D$444=$B49)*('Comp.'!$B$5:$B$444>=F$4)*('Comp.'!$B$5:$B$444<=EOMONTH(F$4,0))*('Comp.'!$E$5:$E$444)) -> 0 | G49: =SUMPRODUCT((Diário!$E$4:$E$5010='Analítico Cp.'!$B49)*(Diário!$C$4:$C$5010>=G$4)*(Diário!$C$4:$C$5010<=EOMONTH(G$4,0))*(Diário!$F$4:$F$5010)) +SUMPRODUCT(('Comp.'!$D$5:$D$444=$B49)*('Comp.'!$B$5:$B$444>=G$4)*('Comp.'!$B$5:$B$444<=EOMONTH(G$4,0))*('Comp.'!$E$5:$E$444)) -> 0 | H49: =SUMPRODUCT((Diário!$E$4:$E$5010='Analítico Cp.'!$B49)*(Diário!$C$4:$C$5010>=H$4)*(Diário!$C$4:$C$5010<=EOMONTH(H$4,0))*(Diário!$F$4:$F$5010)) +SUMPRODUCT(('Comp.'!$D$5:$D$444=$B49)*('Comp.'!$B$5:$B$444>=H$4)*('Comp.'!$B$5:$B$444<=EOMONTH(H$4,0))*('Comp.'!$E$5:$E$444)) -> 474.69 | I49: =SUMPRODUCT((Diário!$E$4:$E$5010='Analítico Cp.'!$B49)*(Diário!$C$4:$C$5010>=I$4)*(Diário!$C$4:$C$5010<=EOMONTH(I$4,0))*(Diário!$F$4:$F$5010)) +SUMPRODUCT(('Comp.'!$D$5:$D$444=$B49)*('Comp.'!$B$5:$B$444>=I$4)*('Comp.'!$B$5:$B$444<=EOMONTH(I$4,0))*('Comp.'!$E$5:$E$444)) -> 0 | J49: =SUMPRODUCT((Diário!$E$4:$E$5010='Analítico Cp.'!$B49)*(Diário!$C$4:$C$5010>=J$4)*(Diário!$C$4:$C$5010<=EOMONTH(J$4,0))*(Diário!$F$4:$F$5010)) +SUMPRODUCT(('Comp.'!$D$5:$D$444=$B49)*('Comp.'!$B$5:$B$444>=J$4)*('Comp.'!$B$5:$B$444<=EOMONTH(J$4,0))*('Comp.'!$E$5:$E$444)) -> 0 | ... N49: =SUMPRODUCT((Diário!$E$4:$E$5010='Analítico Cp.'!$B49)*(Diário!$C$4:$C$5010>=N$4)*(Diário!$C$4:$C$5010<=EOMONTH(N$4,0))*(Diário!$F$4:$F$5010)) +SUMPRODUCT(('Comp.'!$D$5:$D$444=$B49)*('Comp.'!$B$5:$B$444>=N$4)*('Comp.'!$B$5:$B$444<=EOMONTH(N$4,0))*('Comp.'!$E$5:$E$444)) -> 300 | O49: =SUM(C49:N49) -> 1682.19 | P49: =IF($O$135=0,0,O49/$O$135) -> 0.00090242704
